Workbook
Name \A: #REF!
Name \A: #REF!
Name \C: [1]Indices!#REF!
Name \C: [1]Indices!#REF!
Name \D: #REF!
Name \D: #REF!
Name _dtf1: #REF!
Name _dtf1: #REF!
Name _F: #REF!
Name _F: #REF!
Name _IMP1013: #REF!
Name _IMP1013: #REF!
Name _imp111: #REF!
Name _imp111: #REF!
Name _imp1110: #REF!
Name _imp1110: #REF!
Name _IMP1111: #REF!
Name _IMP1111: #REF!
Name _IMP1112: #REF!
Name _IMP1112: #REF!
Name _IMP1113: #REF!
Name _IMP1113: #REF!
Name _IMP1114: #REF!
Name _IMP1114: #REF!
Name _IMP1115: #REF!
Name _IMP1115: #REF!
Name _IMP1116: #REF!
Name _IMP1116: #REF!
Name _imp112: #REF!
Name _imp112: #REF!
Name _imp113: #REF!
Name _imp113: #REF!
Name _IMP1132: #REF!
Name _IMP1132: #REF!
Name _IMP1133: #REF!
Name _IMP1133: #REF!
Name _imp114: #REF!
Name _imp114: #REF!
Name _IMP115: #REF!
Name _IMP115: #REF!
Name _IMP116: #REF!
Name _IMP116: #REF!
Name _imp117: #REF!
Name _imp117: #REF!
Name _imp118: #REF!
Name _imp118: #REF!
Name _imp119: #REF!
Name _imp119: #REF!
Name _imp84: #REF!
Name _imp84: #REF!
Name _R: [1]Indices!#REF!
Name _RAN1: [1]Indices!#REF!
Name _SOR1: #REF!
Name _SOR1: #REF!
Name _SOR2: #REF!
Name _SOR2: #REF!
Name _U92016: #REF!
Name _U92016: #REF!
Name _U92017: #REF!
Name _U92017: #REF!

Sheet Supuestos
B2: Promedio DTF 01.01.00-20.04.23 Efectiva | C2: 0.0654
B3: Promedio DTF 01.01.00-20.04.23 Nominal Anual | C3: 0.0635
B4: 4*1000 | C4: =4/1000 -> 0.004
B5: Comisión pago TC | C5: =E31 -> 0.0195125
B6: Comisiones Bancarias | C6: 0.0002
B8: RENTA
B9: AÑO | C9: TASA
B10: 2023-2033 | C10: 0.35
C12: 2013 | D12: 2014 | E12: 2015 | F12: 2016 | G12: 2017 | H12: 2018 | I12: 2019 | J12: 2020 | K12: 2021 | L12: 2022 | M12: 2023 | N12: 2024 | O12: 2025 | P12: 2026 | Q12: 2027 | R12: 2028 | S12: 2029 | T12: 2030 | U12: 2031 | V12: 2032 | W12: 2033 | X12: PROMEDIO 2013-2033 | Y12: PROMEDIO 2013-2022 | Z12: PROMEDIO 2020-2022
B13: IPC | C13: 0.0194 | D13: 0.0366 | E13: 0.0677 | F13: 0.0575 | G13: 0.0409 | H13: 0.0318 | I13: 0.038 | J13: 0.0161 | K13: 0.0562 | L13: 0.1312 | M13: 0.105 | N13: 0.085 | O13: 0.075 | P13: 0.065 | Q13: 0.05 | R13: 0.04 | S13: 0.04 | T13: 0.04 | U13: 0.04 | V13: 0.04 | W13: 0.04 | X13: =AVERAGE(C13:W13) -> 0.053114286 | Y13: =AVERAGE(C13:L13) -> 0.04954 | Z13: =AVERAGE(J13:L13) -> 0.067833333
B14: Aumento Salario Mínimo | C14: 0.0402 | D14: 0.045 | E14: 0.046 | F14: 0.07 | G14: 0.07 | H14: 0.059 | I14: 0.06 | J14: 0.035 | K14: 0.1007 | L14: 0.16 | M14: 0.115 | N14: 0.105 | O14: 0.08 | P14: 0.07 | Q14: 0.06 | R14: 0.05 | S14: 0.05 | T14: 0.05 | U14: 0.05 | V14: 0.05 | W14: 0.05 | X14: =AVERAGE(C14:W14) -> 0.06742381 | Y14: =AVERAGE(C14:L14) -> 0.06859 | Z14: =AVERAGE(J14:L14) -> 0.098566667
B15: Crecimiento PIB | C15: 0.049 | D15: 0.044 | E15: 0.031 | F15: 0.02 | G15: 0.018 | H15: 0.027 | I15: 0.033 | J15: -0.068 | K15: 0.106 | L15: 0.075 | M15: 0.01 | N15: 0.015 | O15: 0.03 | P15: 0.03 | Q15: 0.03 | R15: 0.03 | S15: 0.03 | T15: 0.03 | U15: 0.03 | V15: 0.03 | W15: 0.03 | X15: =AVERAGE(C15:W15) -> 0.03 | Y15: =AVERAGE(C15:L15) -> 0.0335 | Z15: =AVERAGE(J15:L15) -> 0.037666667
B16: DTF Nonimal Anual | C16: 0.0416 | D16: 0.0399 | E16: 0.0446 | F16: 0.0654 | G16: 0.0585 | H16: 0.0462 | I16: 0.044 | J16: 0.0336 | K16: 0.0203 | L16: 0.1291 | M16: 0.12 | N16: 0.09 | O16: 0.08 | P16: 0.07 | Q16: 0.06 | R16: 0.05 | S16: 0.04 | T16: 0.036 | U16: 0.036 | V16: 0.036 | W16: 0.036 | X16: =AVERAGE(C16:W16) -> 0.056057143 | Y16: =AVERAGE(C16:L16) -> 0.05232 | Z16: =AVERAGE(J16:L16) -> 0.061
C19: 2017 | D19: 2018 | E19: 2019 | F19: 2020 | G19: 2021 | H19: 2022 | I19: 2023 | J19: 2024 | K19: 2025 | L19: 2026 | M19: 2027 | N19: 2028 | O19: 2029 | P19: 2030 | Q19: 2031 | R19: 2032 | S19: 2033
B20: Crecimiento Ventas | D20: ='PyG Resumen Histórico'!H4 -> 1.456662 | E20: ='PyG Resumen Histórico'!I4 -> 0.091893192 | F20: ='PyG Resumen Histórico'!J4 -> -0.47738605 | G20: ='PyG Resumen Histórico'!K4 -> 1.1764494 | H20: ='PyG Resumen Histórico'!L4 -> 0.42238946 | I20: 0.2997 | J20: =N13 -> 0.085 | K20: =O13 -> 0.075 | L20: =P13 -> 0.065 | M20: =Q13 -> 0.05 | N20: =R13 -> 0.04 | O20: =S13 -> 0.04 | P20: =T13 -> 0.04 | Q20: =U13 -> 0.04 | ... S20: =W13 -> 0.04
B21: Costo de Ventas / ventas | C21: ='PyG Resumen Histórico'!B5/'PyG Resumen Histórico'!B4 -> 0.57426237 | D21: ='PyG Resumen Histórico'!C5/'PyG Resumen Histórico'!C4 -> 0.5257541 | E21: ='PyG Resumen Histórico'!D5/'PyG Resumen Histórico'!D4 -> 0.64184705 | F21: ='PyG Resumen Histórico'!E5/'PyG Resumen Histórico'!E4 -> 0.75594277 | G21: ='PyG Resumen Histórico'!F5/'PyG Resumen Histórico'!F4 -> 0.70488825 | H21: ='PyG Resumen Histórico'!G5/'PyG Resumen Histórico'!G4 -> 0.67734297 | I21: 0.671 | J21: 0.641 | K21: 0.671 | L21: =K21 -> 0.671 | M21: =L21 -> 0.671 | N21: =M21 -> 0.671 | O21: 0.661 | P21: =O21 -> 0.661 | Q21: 0.673 | R21: =Q21 -> 0.673 | S21: =R21 -> 0.673
B22: Gasto Personal Operacional / Ventas | C22: ='PyG Resumen Histórico'!B14/'PyG Resumen Histórico'!B4 -> 0.039622244 | D22: ='PyG Resumen Histórico'!C14/'PyG Resumen Histórico'!C4 -> 0.199855 | E22: ='PyG Resumen Histórico'!D14/'PyG Resumen Histórico'!D4 -> 0.14930381 | F22: ='PyG Resumen Histórico'!E14/'PyG Resumen Histórico'!E4 -> 0.18089654 | G22: ='PyG Resumen Histórico'!F14/'PyG Resumen Histórico'!F4 -> 0.14160947 | H22: ='PyG Resumen Histórico'!G14/'PyG Resumen Histórico'!G4 -> 0.19520917 | I22: =AVERAGE(D22:H22)+0.4% -> 0.1773748 | J22: =I22 -> 0.1773748 | K22: =J22 -> 0.1773748 | L22: =AVERAGE(G22:K22) -> 0.17378861 | M22: =AVERAGE(H22:L22) -> 0.18022444 | N22: =AVERAGE(I22:M22) -> 0.17722749 | O22: =AVERAGE(J22:N22) -> 0.17719803 | P22: =AVERAGE(K22:O22) -> 0.17716267 | Q22: =AVERAGE(L22:P22) -> 0.17712025 | R22: =AVERAGE(M22:Q22) -> 0.17778657 | S22: =AVERAGE(N22:R22) -> 0.177299
B23: Honorarios / Ventas | C23: ='PyG Resumen Histórico'!B15/'PyG Resumen Histórico'!B4 -> 0.013178943 | D23: ='PyG Resumen Histórico'!C15/'PyG Resumen Histórico'!C4 -> 0.012057807 | E23: ='PyG Resumen Histórico'!D15/'PyG Resumen Histórico'!D4 -> 0.012569446 | F23: ='PyG Resumen Histórico'!E15/'PyG Resumen Histórico'!E4 -> 0.022098916 | G23: ='PyG Resumen Histórico'!F15/'PyG Resumen Histórico'!F4 -> 0.011351397 | H23: ='PyG Resumen Histórico'!G15/'PyG Resumen Histórico'!G4 -> 0.010559687 | I23: =AVERAGE(D23:H23) -> 0.013727451 | J23: =AVERAGE(E23:I23) -> 0.014061379 | K23: =AVERAGE(F23:J23) -> 0.014359766 | L23: =AVERAGE(G23:K23) -> 0.012811936 | M23: =AVERAGE(H23:L23) -> 0.013104044 | N23: =AVERAGE(I23:M23) -> 0.013612915 | O23: =AVERAGE(J23:N23) -> 0.013590008 | P23: =AVERAGE(K23:O23) -> 0.013495734 | ... S23: =AVERAGE(N23:R23) -> 0.013489342
B24: Otros / Ventas | C24: ='PyG Resumen Histórico'!B16/'PyG Resumen Histórico'!B4 -> 0.29259249 | D24: ='PyG Resumen Histórico'!C16/'PyG Resumen Histórico'!C4 -> 0.17153505 | E24: ='PyG Resumen Histórico'!D16/'PyG Resumen Histórico'!D4 -> 0.11365997 | F24: ='PyG Resumen Histórico'!E16/'PyG Resumen Histórico'!E4 -> 0.084672238 | G24: ='PyG Resumen Histórico'!F16/'PyG Resumen Histórico'!F4 -> 0.055054829 | H24: ='PyG Resumen Histórico'!G16/'PyG Resumen Histórico'!G4 -> 0.055287624 | I24: =AVERAGE(D24:H24)+0.1% -> 0.097041943 | J24: =I24 -> 0.097041943 | K24: =J24 -> 0.097041943 | L24: =K24 -> 0.097041943 | M24: =L24 -> 0.097041943 | N24: =M24 -> 0.097041943 | O24: =N24 -> 0.097041943 | P24: =O24 -> 0.097041943 | Q24: =P24 -> 0.097041943 | ... S24: =R24 -> 0.097041943
B27: Puntos de Venta | C27: Promedio Pond | D27: Comisión Tarjeta Crédito
B28: 4 | C28: =B28/$B$31 -> 0.5 | D28: 0.0159 | E28: =C28*D28 -> 0.00795
B29: 1 | C29: =B29/$B$31 -> 0.125 | D29: 0.019 | E29: =C29*D29 -> 0.002375
B30: 3 | C30: =B30/$B$31 -> 0.375 | D30: 0.0245 | E30: =C30*D30 -> 0.0091875
B31: =SUM(B28:B30) -> 8 | C31: =SUM(C28:C30) -> 1 | E31: =SUM(E28:E30) -> 0.0195125

Sheet FC 2023-2033
A1: ACUERDO ALIMENTOS BENAL S.A.S
A2: FLUJO DE CAJA SEPTIEMBRE 2023 - AGOSTO 2033
A3: Cifras en $000
B4: 1 | C4: 2 | D4: 3 | E4: 4 | F4: 5 | G4: 6 | H4: 7 | I4: 8 | J4: 9 | K4: 10 | L4: 11 | M4: 12 | N4: 13 | O4: 14 | P4: 15 | Q4: 16 | R4: 17 | S4: 18 | T4: 19 | U4: 20 | V4: 21 | W4: 22 | X4: 23 | Y4: 24 | Z4: 25 | AA4: 26 | AB4: 27 | AC4: 28 | AD4: 29 | AE4: 30 | AF4: 31 | AG4: 32 | AH4: 33 | AI4: 34 | AJ4: 35 | AK4: 36 | AL4: 37 | AM4: 38 | AN4: 39 | AO4: 40 | AP4: 41 | AQ4: 42 | AR4: 43 | AS4: 44 | AT4: 45 | AU4: 46 | AV4: 47 | AW4: 48 | AX4: 49 | AY4: 50 | AZ4: 51 | BA4: 52 | BB4: 53 | BC4: 54 | BD4: 55 | BE4: 56 | BF4: 57 | BG4: 58 | BH4: 59 | BI4: 60 | BJ4: 61 | BK4: 62 | BL4: 63 | BM4: 64 | BN4: 65 | BO4: 66 | BP4: 67 | BQ4: 68 | BR4: 69 | BS4: 70 | BT4: 71 | BU4: 72 | BV4: 73 | BW4: 74 | BX4: 75 | BY4: 76 | BZ4: 77 | CA4: 78 | CB4: 79 | CC4: 80 | CD4: 81 | CE4: 82 | CF4: 83 | CG4: 84 | CH4: 85 | CI4: 86 | CJ4: 87 | CK4: 88 | CL4: 89 | CM4: 90 | CN4: 91 | CO4: 92 | CP4: 93 | CQ4: 94 | CR4: 95 | CS4: 96 | CT4: 97 | CU4: 98 | CV4: 99 | CW4: 100 | CX4: 101 | CY4: 102 | CZ4: 103 | DA4: 104 | DB4: 105 | DC4: 106 | DD4: 107 | DE4: 108 | DF4: 109 | DG4: 110 | DH4: 111 | DI4: 112 | DJ4: 113 | DK4: 114 | DL4: 115 | DM4: 116 | DN4: 117 | DO4: 118 | DP4: 119 | DQ4: 120
B5: 45170 | C5: 45200 | D5: 45231 | E5: 45261 | F5: 45292 | G5: 45323 | H5: 45352 | I5: 45383 | J5: 45413 | K5: 45444 | L5: 45474 | M5: 45505 | N5: 45536 | O5: 45566 | P5: 45597 | Q5: 45627 | R5: 45658 | S5: 45689 | T5: 45717 | U5: 45748 | V5: 45778 | W5: 45809 | X5: 45839 | Y5: 45870 | Z5: 45901 | AA5: 45931 | AB5: 45962 | AC5: 45992 | AD5: 46023 | AE5: 46054 | AF5: 46082 | AG5: 46113 | AH5: 46143 | AI5: 46174 | AJ5: 46204 | AK5: 46235 | AL5: 46266 | AM5: 46296 | AN5: 46327 | AO5: 46357 | AP5: 46388 | AQ5: 46419 | AR5: 46447 | AS5: 46478 | AT5: 46508 | AU5: 46539 | AV5: 46569 | AW5: 46600 | AX5: 46631 | AY5: 46661 | AZ5: 46692 | BA5: 46722 | BB5: 46753 | BC5: 46784 | BD5: 46813 | BE5: 46844 | BF5: 46874 | BG5: 46905 | BH5: 46935 | BI5: 46966 | BJ5: 46997 | BK5: 47027 | BL5: 47058 | BM5: 47088 | BN5: 47119 | BO5: 47150 | BP5: 47178 | BQ5: 47209 | BR5: 47239 | BS5: 47270 | BT5: 47300 | BU5: 47331 | BV5: 47362 | BW5: 47392 | BX5: 47423 | BY5: 47453 | BZ5: 47484 | CA5: 47515 | CB5: 47543 | CC5: 47574 | CD5: 47604 | CE5: 47635 | CF5: 47665 | CG5: 47696 | CH5: 47727 | CI5: 47757 | CJ5: 47788 | CK5: 47818 | CL5: 47849 | CM5: 47880 | CN5: 47908 | CO5: 47939 | CP5: 47969 | CQ5: 48000 | CR5: 48030 | CS5: 48061 | CT5: 48092 | CU5: 48122 | CV5: 48153 | CW5: 48183 | CX5: 48214 | CY5: 48245 | CZ5: 48274 | DA5: 48305 | DB5: 48335 | DC5: 48366 | DD5: 48396 | DE5: 48427 | DF5: 48458 | DG5: 48488 | DH5: 48519 | DI5: 48549 | DJ5: 48580 | DK5: 48611 | DL5: 48639 | DM5: 48670 | DN5: 48700 | DO5: 48731 | DP5: 48761 | DQ5: 48792 | DS5: 2023 (4meses) | DT5: 2024 | DU5: 2025 | DV5: 2026 | DW5: 2027 | DX5: 2028 | DY5: 2029 | DZ5: 2030 | EA5: 2031 | EB5: 2032 | EC5: 2033 (8 meses) | EE5: TOTAL
A6: INGRESOS OPERACIONALES
A7: Ventas | B7: =(2635391388/1000)+227997 -> 2863388.4 | C7: =(2648386612/1000)+237986 -> 2886372.6 | D7: =(2552344431/1000)+234069 -> 2786413.4 | E7: =(3490445764/1000)+328022 -> 3818467.8 | F7: =((2104460264/1000)+260546)*((Supuestos!$N$13)+1) -> 2566031.8 | G7: =((2033230274/1000)+260546)*((Supuestos!$N$13)+1) -> 2488747.3 | H7: =((2729566488/1000)+260546)*((Supuestos!$N$13)+1) -> 3244272 | I7: =((2275846274/1000)+260546)*((Supuestos!$N$13)+1) -> 2751985.6 | J7: =((2768962092/1000)+260546)*((Supuestos!$N$13)+1) -> 3287016.3 | K7: 2849784.4 | L7: 3354500.3 | M7: 3042871 | N7: =B7*((Supuestos!$N$13)+1) -> 3106776.4 | O7: =C7*((Supuestos!$N$13)+1) -> 3131714.3 | P7: =D7*((Supuestos!$N$13)+1) -> 3023258.6 | Q7: =E7*((Supuestos!$N$13)+1) -> 4143037.5 | R7: =F7*((Supuestos!$O$13)+1) -> 2758484.2 | S7: =G7*((Supuestos!$O$13)+1) -> 2675403.3 | T7: =H7*((Supuestos!$O$13)+1) -> 3487592.5 | U7: =I7*((Supuestos!$O$13)+1) -> 2958384.5 | V7: =J7*((Supuestos!$O$13)+1) -> 3533542.5 | W7: =K7*((Supuestos!$O$13)+1) -> 3063518.3 | X7: =L7*((Supuestos!$O$13)+1) -> 3606087.8 | Y7: =M7*((Supuestos!$O$13)+1) -> 3271086.3 | ... AC7: =Q7*((Supuestos!$O$13)+1) -> 4453765.3 | AD7: =R7*((Supuestos!$P$13)+1) -> 2937785.7 | AE7: =S7*((Supuestos!$P$13)+1) -> 2849304.5 | AF7: =T7*((Supuestos!$P$13)+1) -> 3714286 | AG7: =U7*((Supuestos!$P$13)+1) -> 3150679.5 | AH7: =V7*((Supuestos!$P$13)+1) -> 3763222.8 | AI7: =W7*((Supuestos!$P$13)+1) -> 3262646.9 | AJ7: =X7*((Supuestos!$P$13)+1) -> 3840483.5 | AK7: =Y7*((Supuestos!$P$13)+1) -> 3483706.9 | ... AO7: =AC7*((Supuestos!$P$13)+1) -> 4743260.1 | AP7: =AD7*((Supuestos!$Q$13)+1) -> 3084674.9 | AQ7: =AE7*((Supuestos!$Q$13)+1) -> 2991769.7 | AR7: =AF7*((Supuestos!$Q$13)+1) -> 3900000.3 | AS7: =AG7*((Supuestos!$Q$13)+1) -> 3308213.5 | AT7: =AH7*((Supuestos!$Q$13)+1) -> 3951383.9 | AU7: =AI7*((Supuestos!$Q$13)+1) -> 3425779.3 | AV7: =AJ7*((Supuestos!$Q$13)+1) -> 4032507.7 | AW7: =AK7*((Supuestos!$Q$13)+1) -> 3657892.3 | ... BA7: =AO7*((Supuestos!$Q$13)+1) -> 4980423.1 | BB7: =AP7*((Supuestos!$R$13)+1) -> 3208061.9 | BC7: =AQ7*((Supuestos!$R$13)+1) -> 3111440.5 | BD7: =AR7*((Supuestos!$R$13)+1) -> 4056000.3 | BE7: =AS7*((Supuestos!$R$13)+1) -> 3440542.1 | BF7: =AT7*((Supuestos!$R$13)+1) -> 4109439.3 | BG7: =AU7*((Supuestos!$R$13)+1) -> 3562810.5 | BH7: =AV7*((Supuestos!$R$13)+1) -> 4193808 | BI7: =AW7*((Supuestos!$R$13)+1) -> 3804208 | ... BM7: =BA7*((Supuestos!$R$13)+1) -> 5179640 | BN7: =BB7*((Supuestos!$S$13)+1) -> 3336384.4 | BO7: =BC7*((Supuestos!$S$13)+1) -> 3235898.2 | BP7: =BD7*((Supuestos!$S$13)+1) -> 4218240.3 | BQ7: =BE7*((Supuestos!$S$13)+1) -> 3578163.7 | BR7: =BF7*((Supuestos!$S$13)+1) -> 4273816.8 | BS7: =BG7*((Supuestos!$S$13)+1) -> 3705322.9 | BT7: =BH7*((Supuestos!$S$13)+1) -> 4361560.3 | BU7: =BI7*((Supuestos!$S$13)+1) -> 3956376.3 | ... BY7: =BM7*((Supuestos!$S$13)+1) -> 5386825.6 | BZ7: =BN7*((Supuestos!$T$13)+1) -> 3469839.8 | CA7: =BO7*((Supuestos!$T$13)+1) -> 3365334.1 | CB7: =BP7*((Supuestos!$T$13)+1) -> 4386969.9 | CC7: =BQ7*((Supuestos!$T$13)+1) -> 3721290.3 | CD7: =BR7*((Supuestos!$T$13)+1) -> 4444769.5 | CE7: =BS7*((Supuestos!$T$13)+1) -> 3853535.8 | CF7: =BT7*((Supuestos!$T$13)+1) -> 4536022.7 | CG7: =BU7*((Supuestos!$T$13)+1) -> 4114631.4 | ... CK7: =BY7*((Supuestos!$T$13)+1) -> 5602298.6 | CL7: =BZ7*((Supuestos!$U$13)+1) -> 3608633.4 | CM7: =CA7*((Supuestos!$U$13)+1) -> 3499947.4 | CN7: =CB7*((Supuestos!$U$13)+1) -> 4562448.7 | CO7: =CC7*((Supuestos!$U$13)+1) -> 3870141.9 | CP7: =CD7*((Supuestos!$U$13)+1) -> 4622560.3 | CQ7: =CE7*((Supuestos!$U$13)+1) -> 4007677.2 | CR7: =CF7*((Supuestos!$U$13)+1) -> 4717463.7 | CS7: =CG7*((Supuestos!$U$13)+1) -> 4279216.6 | ... CW7: =CK7*((Supuestos!$U$13)+1) -> 5826390.6 | CX7: =CL7*((Supuestos!$V$13)+1) -> 3752978.7 | CY7: =CM7*((Supuestos!$V$13)+1) -> 3639945.3 | CZ7: =CN7*((Supuestos!$V$13)+1) -> 4744946.6 | DA7: =CO7*((Supuestos!$V$13)+1) -> 4024947.6 | DB7: =CP7*((Supuestos!$V$13)+1) -> 4807462.7 | DC7: =CQ7*((Supuestos!$V$13)+1) -> 4167984.3 | DD7: =CR7*((Supuestos!$V$13)+1) -> 4906162.2 | DE7: =CS7*((Supuestos!$V$13)+1) -> 4450385.3 | ... DQ7: =DE7*((Supuestos!$V$13)+1) -> 4628400.7 | DS7: =SUM(B7:E7) -> 12354642 | DT7: =SUM(F7:Q7) -> 36989996 | DU7: =SUM(R7:AC7) -> 39764245 | DV7: =SUM(AD7:AO7) -> 42348921 | DW7: =SUM(AP7:BA7) -> 44466367 | DX7: =SUM(BB7:BM7) -> 46245022 | DY7: =SUM(BN7:BY7) -> 48094823 | DZ7: =SUM(BZ7:CK7) -> 50018616 | EA7: =SUM(CL7:CW7) -> 52019360 | EB7: =SUM(CX7:DI7) -> 54100135 | EC7: =SUM(DJ7:DQ7) -> 35874605 | EE7: =SUM(DS7:EC7) -> 4.6227673e+08
A10: COSTO DE VENTAS | B10: =B7*Supuestos!$I$21 -> 1921333.6 | C10: =C7*Supuestos!$I$21 -> 1936756 | D10: =D7*Supuestos!$I$21 -> 1869683.4 | E10: =E7*Supuestos!$I$21 -> 2562191.9 | F10: =F7*Supuestos!$J$21 -> 1644826.4 | G10: =G7*Supuestos!$J$21 -> 1595287 | H10: =H7*Supuestos!$J$21 -> 2079578.4 | I10: =I7*Supuestos!$J$21 -> 1764022.8 | J10: =J7*Supuestos!$J$21 -> 2106977.4 | K10: =K7*Supuestos!$J$21 -> 1826711.8 | L10: =L7*Supuestos!$J$21 -> 2150234.7 | M10: =M7*Supuestos!$J$21 -> 1950480.3 | ... Q10: =Q7*Supuestos!$J$21 -> 2655687.1 | R10: =R7*Supuestos!$K$21 -> 1850942.9 | S10: =S7*Supuestos!$K$21 -> 1795195.6 | T10: =T7*Supuestos!$K$21 -> 2340174.5 | U10: =U7*Supuestos!$K$21 -> 1985076 | V10: =V7*Supuestos!$K$21 -> 2371007 | W10: =W7*Supuestos!$K$21 -> 2055620.7 | X10: =X7*Supuestos!$K$21 -> 2419684.9 | Y10: =Y7*Supuestos!$K$21 -> 2194898.9 | ... AC10: =AC7*Supuestos!$K$21 -> 2988476.5 | AD10: =AD7*Supuestos!$L$21 -> 1971254.2 | AE10: =AE7*Supuestos!$L$21 -> 1911883.3 | AF10: =AF7*Supuestos!$L$21 -> 2492285.9 | AG10: =AG7*Supuestos!$L$21 -> 2114106 | AH10: =AH7*Supuestos!$L$21 -> 2525122.5 | AI10: =AI7*Supuestos!$L$21 -> 2189236.1 | AJ10: =AJ7*Supuestos!$L$21 -> 2576964.4 | AK10: =AK7*Supuestos!$L$21 -> 2337567.4 | ... AO10: =AO7*Supuestos!$L$21 -> 3182727.5 | AP10: =AP7*Supuestos!$M$21 -> 2069816.9 | AQ10: =AQ7*Supuestos!$M$21 -> 2007477.5 | AR10: =AR7*Supuestos!$M$21 -> 2616900.2 | AS10: =AS7*Supuestos!$M$21 -> 2219811.3 | AT10: =AT7*Supuestos!$M$21 -> 2651378.6 | AU10: =AU7*Supuestos!$M$21 -> 2298697.9 | AV10: =AV7*Supuestos!$M$21 -> 2705812.7 | AW10: =AW7*Supuestos!$M$21 -> 2454445.7 | ... BA10: =BA7*Supuestos!$M$21 -> 3341863.9 | BB10: =BB7*Supuestos!$N$21 -> 2152609.6 | BC10: =BC7*Supuestos!$N$21 -> 2087776.6 | BD10: =BD7*Supuestos!$N$21 -> 2721576.2 | BE10: =BE7*Supuestos!$N$21 -> 2308603.7 | BF10: =BF7*Supuestos!$N$21 -> 2757433.7 | BG10: =BG7*Supuestos!$N$21 -> 2390645.8 | BH10: =BH7*Supuestos!$N$21 -> 2814045.2 | BI10: =BI7*Supuestos!$N$21 -> 2552623.6 | ... BM10: =BM7*Supuestos!$N$21 -> 3475538.4 | BN10: =BN7*Supuestos!$O$21 -> 2205350.1 | BO10: =BO7*Supuestos!$O$21 -> 2138928.7 | BP10: =BP7*Supuestos!$O$21 -> 2788256.8 | BQ10: =BQ7*Supuestos!$O$21 -> 2365166.2 | BR10: =BR7*Supuestos!$O$21 -> 2824992.9 | BS10: =BS7*Supuestos!$O$21 -> 2449218.4 | BT10: =BT7*Supuestos!$O$21 -> 2882991.4 | BU10: =BU7*Supuestos!$O$21 -> 2615164.7 | ... BY10: =BY7*Supuestos!$O$21 -> 3560691.7 | BZ10: =BZ7*Supuestos!$P$21 -> 2293564.1 | CA10: =CA7*Supuestos!$P$21 -> 2224485.8 | CB10: =CB7*Supuestos!$P$21 -> 2899787.1 | CC10: =CC7*Supuestos!$P$21 -> 2459772.9 | CD10: =CD7*Supuestos!$P$21 -> 2937992.6 | CE10: =CE7*Supuestos!$P$21 -> 2547187.2 | CF10: =CF7*Supuestos!$P$21 -> 2998311 | CG10: =CG7*Supuestos!$P$21 -> 2719771.3 | ... CK10: =CK7*Supuestos!$P$21 -> 3703119.4 | CL10: =CL7*Supuestos!$Q$21 -> 2428610.3 | CM10: =CM7*Supuestos!$Q$21 -> 2355464.6 | CN10: =CN7*Supuestos!$Q$21 -> 3070528 | CO10: =CO7*Supuestos!$Q$21 -> 2604605.5 | CP10: =CP7*Supuestos!$Q$21 -> 3110983.1 | CQ10: =CQ7*Supuestos!$Q$21 -> 2697166.8 | CR10: =CR7*Supuestos!$Q$21 -> 3174853 | CS10: =CS7*Supuestos!$Q$21 -> 2879912.8 | ... CW10: =CW7*Supuestos!$Q$21 -> 3921160.9 | CX10: =CX7*Supuestos!$R$21 -> 2525754.7 | CY10: =CY7*Supuestos!$R$21 -> 2449683.2 | CZ10: =CZ7*Supuestos!$R$21 -> 3193349.1 | DA10: =DA7*Supuestos!$R$21 -> 2708789.7 | DB10: =DB7*Supuestos!$R$21 -> 3235422.4 | DC10: =DC7*Supuestos!$R$21 -> 2805053.4 | DD10: =DD7*Supuestos!$R$21 -> 3301847.2 | DE10: =DE7*Supuestos!$R$21 -> 2995109.3 | ... DI10: =DI7*Supuestos!$R$21 -> 4078007.3 | DJ10: =DJ7*Supuestos!$S$21 -> 2626784.9 | DK10: =DK7*Supuestos!$S$21 -> 2547670.5 | DL10: =DL7*Supuestos!$S$21 -> 3321083 | DM10: =DM7*Supuestos!$S$21 -> 2817141.3 | DN10: =DN7*Supuestos!$S$21 -> 3364839.3 | DO10: =DO7*Supuestos!$S$21 -> 2917255.6 | DP10: =DP7*Supuestos!$S$21 -> 3433921 | DQ10: =DQ7*Supuestos!$S$21 -> 3114913.7 | DS10: =SUM(B10:E10) -> 8289964.9 | DT10: =SUM(F10:Q10) -> 23710587 | DU10: =SUM(R10:AC10) -> 26681809 | DV10: =SUM(AD10:AO10) -> 28416126 | DW10: =SUM(AP10:BA10) -> 29836932 | DX10: =SUM(BB10:BM10) -> 31030410 | DY10: =SUM(BN10:BY10) -> 31790678 | DZ10: =SUM(BZ10:CK10) -> 33062305 | EA10: =SUM(CL10:CW10) -> 35009029 | EB10: =SUM(CX10:DI10) -> 36409391 | EC10: =SUM(DJ10:DQ10) -> 24143609 | EE10: =SUM(DS10:EC10) -> 3.0838084e+08
A12: = UTILIDAD BRUTA | B12: =B7-B10 -> 942054.78 | C12: =C7-C10 -> 949616.59 | D12: =D7-D10 -> 916730.02 | E12: =E7-E10 -> 1256275.9 | F12: =F7-F10 -> 921205.41 | G12: =G7-G10 -> 893460.27 | H12: =H7-H10 -> 1164693.7 | I12: =I7-I10 -> 987962.84 | ... DQ12: =DQ7-DQ10 -> 1513487 | DS12: =DS7-DS10 -> 4064677.3 | DT12: =DT7-DT10 -> 13279408 | DU12: =DU7-DU10 -> 13082437 | DV12: =DV7-DV10 -> 13932795 | DW12: =DW7-DW10 -> 14629435 | DX12: =DX7-DX10 -> 15214612 | DY12: =DY7-DY10 -> 16304145 | DZ12: =DZ7-DZ10 -> 16956311 | ... EC12: =EC7-EC10 -> 11730996 | EE12: =SUM(DS12:EC12) -> 1.5389589e+08
A13: Margen Bruto | B13: =B12/B7 -> 0.329 | C13: =C12/C7 -> 0.329 | D13: =D12/D7 -> 0.329 | E13: =E12/E7 -> 0.329 | F13: =F12/F7 -> 0.359 | G13: =G12/G7 -> 0.359 | H13: =H12/H7 -> 0.359 | I13: =I12/I7 -> 0.359 | ... DQ13: =DQ12/DQ7 -> 0.327 | DS13: =DS12/DS7 -> 0.329 | DT13: =DT12/DT7 -> 0.359 | DU13: =DU12/DU7 -> 0.329 | DV13: =DV12/DV7 -> 0.329 | DW13: =DW12/DW7 -> 0.329 | DX13: =DX12/DX7 -> 0.329 | DY13: =DY12/DY7 -> 0.339 | DZ13: =DZ12/DZ7 -> 0.339 | ... EC13: =EC12/EC7 -> 0.327 | EE13: =AVERAGE(DS13:EC13) -> 0.333
A17: - GASTOS OPERACIONALES
A19: Gastos de Personal | B19: =B7*Supuestos!$I$22 -> 507892.94 | C19: =C7*Supuestos!$I$22 -> 511969.76 | D19: =D7*Supuestos!$I$22 -> 494239.52 | E19: =E7*Supuestos!$I$22 -> 677299.95 | F19: =F7*Supuestos!$J$22 -> 455149.37 | G19: =G7*Supuestos!$J$22 -> 441441.05 | H19: =H7*Supuestos!$J$22 -> 575452.1 | I19: =I7*Supuestos!$J$22 -> 488132.9 | J19: =J7*Supuestos!$J$22 -> 583033.85 | K19: =K7*Supuestos!$J$22 -> 505479.94 | L19: =L7*Supuestos!$J$22 -> 595003.82 | M19: =M7*Supuestos!$J$22 -> 539728.63 | ... Q19: =Q7*Supuestos!$J$22 -> 734870.45 | R19: =R7*Supuestos!$K$22 -> 489285.58 | S19: =S7*Supuestos!$K$22 -> 474549.12 | T19: =T7*Supuestos!$K$22 -> 618611.01 | U19: =U7*Supuestos!$K$22 -> 524742.86 | V19: =V7*Supuestos!$K$22 -> 626761.39 | W19: =W7*Supuestos!$K$22 -> 543390.94 | X19: =X7*Supuestos!$K$22 -> 639629.1 | Y19: =Y7*Supuestos!$K$22 -> 580208.28 | ... AC19: =AC7*Supuestos!$K$22 -> 789985.73 | AD19: =AD7*Supuestos!$L$22 -> 510553.68 | AE19: =AE7*Supuestos!$L$22 -> 495176.66 | AF19: =AF7*Supuestos!$L$22 -> 645500.58 | AG19: =AG7*Supuestos!$L$22 -> 547552.21 | AH19: =AH7*Supuestos!$L$22 -> 654005.24 | AI19: =AI7*Supuestos!$L$22 -> 567010.87 | AJ19: =AJ7*Supuestos!$L$22 -> 667432.28 | AK19: =AK7*Supuestos!$L$22 -> 605428.58 | ... AO19: =AO7*Supuestos!$L$22 -> 824324.56 | AP19: =AP7*Supuestos!$M$22 -> 555933.8 | AQ19: =AQ7*Supuestos!$M$22 -> 539190.01 | AR19: =AR7*Supuestos!$M$22 -> 702875.35 | AS19: =AS7*Supuestos!$M$22 -> 596220.91 | AT19: =AT7*Supuestos!$M$22 -> 712135.93 | AU19: =AU7*Supuestos!$M$22 -> 617409.14 | AV19: =AV7*Supuestos!$M$22 -> 726756.43 | AW19: =AW7*Supuestos!$M$22 -> 659241.57 | ... BA19: =BA7*Supuestos!$M$22 -> 897593.94 | BB19: =BB7*Supuestos!$N$22 -> 568556.76 | BC19: =BC7*Supuestos!$N$22 -> 551432.79 | BD19: =BD7*Supuestos!$N$22 -> 718834.74 | BE19: =BE7*Supuestos!$N$22 -> 609758.63 | BF19: =BF7*Supuestos!$N$22 -> 728305.6 | BG19: =BG7*Supuestos!$N$22 -> 631427.95 | BH19: =BH7*Supuestos!$N$22 -> 743258.06 | BI19: =BI7*Supuestos!$N$22 -> 674210.22 | ... BM19: =BM7*Supuestos!$N$22 -> 917974.59 | BN19: =BN7*Supuestos!$O$22 -> 591200.73 | BO19: =BO7*Supuestos!$O$22 -> 573394.76 | BP19: =BP7*Supuestos!$O$22 -> 747463.85 | BQ19: =BQ7*Supuestos!$O$22 -> 634043.55 | BR19: =BR7*Supuestos!$O$22 -> 757311.91 | BS19: =BS7*Supuestos!$O$22 -> 656575.9 | BT19: =BT7*Supuestos!$O$22 -> 772859.88 | BU19: =BU7*Supuestos!$O$22 -> 701062.07 | ... BY19: =BY7*Supuestos!$O$22 -> 954534.86 | BZ19: =BZ7*Supuestos!$P$22 -> 614726.09 | CA19: =CA7*Supuestos!$P$22 -> 596211.58 | CB19: =CB7*Supuestos!$P$22 -> 777207.3 | CC19: =CC7*Supuestos!$P$22 -> 659273.73 | CD19: =CD7*Supuestos!$P$22 -> 787447.24 | CE19: =CE7*Supuestos!$P$22 -> 682702.69 | CF19: =CF7*Supuestos!$P$22 -> 803613.91 | CG19: =CG7*Supuestos!$P$22 -> 728959.08 | ... CK19: =CK7*Supuestos!$P$22 -> 992518.19 | CL19: =CL7*Supuestos!$Q$22 -> 639162.03 | CM19: =CM7*Supuestos!$Q$22 -> 619911.55 | CN19: =CN7*Supuestos!$Q$22 -> 808102.03 | CO19: =CO7*Supuestos!$Q$22 -> 685480.48 | CP19: =CP7*Supuestos!$Q$22 -> 818749.01 | CQ19: =CQ7*Supuestos!$Q$22 -> 709840.77 | CR19: =CR7*Supuestos!$Q$22 -> 835558.32 | CS19: =CS7*Supuestos!$Q$22 -> 757935.9 | ... CW19: =CW7*Supuestos!$Q$22 -> 1031971.7 | CX19: =CX7*Supuestos!$R$22 -> 667229.23 | CY19: =CY7*Supuestos!$R$22 -> 647133.41 | CZ19: =CZ7*Supuestos!$R$22 -> 843587.8 | DA19: =DA7*Supuestos!$R$22 -> 715581.64 | DB19: =DB7*Supuestos!$R$22 -> 854702.32 | DC19: =DC7*Supuestos!$R$22 -> 741011.65 | DD19: =DD7*Supuestos!$R$22 -> 872249.77 | DE19: =DE7*Supuestos!$R$22 -> 791218.75 | ... DI19: =DI7*Supuestos!$R$22 -> 1077288.2 | DJ19: =DJ7*Supuestos!$S$22 -> 692015.35 | DK19: =DK7*Supuestos!$S$22 -> 671173.02 | DL19: =DL7*Supuestos!$S$22 -> 874925.27 | DM19: =DM7*Supuestos!$S$22 -> 742163.95 | DN19: =DN7*Supuestos!$S$22 -> 886452.67 | DO19: =DO7*Supuestos!$S$22 -> 768538.63 | DP19: =DP7*Supuestos!$S$22 -> 904651.96 | DQ19: =DQ7*Supuestos!$S$22 -> 820610.82 | DS19: =SUM(B19:E19) -> 2191402.2 | DT19: =SUM(F19:Q19) -> 6561093 | DU19: =SUM(R19:AC19) -> 7053175 | DV19: =SUM(AD19:AO19) -> 7359760 | DW19: =SUM(AP19:BA19) -> 8013925.9 | DX19: =SUM(BB19:BM19) -> 8195889.1 | DY19: =SUM(BN19:BY19) -> 8522307.6 | DZ19: =SUM(BZ19:CK19) -> 8861431.6 | EA19: =SUM(CL19:CW19) -> 9213681.9 | EB19: =SUM(CX19:DI19) -> 9618277.6 | EC19: =SUM(DJ19:DQ19) -> 6360531.7 | EE19: =SUM(DS19:EC19) -> 81951476
A20: Honorarios | B20: =B7*Supuestos!$I$23 -> 39307.023 | C20: =C7*Supuestos!$I$23 -> 39622.538 | D20: =D7*Supuestos!$I$23 -> 38250.353 | E20: =E7*Supuestos!$I$23 -> 52417.828 | F20: =F7*Supuestos!$J$23 -> 36081.947 | G20: =G7*Supuestos!$J$23 -> 34995.22 | H20: =H7*Supuestos!$J$23 -> 45618.94 | I20: =I7*Supuestos!$J$23 -> 38696.714 | J20: =J7*Supuestos!$J$23 -> 46219.983 | K20: =K7*Supuestos!$J$23 -> 40071.9 | L20: =L7*Supuestos!$J$23 -> 47168.902 | M20: =M7*Supuestos!$J$23 -> 42786.964 | ... Q20: =Q7*Supuestos!$J$23 -> 58256.823 | R20: =R7*Supuestos!$K$23 -> 39611.188 | S20: =S7*Supuestos!$K$23 -> 38418.166 | T20: =T7*Supuestos!$K$23 -> 50081.012 | U20: =U7*Supuestos!$K$23 -> 42481.71 | V20: =V7*Supuestos!$K$23 -> 50740.844 | W20: =W7*Supuestos!$K$23 -> 43991.406 | X20: =X7*Supuestos!$K$23 -> 51782.578 | Y20: =Y7*Supuestos!$K$23 -> 46972.035 | ... AC20: =AC7*Supuestos!$K$23 -> 63955.029 | AD20: =AD7*Supuestos!$L$23 -> 37638.722 | AE20: =AE7*Supuestos!$L$23 -> 36505.108 | AF20: =AF7*Supuestos!$L$23 -> 47587.195 | AG20: =AG7*Supuestos!$L$23 -> 40366.305 | AH20: =AH7*Supuestos!$L$23 -> 48214.17 | AI20: =AI7*Supuestos!$L$23 -> 41800.824 | AJ20: =AJ7*Supuestos!$L$23 -> 49204.03 | AK20: =AK7*Supuestos!$L$23 -> 44633.031 | ... AO20: =AO7*Supuestos!$L$23 -> 60770.345 | AP20: =AP7*Supuestos!$M$23 -> 40421.716 | AQ20: =AQ7*Supuestos!$M$23 -> 39204.282 | AR20: =AR7*Supuestos!$M$23 -> 51105.775 | AS20: =AS7*Supuestos!$M$23 -> 43350.975 | AT20: =AT7*Supuestos!$M$23 -> 51779.108 | AU20: =AU7*Supuestos!$M$23 -> 44891.562 | AV20: =AV7*Supuestos!$M$23 -> 52842.158 | AW20: =AW7*Supuestos!$M$23 -> 47933.181 | ... BA20: =BA7*Supuestos!$M$23 -> 65263.683 | BB20: =BB7*Supuestos!$N$23 -> 43671.075 | BC20: =BC7*Supuestos!$N$23 -> 42355.776 | BD20: =BD7*Supuestos!$N$23 -> 55213.988 | BE20: =BE7*Supuestos!$N$23 -> 46835.808 | BF20: =BF7*Supuestos!$N$23 -> 55941.449 | BG20: =BG7*Supuestos!$N$23 -> 48500.237 | BH20: =BH7*Supuestos!$N$23 -> 57089.953 | BI20: =BI7*Supuestos!$N$23 -> 51786.361 | ... BM20: =BM7*Supuestos!$N$23 -> 70510.001 | BN20: =BN7*Supuestos!$O$23 -> 45341.492 | BO20: =BO7*Supuestos!$O$23 -> 43975.882 | BP20: =BP7*Supuestos!$O$23 -> 57325.92 | BQ20: =BQ7*Supuestos!$O$23 -> 48627.275 | BR20: =BR7*Supuestos!$O$23 -> 58081.206 | BS20: =BS7*Supuestos!$O$23 -> 50355.368 | BT20: =BT7*Supuestos!$O$23 -> 59273.641 | BU20: =BU7*Supuestos!$O$23 -> 53767.186 | ... BY20: =BY7*Supuestos!$O$23 -> 73207.004 | BZ20: =BZ7*Supuestos!$P$23 -> 46828.035 | CA20: =CA7*Supuestos!$P$23 -> 45417.653 | CB20: =CB7*Supuestos!$P$23 -> 59205.379 | CC20: =CC7*Supuestos!$P$23 -> 50221.544 | CD20: =CD7*Supuestos!$P$23 -> 59985.427 | CE20: =CE7*Supuestos!$P$23 -> 52006.294 | CF20: =CF7*Supuestos!$P$23 -> 61216.956 | CG20: =CG7*Supuestos!$P$23 -> 55529.97 | ... CK20: =CK7*Supuestos!$P$23 -> 75607.132 | CL20: =CL7*Supuestos!$Q$23 -> 48077.561 | CM20: =CM7*Supuestos!$Q$23 -> 46629.546 | CN20: =CN7*Supuestos!$Q$23 -> 60785.173 | CO20: =CO7*Supuestos!$Q$23 -> 51561.62 | CP20: =CP7*Supuestos!$Q$23 -> 61586.036 | CQ20: =CQ7*Supuestos!$Q$23 -> 53393.993 | CR20: =CR7*Supuestos!$Q$23 -> 62850.426 | CS20: =CS7*Supuestos!$Q$23 -> 57011.693 | ... CW20: =CW7*Supuestos!$Q$23 -> 77624.579 | CX20: =CX7*Supuestos!$R$23 -> 50384.211 | CY20: =CY7*Supuestos!$R$23 -> 48866.724 | CZ20: =CZ7*Supuestos!$R$23 -> 63701.505 | DA20: =DA7*Supuestos!$R$23 -> 54035.427 | DB20: =DB7*Supuestos!$R$23 -> 64540.791 | DC20: =DC7*Supuestos!$R$23 -> 55955.714 | DD20: =DD7*Supuestos!$R$23 -> 65865.845 | DE20: =DE7*Supuestos!$R$23 -> 59746.982 | ... DI20: =DI7*Supuestos!$R$23 -> 81348.828 | DJ20: =DJ7*Supuestos!$S$23 -> 52650.223 | DK20: =DK7*Supuestos!$S$23 -> 51064.487 | DL20: =DL7*Supuestos!$S$23 -> 66566.457 | DM20: =DM7*Supuestos!$S$23 -> 56465.651 | DN20: =DN7*Supuestos!$S$23 -> 67443.49 | DO20: =DO7*Supuestos!$S$23 -> 58472.301 | DP20: =DP7*Supuestos!$S$23 -> 68828.137 | DQ20: =DQ7*Supuestos!$S$23 -> 62434.08 | DS20: =SUM(B20:E20) -> 169597.74 | DT20: =SUM(F20:Q20) -> 520130.36 | DU20: =SUM(R20:AC20) -> 571005.26 | DV20: =SUM(AD20:AO20) -> 542571.67 | DW20: =SUM(AP20:BA20) -> 582689.23 | DX20: =SUM(BB20:BM20) -> 629529.57 | DY20: =SUM(BN20:BY20) -> 653609.04 | DZ20: =SUM(BZ20:CK20) -> 675037.93 | EA20: =SUM(CL20:CW20) -> 693050.17 | EB20: =SUM(CX20:DI20) -> 726301.11 | EC20: =SUM(DJ20:DQ20) -> 483924.82 | EE20: =SUM(DS20:EC20) -> 6247446.9
A21: Otros | B21: =B7*Supuestos!$I$24 -> 277868.77 | C21: =C7*Supuestos!$I$24 -> 280099.21 | D21: =D7*Supuestos!$I$24 -> 270398.97 | E21: =E7*Supuestos!$I$24 -> 370551.53 | F21: =F7*Supuestos!$J$24 -> 249012.71 | G21: =G7*Supuestos!$J$24 -> 241512.87 | H21: =H7*Supuestos!$J$24 -> 314830.46 | I21: =I7*Supuestos!$J$24 -> 267058.03 | J21: =J7*Supuestos!$J$24 -> 318978.45 | K21: =K7*Supuestos!$J$24 -> 276548.62 | L21: =L7*Supuestos!$J$24 -> 325527.23 | M21: =M7*Supuestos!$J$24 -> 295286.12 | ... Q21: =Q7*Supuestos!$J$24 -> 402048.41 | R21: =R7*Supuestos!$K$24 -> 267688.67 | S21: =S7*Supuestos!$K$24 -> 259626.34 | T21: =T7*Supuestos!$K$24 -> 338442.75 | U21: =U7*Supuestos!$K$24 -> 287087.38 | V21: =V7*Supuestos!$K$24 -> 342901.83 | W21: =W7*Supuestos!$K$24 -> 297289.76 | X21: =X7*Supuestos!$K$24 -> 349941.77 | Y21: =Y7*Supuestos!$K$24 -> 317432.57 | ... AC21: =AC7*Supuestos!$K$24 -> 432202.04 | AD21: =AD7*Supuestos!$L$24 -> 285088.43 | AE21: =AE7*Supuestos!$L$24 -> 276502.05 | AF21: =AF7*Supuestos!$L$24 -> 360441.53 | AG21: =AG7*Supuestos!$L$24 -> 305748.06 | AH21: =AH7*Supuestos!$L$24 -> 365190.45 | AI21: =AI7*Supuestos!$L$24 -> 316613.6 | AJ21: =AJ7*Supuestos!$L$24 -> 372687.98 | AK21: =AK7*Supuestos!$L$24 -> 338065.69 | ... AO21: =AO7*Supuestos!$L$24 -> 460295.18 | AP21: =AP7*Supuestos!$M$24 -> 299342.85 | AQ21: =AQ7*Supuestos!$M$24 -> 290327.15 | AR21: =AR7*Supuestos!$M$24 -> 378463.6 | AS21: =AS7*Supuestos!$M$24 -> 321035.47 | AT21: =AT7*Supuestos!$M$24 -> 383449.97 | AU21: =AU7*Supuestos!$M$24 -> 332444.28 | AV21: =AV7*Supuestos!$M$24 -> 391322.38 | AW21: =AW7*Supuestos!$M$24 -> 354968.98 | ... BA21: =BA7*Supuestos!$M$24 -> 483309.93 | BB21: =BB7*Supuestos!$N$24 -> 311316.56 | BC21: =BC7*Supuestos!$N$24 -> 301940.24 | BD21: =BD7*Supuestos!$N$24 -> 393602.15 | BE21: =BE7*Supuestos!$N$24 -> 333876.89 | BF21: =BF7*Supuestos!$N$24 -> 398787.97 | BG21: =BG7*Supuestos!$N$24 -> 345742.05 | BH21: =BH7*Supuestos!$N$24 -> 406975.28 | BI21: =BI7*Supuestos!$N$24 -> 369167.73 | ... BM21: =BM7*Supuestos!$N$24 -> 502642.33 | BN21: =BN7*Supuestos!$O$24 -> 323769.23 | BO21: =BO7*Supuestos!$O$24 -> 314017.84 | BP21: =BP7*Supuestos!$O$24 -> 409346.23 | BQ21: =BQ7*Supuestos!$O$24 -> 347231.96 | BR21: =BR7*Supuestos!$O$24 -> 414739.49 | BS21: =BS7*Supuestos!$O$24 -> 359571.73 | BT21: =BT7*Supuestos!$O$24 -> 423254.29 | BU21: =BU7*Supuestos!$O$24 -> 383934.44 | ... BY21: =BY7*Supuestos!$O$24 -> 522748.03 | BZ21: =BZ7*Supuestos!$P$24 -> 336720 | CA21: =CA7*Supuestos!$P$24 -> 326578.56 | CB21: =CB7*Supuestos!$P$24 -> 425720.08 | CC21: =CC7*Supuestos!$P$24 -> 361121.24 | CD21: =CD7*Supuestos!$P$24 -> 431329.07 | CE21: =CE7*Supuestos!$P$24 -> 373954.6 | CF21: =CF7*Supuestos!$P$24 -> 440184.46 | CG21: =CG7*Supuestos!$P$24 -> 399291.82 | ... CK21: =CK7*Supuestos!$P$24 -> 543657.95 | CL21: =CL7*Supuestos!$Q$24 -> 350188.8 | CM21: =CM7*Supuestos!$Q$24 -> 339641.7 | CN21: =CN7*Supuestos!$Q$24 -> 442748.89 | CO21: =CO7*Supuestos!$Q$24 -> 375566.09 | CP21: =CP7*Supuestos!$Q$24 -> 448582.23 | CQ21: =CQ7*Supuestos!$Q$24 -> 388912.79 | CR21: =CR7*Supuestos!$Q$24 -> 457791.84 | CS21: =CS7*Supuestos!$Q$24 -> 415263.49 | ... CW21: =CW7*Supuestos!$Q$24 -> 565404.26 | CX21: =CX7*Supuestos!$R$24 -> 364196.35 | CY21: =CY7*Supuestos!$R$24 -> 353227.37 | CZ21: =CZ7*Supuestos!$R$24 -> 460458.84 | DA21: =DA7*Supuestos!$R$24 -> 390588.73 | DB21: =DB7*Supuestos!$R$24 -> 466525.52 | DC21: =DC7*Supuestos!$R$24 -> 404469.3 | DD21: =DD7*Supuestos!$R$24 -> 476103.51 | DE21: =DE7*Supuestos!$R$24 -> 431874.03 | ... DI21: =DI7*Supuestos!$R$24 -> 588020.43 | DJ21: =DJ7*Supuestos!$S$24 -> 378764.2 | DK21: =DJ21 -> 378764.2 | DL21: =DK21 -> 378764.2 | DM21: =DL21 -> 378764.2 | DN21: =DM21 -> 378764.2 | DO21: =DN21 -> 378764.2 | DP21: =DO21 -> 378764.2 | DQ21: =DP21 -> 378764.2 | DS21: =SUM(B21:E21) -> 1198918.5 | DT21: =SUM(F21:Q21) -> 3589581 | DU21: =SUM(R21:AC21) -> 3858799.6 | DV21: =SUM(AD21:AO21) -> 4109621.6 | DW21: =SUM(AP21:BA21) -> 4315102.7 | DX21: =SUM(BB21:BM21) -> 4487706.8 | DY21: =SUM(BN21:BY21) -> 4667215.1 | DZ21: =SUM(BZ21:CK21) -> 4853903.7 | EA21: =SUM(CL21:CW21) -> 5048059.8 | EB21: =SUM(CX21:DI21) -> 5249982.2 | EC21: =SUM(DJ21:DQ21) -> 3030113.6 | EE21: =SUM(DS21:EC21) -> 44409005
A24: TOTAL GASTOS OPERACIONALES | B24: =SUM(B19:B23) -> 825068.74 | C24: =SUM(C19:C23) -> 831691.51 | D24: =SUM(D19:D23) -> 802888.85 | E24: =SUM(E19:E23) -> 1100269.3 | F24: =SUM(F19:F23) -> 740244.03 | G24: =SUM(G19:G23) -> 717949.13 | H24: =SUM(H19:H23) -> 935901.51 | I24: =SUM(I19:I23) -> 793887.64 | ... DQ24: =SUM(DQ19:DQ23) -> 1261809.1 | DS24: =SUM(DS19:DS23) -> 3559918.4 | DT24: =SUM(DT19:DT23) -> 10670804 | DU24: =SUM(DU19:DU23) -> 11482980 | DV24: =SUM(DV19:DV23) -> 12011953 | DW24: =SUM(DW19:DW23) -> 12911718 | DX24: =SUM(DX19:DX23) -> 13313125 | DY24: =SUM(DY19:DY23) -> 13843132 | DZ24: =SUM(DZ19:DZ23) -> 14390373 | ... EC24: =SUM(EC19:EC23) -> 9874570.1 | EE24: =SUM(DS24:EC24) -> 1.3260793e+08
A26: = EBITDA | B26: =B12-B24 -> 116986.04 | C26: =C12-C24 -> 117925.08 | D26: =D12-D24 -> 113841.17 | E26: =E12-E24 -> 156006.58 | F26: =F12-F24 -> 180961.38 | G26: =G12-G24 -> 175511.13 | H26: =H12-H24 -> 228792.16 | I26: =I12-I24 -> 194075.19 | ... DQ26: =DQ12-DQ24 -> 251677.92 | DS26: =DS12-DS24 -> 504758.87 | DT26: =DT12-DT24 -> 2608604 | DU26: =DU12-DU24 -> 1599456.8 | DV26: =DV12-DV24 -> 1920841.8 | DW26: =DW12-DW24 -> 1717717 | DX26: =DX12-DX24 -> 1901486.8 | DY26: =DY12-DY24 -> 2461013.2 | DZ26: =DZ12-DZ24 -> 2565937.6 | ... EC26: =EC12-EC24 -> 1856425.8 | EE26: =SUM(DS26:EC26) -> 21287964
A27: Margen EBITDA | B27: =B26/B7 -> 0.040855807 | C27: =C26/C7 -> 0.040855807 | D27: =D26/D7 -> 0.040855807 | E27: =E26/E7 -> 0.040855807 | F27: =F26/F7 -> 0.070521878 | G27: =G26/G7 -> 0.070521878 | H27: =H26/H7 -> 0.070521878 | I27: =I26/I7 -> 0.070521878 | ... DQ27: =DQ26/DQ7 -> 0.054376866 | DS27: =DS26/DS7 -> 0.040855807 | DT27: =DT26/DT7 -> 0.070521878 | DU27: =DU26/DU7 -> 0.040223491 | DV27: =DV26/DV7 -> 0.045357513 | DW27: =DW26/DW7 -> 0.038629577 | DX27: =DX26/DX7 -> 0.041117653 | DY27: =DY26/DY7 -> 0.051170023 | DZ27: =DZ26/DZ7 -> 0.051299652 | ... EC27: =EC26/EC7 -> 0.051747631 | EE27: =AVERAGE(DS27:EC27) -> 0.046289497
A29: - Depreciación | B29: 32540 | C29: =B29 -> 32540 | D29: =C29 -> 32540 | E29: =D29 -> 32540 | F29: =E29 -> 32540 | G29: =F29 -> 32540 | H29: =G29 -> 32540 | I29: =H29 -> 32540 | J29: =I29 -> 32540 | ... DQ29: =DP29 -> 32540 | DS29: =SUM(B29:E29) -> 130160 | DT29: =SUM(F29:Q29) -> 390480 | DU29: =SUM(R29:AC29) -> 390480 | DV29: =SUM(AD29:AO29) -> 390480 | DW29: =SUM(AP29:BA29) -> 390480 | DX29: =SUM(BB29:BM29) -> 390480 | DY29: =SUM(BN29:BY29) -> 390480 | DZ29: =SUM(BZ29:CK29) -> 390480 | EA29: =SUM(CL29:CW29) -> 390480 | EB29: =SUM(CX29:DI29) -> 390480 | EC29: =SUM(DJ29:DQ29) -> 260320 | EE29: =SUM(DS29:EC29) -> 3904800
A31: = UTILIDAD OPERACIONAL | B31: =B26-B29 -> 84446.042 | C31: =C26-C29 -> 85385.081 | D31: =D26-D29 -> 81301.169 | E31: =E26-E29 -> 123466.58 | F31: =F26-F29 -> 148421.38 | G31: =G26-G29 -> 142971.13 | H31: =H26-H29 -> 196252.16 | I31: =I26-I29 -> 161535.19 | ... DQ31: =DQ26-DQ29 -> 219137.92 | DS31: =DS26-DS29 -> 374598.87 | DT31: =DT26-DT29 -> 2218124 | DU31: =DU26-DU29 -> 1208976.8 | DV31: =DV26-DV29 -> 1530361.8 | DW31: =DW26-DW29 -> 1327237 | DX31: =DX26-DX29 -> 1511006.8 | DY31: =DY26-DY29 -> 2070533.2 | DZ31: =DZ26-DZ29 -> 2175457.6 | ... EC31: =EC26-EC29 -> 1596105.8 | EE31: =SUM(DS31:EC31) -> 17383164
A32: Margen Operacional | B32: =B31/B7 -> 0.029491648 | C32: =C31/C7 -> 0.029582141 | D32: =D31/D7 -> 0.029177712 | E32: =E31/E7 -> 0.032334064 | F32: =F31/F7 -> 0.057840819 | G32: =G31/G7 -> 0.057447027 | H32: =H31/H7 -> 0.060491893 | I32: =I31/I7 -> 0.058697688 | ... DQ32: =DQ31/DQ7 -> 0.04734636 | DS32: =DS31/DS7 -> 0.030320496 | DT32: =DT31/DT7 -> 0.05996551 | DU32: =DU31/DU7 -> 0.030403614 | DV32: =DV31/DV7 -> 0.036136972 | DW32: =DW31/DW7 -> 0.029848109 | DX32: =DX31/DX7 -> 0.032673934 | DY32: =DY31/DY7 -> 0.043051061 | DZ32: =DZ31/DZ7 -> 0.043492958 | ... EC32: =EC31/EC7 -> 0.044491244 | EE32: =AVERAGE(DS32:EC32) -> 0.03762918
A35: Rendimientos Financieros | B35: 2832 | C35: =+IF(B71>0,B71*Supuestos!$C$3/360*30,0) -> 1374.9195 | D35: =+IF(C71>0,C71*Supuestos!$C$3/360*30,0) -> 1567.7864 | E35: =+IF(D71>0,D71*Supuestos!$C$3/360*30,0) -> 1752.6138 | F35: =+IF(E71>0,E71*Supuestos!$C$3/360*30,0) -> 1875.0953 | G35: =+IF(F71>0,F71*Supuestos!$C$3/360*30,0) -> 2452.8848 | H35: =+IF(G71>0,G71*Supuestos!$C$3/360*30,0) -> 3014.5762 | I35: =+IF(H71>0,H71*Supuestos!$C$3/360*30,0) -> 3766.3712 | J35: =+IF(I71>0,I71*Supuestos!$C$3/360*30,0) -> 4400.1893 | ... DQ35: =+IF(DP71>0,DP71*Supuestos!$C$3/360*30,0) -> 10663.69 | DS35: =SUM(B35:E35) -> 7527.3197 | DT35: =SUM(F35:Q35) -> 47897.824 | DU35: =SUM(R35:AC35) -> 25928.154 | DV35: =SUM(AD35:AO35) -> 25160.017 | DW35: =SUM(AP35:BA35) -> 25441.481 | DX35: =SUM(BB35:BM35) -> 24389.009 | DY35: =SUM(BN35:BY35) -> 32484.464 | DZ35: =SUM(BZ35:CK35) -> 53332.168 | EA35: =SUM(CL35:CW35) -> 71531.852 | EB35: =SUM(CX35:DI35) -> 80483.211 | EC35: =SUM(DJ35:DQ35) -> 65121.557 | EE35: =SUM(DS35:EC35) -> 459297.06
A37: + Ingresos No Operacionales | B37: =SUM(B35:B36) -> 2832 | C37: =SUM(C35:C36) -> 1374.9195 | D37: =SUM(D35:D36) -> 1567.7864 | E37: =SUM(E35:E36) -> 1752.6138 | F37: =SUM(F35:F36) -> 1875.0953 | G37: =SUM(G35:G36) -> 2452.8848 | H37: =SUM(H35:H36) -> 3014.5762 | I37: =SUM(I35:I36) -> 3766.3712 | ... DQ37: =SUM(DQ35:DQ36) -> 10663.69 | DS37: =SUM(DS35:DS36) -> 7527.3197 | DT37: =SUM(DT35:DT36) -> 47897.824 | DU37: =SUM(DU35:DU36) -> 25928.154 | DV37: =SUM(DV35:DV36) -> 25160.017 | DW37: =SUM(DW35:DW36) -> 25441.481 | DX37: =SUM(DX35:DX36) -> 24389.009 | DY37: =SUM(DY35:DY36) -> 32484.464 | DZ37: =SUM(DZ35:DZ36) -> 53332.168 | ... EC37: =SUM(EC35:EC36) -> 65121.557 | EE37: =SUM(DS37:EC37) -> 459297.06
A39: Comisión Pago TC | B39: =B7*Supuestos!$C$5 -> 55871.866 | C39: =C7*Supuestos!$C$5 -> 56320.346 | D39: =D7*Supuestos!$C$5 -> 54369.892 | E39: =E7*Supuestos!$C$5 -> 74507.852 | F39: =F7*Supuestos!$C$5 -> 50069.695 | G39: =G7*Supuestos!$C$5 -> 48561.681 | H39: =H7*Supuestos!$C$5 -> 63303.858 | I39: =I7*Supuestos!$C$5 -> 53698.119 | ... DQ39: =DQ7*Supuestos!$C$5 -> 90311.668 | DS39: =SUM(B39:E39) -> 241069.96 | DT39: =SUM(F39:Q39) -> 721767.29 | DU39: =SUM(R39:AC39) -> 775899.83 | DV39: =SUM(AD39:AO39) -> 826333.32 | DW39: =SUM(AP39:BA39) -> 867649.99 | DX39: =SUM(BB39:BM39) -> 902355.99 | DY39: =SUM(BN39:BY39) -> 938450.23 | DZ39: =SUM(BZ39:CK39) -> 975988.24 | EA39: =SUM(CL39:CW39) -> 1015027.8 | EB39: =SUM(CX39:DI39) -> 1055628.9 | EC39: =SUM(DJ39:DQ39) -> 700003.23 | EE39: =SUM(DS39:EC39) -> 9020174.7
A40: Leasing | B40: =Leasing!P48 -> 1254.2549 | C40: =Leasing!Q48 -> 1150.7573 | D40: =Leasing!R48 -> 1045.9056 | E40: =Leasing!S48 -> 939.68213 | F40: =Leasing!T48 -> 832.06887 | G40: =Leasing!U48 -> 753.80958 | H40: =Leasing!V48 -> 674.52639 | I40: =Leasing!W48 -> 594.20592 | ... R40: =Leasing!AF48 -> 0 | DS40: =SUM(B40:E40) -> 4390.6 | DT40: =SUM(F40:Q40) -> 4735.5821 | DU40: =SUM(R40:AC40) -> 0 | DV40: =SUM(AD40:AO40) -> 0 | DW40: =SUM(AP40:BA40) -> 0 | DX40: =SUM(BB40:BM40) -> 0 | DY40: =SUM(BN40:BY40) -> 0 | DZ40: =SUM(BZ40:CK40) -> 0 | EA40: =SUM(CL40:CW40) -> 0 | EB40: =SUM(CX40:DI40) -> 0 | EC40: =SUM(DJ40:DQ40) -> 0 | EE40: =SUM(DS40:EC40) -> 9126.1821
A41: Comisiones bancarias | B41: =B7*Supuestos!$C$6 -> 572.67768 | C41: =C7*Supuestos!$C$6 -> 577.27452 | D41: =D7*Supuestos!$C$6 -> 557.28269 | E41: =E7*Supuestos!$C$6 -> 763.69355 | F41: =F7*Supuestos!$C$6 -> 513.20636 | G41: =G7*Supuestos!$C$6 -> 497.74945 | H41: =H7*Supuestos!$C$6 -> 648.85441 | I41: =I7*Supuestos!$C$6 -> 550.39712 | ... DQ41: =DQ7*Supuestos!$C$6 -> 925.68014 | DS41: =SUM(B41:E41) -> 2470.9284 | DT41: =SUM(F41:Q41) -> 7397.9991 | DU41: =SUM(R41:AC41) -> 7952.849 | DV41: =SUM(AD41:AO41) -> 8469.7842 | DW41: =SUM(AP41:BA41) -> 8893.2734 | DX41: =SUM(BB41:BM41) -> 9249.0044 | DY41: =SUM(BN41:BY41) -> 9618.9645 | DZ41: =SUM(BZ41:CK41) -> 10003.723 | EA41: =SUM(CL41:CW41) -> 10403.872 | EB41: =SUM(CX41:DI41) -> 10820.027 | EC41: =SUM(DJ41:DQ41) -> 7174.921 | EE41: =SUM(DS41:EC41) -> 92455.346
A42: 4*1000 | B42: =(B7+B37)*Supuestos!$C$4 -> 11464.882 | C42: =(C7+C37)*Supuestos!$C$4 -> 11550.99 | D42: =(D7+D37)*Supuestos!$C$4 -> 11151.925 | E42: =(E7+E37)*Supuestos!$C$4 -> 15280.882 | F42: =(F7+F37)*Supuestos!$C$4 -> 10271.628 | G42: =(G7+G37)*Supuestos!$C$4 -> 9964.8006 | H42: =(H7+H37)*Supuestos!$C$4 -> 12989.147 | I42: =(I7+I37)*Supuestos!$C$4 -> 11023.008 | ... DQ42: =(DQ7+DQ37)*Supuestos!$C$4 -> 18556.257 | DS42: =SUM(B42:E42) -> 49448.678 | DT42: =SUM(F42:Q42) -> 148151.57 | DU42: =SUM(R42:AC42) -> 159160.69 | DV42: =SUM(AD42:AO42) -> 169496.32 | DW42: =SUM(AP42:BA42) -> 177967.23 | DX42: =SUM(BB42:BM42) -> 185077.64 | DY42: =SUM(BN42:BY42) -> 192509.23 | DZ42: =SUM(BZ42:CK42) -> 200287.79 | EA42: =SUM(CL42:CW42) -> 208363.57 | EB42: =SUM(CX42:DI42) -> 216722.47 | EC42: =SUM(DJ42:DQ42) -> 143758.91 | EE42: =SUM(DS42:EC42) -> 1850944.1
A43: - Gastos No Operacionales | B43: =SUM(B39:B42) -> 69163.68 | C43: =SUM(C39:C42) -> 69599.368 | D43: =SUM(D39:D42) -> 67125.005 | E43: =SUM(E39:E42) -> 91492.109 | F43: =SUM(F39:F42) -> 61686.598 | G43: =SUM(G39:G42) -> 59778.04 | H43: =SUM(H39:H42) -> 77616.386 | I43: =SUM(I39:I42) -> 65865.73 | ... DQ43: =SUM(DQ39:DQ42) -> 109793.61 | DS43: =SUM(DS39:DS42) -> 297380.16 | DT43: =SUM(DT39:DT42) -> 882052.44 | DU43: =SUM(DU39:DU42) -> 943013.38 | DV43: =SUM(DV39:DV42) -> 1004299.4 | DW43: =SUM(DW39:DW42) -> 1054510.5 | DX43: =SUM(DX39:DX42) -> 1096682.6 | DY43: =SUM(DY39:DY42) -> 1140578.4 | DZ43: =SUM(DZ39:DZ42) -> 1186279.8 | ... EC43: =SUM(EC39:EC42) -> 850937.06 | EE43: =SUM(DS43:EC43) -> 10972700
A45: = UTILIDAD ANTES DE IMPUESTO | B45: =B31+B37-B43 -> 18114.362 | C45: =C31+C37-C43 -> 17160.633 | D45: =D31+D37-D43 -> 15743.95 | E45: =E31+E37-E43 -> 33727.085 | F45: =F31+F37-F43 -> 88609.878 | G45: =G31+G37-G43 -> 85645.975 | H45: =H31+H37-H43 -> 121650.35 | I45: =I31+I37-I43 -> 99435.835 | ... DQ45: =DQ31+DQ37-DQ43 -> 120008.01 | DS45: =DS31+DS37-DS43 -> 84746.031 | DT45: =DT31+DT37-DT43 -> 1383969.3 | DU45: =DU31+DU37-DU43 -> 291891.55 | DV45: =DV31+DV37-DV43 -> 551222.34 | DW45: =DW31+DW37-DW43 -> 298167.95 | DX45: =DX31+DX37-DX43 -> 438713.15 | DY45: =DY31+DY37-DY43 -> 962439.21 | DZ45: =DZ31+DZ37-DZ43 -> 1042510 | ... EC45: =EC31+EC37-EC43 -> 810290.31 | EE45: =SUM(DS45:EC45) -> 6869760.5
A47: - Renta | E47: =+IF(SUM(B45:E45)>0,SUM(B45:E45)*Supuestos!$C$10,0) -> 29661.111 | Q47: =+IF(SUM(F45:Q45)>0,SUM(F45:Q45)*Supuestos!$C$10,0) -> 484389.27 | AC47: =+IF(SUM(R45:AC45)>0,SUM(R45:AC45)*Supuestos!$C$10,0) -> 102162.04 | AO47: =+IF(SUM(AD45:AO45)>0,SUM(AD45:AO45)*Supuestos!$C$10,0) -> 192927.82 | BA47: =+IF(SUM(AP45:BA45)>0,SUM(AP45:BA45)*Supuestos!$C$10,0) -> 104358.78 | BM47: =+IF(SUM(BB45:BM45)>0,SUM(BB45:BM45)*Supuestos!$C$10,0) -> 153549.6 | BY47: =+IF(SUM(BN45:BY45)>0,SUM(BN45:BY45)*Supuestos!$C$10,0) -> 336853.72 | CK47: =+IF(SUM(BZ45:CK45)>0,SUM(BZ45:CK45)*Supuestos!$C$10,0) -> 364878.49 | CW47: =+IF(SUM(CL45:CW45)>0,SUM(CL45:CW45)*Supuestos!$C$10,0) -> 175978.46 | DI47: =+IF(SUM(CX45:DI45)>0,SUM(CX45:DI45)*Supuestos!$C$10,0) -> 176055.25 | DQ47: =+IF(SUM(DJ45:DQ45)>0,SUM(DJ45:DQ45)*Supuestos!$C$10,0) -> 283601.61 | DS47: =SUM(B47:E47) -> 29661.111 | DT47: =SUM(F47:Q47) -> 484389.27 | DU47: =SUM(R47:AC47) -> 102162.04 | DV47: =SUM(AD47:AO47) -> 192927.82 | DW47: =SUM(AP47:BA47) -> 104358.78 | DX47: =SUM(BB47:BM47) -> 153549.6 | DY47: =SUM(BN47:BY47) -> 336853.72 | DZ47: =SUM(BZ47:CK47) -> 364878.49 | EA47: =SUM(CL47:CW47) -> 175978.46 | EB47: =SUM(CX47:DI47) -> 176055.25 | EC47: =SUM(DJ47:DQ47) -> 283601.61 | EE47: =SUM(DS47:EC47) -> 2404416.2
A49: = UTILIDAD NETA | B49: =B45-B47 -> 18114.362 | C49: =C45-C47 -> 17160.633 | D49: =D45-D47 -> 15743.95 | E49: =E45-E47 -> 4065.9745 | F49: =F45-F47 -> 88609.878 | G49: =G45-G47 -> 85645.975 | H49: =H45-H47 -> 121650.35 | I49: =I45-I47 -> 99435.835 | ... DQ49: =DQ45-DQ47 -> -163593.6 | DS49: =DS45-DS47 -> 55084.92 | DT49: =DT45-DT47 -> 899580.07 | DU49: =DU45-DU47 -> 189729.51 | DV49: =DV45-DV47 -> 358294.52 | DW49: =DW45-DW47 -> 193809.17 | DX49: =DX45-DX47 -> 285163.55 | DY49: =DY45-DY47 -> 625585.49 | DZ49: =DZ45-DZ47 -> 677631.48 | ... EC49: =EC45-EC47 -> 526688.7 | EE49: =SUM(DS49:EC49) -> 4465344.3
A50: Margen Neto | B50: =B49/B7 -> 0.0063261982 | F50: =F49/F7 -> 0.034531871 | G50: =G49/G7 -> 0.034413287 | H50: =H49/H7 -> 0.037496963 | I50: =I49/I7 -> 0.036132396 | J50: =J49/J7 -> 0.038087107 | K50: =K49/K7 -> 0.037046814 | L50: =L49/L7 -> 0.038738158 | M50: =M49/M7 -> 0.038199248 | ... DQ50: =DQ49/DQ7 -> -0.0353456 | DS50: =DS49/DS7 -> 0.0044586415 | DT50: =DT49/DT7 -> 0.024319551 | DU50: =DU49/DU7 -> 0.0047713594 | DV50: =DV49/DV7 -> 0.0084605348 | DW50: =DW49/DW7 -> 0.0043585564 | DX50: =DX49/DX7 -> 0.006166362 | DY50: =DY49/DY7 -> 0.013007335 | DZ50: =DZ49/DZ7 -> 0.013547586 | ... EC50: =EC49/EC7 -> 0.01468138 | EE50: =AVERAGE(DS50:EC50) -> 0.0096452286
DS51: 91000.332 | DT51: 171640.53 | DU51: 190615.88 | DV51: 357929.91 | DW51: 193810.72 | DX51: 284078.75 | DY51: 304820.31 | DZ51: 334480.42 | EA51: 373221.83 | EB51: 378520.18 | EC51: 303970.14
A54: + Depreciaciones | B54: 32540 | C54: =C29 -> 32540 | D54: =D29 -> 32540 | E54: =E29 -> 32540 | F54: =F29 -> 32540 | G54: =G29 -> 32540 | H54: =H29 -> 32540 | I54: =I29 -> 32540 | J54: =J29 -> 32540 | ... DQ54: =DQ29 -> 32540 | DS54: =SUM(B54:E54) -> 130160 | DT54: =SUM(F54:Q54) -> 390480 | DU54: =SUM(R54:AC54) -> 390480 | DV54: =SUM(AD54:AO54) -> 390480 | DW54: =SUM(AP54:BA54) -> 390480 | DX54: =SUM(BB54:BM54) -> 390480 | DY54: =SUM(BN54:BY54) -> 390480 | DZ54: =SUM(BZ54:CK54) -> 390480 | EA54: =SUM(CL54:CW54) -> 390480 | EB54: =SUM(CX54:DI54) -> 390480 | EC54: =SUM(DJ54:DQ54) -> 260320 | EE54: =SUM(DS54:EC54) -> 3904800
A55: - CAPEX | B55: =64938/12 -> 5411.5 | C55: =64938/12 -> 5411.5 | D55: =64938/12 -> 5411.5 | E55: =64938/12 -> 5411.5 | F55: =E55*(1+Supuestos!$M$13) -> 5979.7075 | G55: =F55 -> 5979.7075 | H55: =G55 -> 5979.7075 | I55: =H55 -> 5979.7075 | J55: =I55 -> 5979.7075 | K55: =J55 -> 5979.7075 | L55: =K55 -> 5979.7075 | M55: =L55 -> 5979.7075 | N55: =M55 -> 5979.7075 | ... Q55: =P55 -> 5979.7075 | R55: =Q55*(1+Supuestos!$N$13) -> 6487.9826 | S55: =R55 -> 6487.9826 | T55: =S55 -> 6487.9826 | U55: =T55 -> 6487.9826 | V55: =U55 -> 6487.9826 | W55: =V55 -> 6487.9826 | X55: =W55 -> 6487.9826 | Y55: =X55 -> 6487.9826 | Z55: =Y55 -> 6487.9826 | ... AC55: =AB55 -> 6487.9826 | AD55: =AC55*(1+Supuestos!$O$13) -> 6974.5813 | AE55: =AD55 -> 6974.5813 | AF55: =AE55 -> 6974.5813 | AG55: =AF55 -> 6974.5813 | AH55: =AG55 -> 6974.5813 | AI55: =AH55 -> 6974.5813 | AJ55: =AI55 -> 6974.5813 | AK55: =AJ55 -> 6974.5813 | AL55: =AK55 -> 6974.5813 | ... AO55: =AN55 -> 6974.5813 | AP55: =AO55*(1+Supuestos!$P$13) -> 7427.9291 | AQ55: =AP55 -> 7427.9291 | AR55: =AQ55 -> 7427.9291 | AS55: =AR55 -> 7427.9291 | AT55: =AS55 -> 7427.9291 | AU55: =AT55 -> 7427.9291 | AV55: =AU55 -> 7427.9291 | AW55: =AV55 -> 7427.9291 | AX55: =AW55 -> 7427.9291 | ... BA55: =AZ55 -> 7427.9291 | BB55: =BA55*(1+Supuestos!$Q$13) -> 7799.3256 | BC55: =BB55 -> 7799.3256 | BD55: =BC55 -> 7799.3256 | BE55: =BD55 -> 7799.3256 | BF55: =BE55 -> 7799.3256 | BG55: =BF55 -> 7799.3256 | BH55: =BG55 -> 7799.3256 | BI55: =BH55 -> 7799.3256 | BJ55: =BI55 -> 7799.3256 | ... BM55: =BL55 -> 7799.3256 | BN55: =BM55*(1+Supuestos!$R$13) -> 8111.2986 | BO55: =BN55 -> 8111.2986 | BP55: =BO55 -> 8111.2986 | BQ55: =BP55 -> 8111.2986 | BR55: =BQ55 -> 8111.2986 | BS55: =BR55 -> 8111.2986 | BT55: =BS55 -> 8111.2986 | BU55: =BT55 -> 8111.2986 | BV55: =BU55 -> 8111.2986 | ... BY55: =BX55 -> 8111.2986 | BZ55: =BY55*(1+Supuestos!$S$13) -> 8435.7505 | CA55: =BZ55 -> 8435.7505 | CB55: =CA55 -> 8435.7505 | CC55: =CB55 -> 8435.7505 | CD55: =CC55 -> 8435.7505 | CE55: =CD55 -> 8435.7505 | CF55: =CE55 -> 8435.7505 | CG55: =CF55 -> 8435.7505 | CH55: =CG55 -> 8435.7505 | ... CK55: =CJ55 -> 8435.7505 | CL55: =CK55*(1+Supuestos!$T$13) -> 8773.1806 | CM55: =CL55*(1+Supuestos!$T$13) -> 9124.1078 | CN55: =CM55*(1+Supuestos!$T$13) -> 9489.0721 | CO55: =CN55*(1+Supuestos!$T$13) -> 9868.635 | CP55: =CO55*(1+Supuestos!$T$13) -> 10263.38 | CQ55: =CP55*(1+Supuestos!$T$13) -> 10673.916 | CR55: =CQ55*(1+Supuestos!$T$13) -> 11100.872 | CS55: =CR55*(1+Supuestos!$T$13) -> 11544.907 | ... CW55: =CV55*(1+Supuestos!$T$13) -> 13505.908 | CX55: =CW55*(1+Supuestos!$U$13) -> 14046.145 | CY55: =CX55 -> 14046.145 | CZ55: =CY55 -> 14046.145 | DA55: =CZ55 -> 14046.145 | DB55: =DA55 -> 14046.145 | DC55: =DB55 -> 14046.145 | DD55: =DC55 -> 14046.145 | DE55: =DD55 -> 14046.145 | DF55: =DE55 -> 14046.145 | ... DI55: =DH55 -> 14046.145 | DJ55: =DI55*(1+Supuestos!$V$13) -> 14607.991 | DK55: =DJ55 -> 14607.991 | DL55: =DK55 -> 14607.991 | DM55: =DL55 -> 14607.991 | DN55: =DM55 -> 14607.991 | DO55: =DN55 -> 14607.991 | DP55: =DO55 -> 14607.991 | DQ55: =DP55 -> 14607.991 | DS55: =SUM(B55:E55) -> 21646 | DT55: =SUM(F55:Q55) -> 71756.49 | DU55: =SUM(R55:AC55) -> 77855.792 | DV55: =SUM(AD55:AO55) -> 83694.976 | DW55: =SUM(AP55:BA55) -> 89135.149 | DX55: =SUM(BB55:BM55) -> 93591.907 | DY55: =SUM(BN55:BY55) -> 97335.583 | DZ55: =SUM(BZ55:CK55) -> 101229.01 | EA55: =SUM(CL55:CW55) -> 131824.1 | EB55: =SUM(CX55:DI55) -> 168553.74 | EC55: =SUM(DJ55:DQ55) -> 116863.92 | EE55: =SUM(DS55:EC55) -> 1053486.7
A56: Leasing (Capital) | B56: =Leasing!P49 -> 7740.5643 | C56: =Leasing!Q49 -> 7841.8367 | D56: =Leasing!R49 -> 7944.434 | E56: =Leasing!S49 -> 8048.3737 | F56: =Leasing!T49 -> 5981.602 | G56: =Leasing!U49 -> 6059.8613 | H56: =Leasing!V49 -> 6139.1445 | I56: =Leasing!W49 -> 6219.465 | ... S56: =Leasing!AG49 -> 0 | DS56: =SUM(B56:E56) -> 31575.209 | DT56: =SUM(F56:Q56) -> 63597.621 | DU56: =SUM(R56:AC56) -> 0 | DV56: =SUM(AD56:AO56) -> 0 | DW56: =SUM(AP56:BA56) -> 0 | DX56: =SUM(BB56:BM56) -> 0 | DY56: =SUM(BN56:BY56) -> 0 | DZ56: =SUM(BZ56:CK56) -> 0 | EA56: =SUM(CL56:CW56) -> 0 | EB56: =SUM(CX56:DI56) -> 0 | EC56: =SUM(DJ56:DQ56) -> 0 | EE56: =SUM(DS56:EC56) -> 95172.829
A57: Clase 1- Laborales (Intereses) | B57: 0 | C57: 0 | D57: 0 | E57: 0 | F57: 0 | G57: 0 | H57: 0 | I57: 0 | J57: 0 | L57: 0 | M57: 0 | N57: =SUM('Graduación Acreencias'!C30:AW30) -> 4424.5886 | O57: 0 | P57: 0 | Q57: 0 | R57: 0 | S57: 0 | T57: 0 | U57: 0 | V57: 0 | W57: 0 | X57: ='Graduación Acreencias'!BH30+'Graduación Acreencias'!BH31 -> 0 | Y57: 0 | Z57: =SUM('Graduación Acreencias'!AX30:BI30) -> 1066.6669 | AA57: 0 | AB57: 0 | AC57: 0 | AD57: 0 | AE57: 0 | AF57: 0 | AG57: 0 | AH57: 0 | AI57: 0 | AJ57: 0 | AK57: 0 | AL57: 0 | AM57: 0 | AN57: 0 | AO57: 0 | AP57: 0 | AQ57: 0 | AR57: 0 | AS57: 0 | AT57: 0 | AU57: 0 | AV57: 0 | AW57: 0 | AX57: 0 | AY57: 0 | AZ57: 0 | BA57: 0 | BB57: 0 | BC57: 0 | BD57: 0 | BE57: 0 | BF57: 0 | BG57: 0 | BH57: 0 | BI57: 0 | BJ57: 0 | BK57: 0 | BL57: 0 | BM57: 0 | BN57: 0 | BO57: 0 | BP57: 0 | BQ57: 0 | BR57: 0 | BS57: 0 | BT57: 0 | BU57: 0 | BV57: 0 | BW57: 0 | BX57: 0 | BY57: 0 | BZ57: 0 | CA57: 0 | CB57: 0 | CC57: 0 | CD57: 0 | CE57: 0 | CF57: 0 | CG57: 0 | CH57: 0 | CI57: 0 | CJ57: 0 | CK57: 0 | CL57: 0 | CM57: 0 | CN57: 0 | CO57: 0 | CP57: 0 | CQ57: 0 | CR57: 0 | CS57: 0 | CT57: 0 | CU57: 0 | CV57: 0 | CW57: 0 | CX57: 0 | CY57: 0 | CZ57: 0 | DA57: 0 | DB57: 0 | DC57: 0 | DD57: 0 | DE57: 0 | DF57: 0 | DG57: 0 | DH57: 0 | DI57: 0 | DJ57: 0 | DK57: 0 | DL57: 0 | DM57: 0 | DN57: 0 | DO57: 0 | DP57: 0 | DQ57: 0 | DS57: =SUM(B57:E57) -> 0 | DT57: =SUM(F57:Q57) -> 4424.5886 | DU57: =SUM(R57:AC57) -> 1066.6669 | DV57: =SUM(AD57:AO57) -> 0 | DW57: =SUM(AP57:BA57) -> 0 | DX57: =SUM(BB57:BM57) -> 0 | DY57: =SUM(BN57:BY57) -> 0 | DZ57: =SUM(BZ57:CK57) -> 0 | EA57: =SUM(CL57:CW57) -> 0 | EB57: =SUM(CX57:DI57) -> 0 | EC57: =SUM(DJ57:DQ57) -> 0 | EE57: =SUM(DS57:EC57) -> 5491.2555
A58: Clase 1- Capital (Capital) | B58: 0 | C58: 0 | D58: 0 | E58: 0 | F58: 0 | G58: 0 | H58: 0 | I58: 0 | J58: 0 | K58: 0 | L58: 0 | M58: 0 | N58: 0 | O58: 0 | P58: 0 | Q58: 0 | R58: 0 | S58: 0 | T58: 0 | U58: 0 | V58: 0 | W58: 0 | Y58: 0 | Z58: ='Graduación Acreencias'!BI31 -> 13856 | AA58: 0 | AB58: 0 | AC58: 0 | AD58: 0 | AE58: 0 | AF58: 0 | AG58: 0 | AH58: 0 | AI58: 0 | AJ58: 0 | AK58: 0 | AL58: 0 | AM58: 0 | AN58: 0 | AO58: 0 | AP58: 0 | AQ58: 0 | AR58: 0 | AS58: 0 | AT58: 0 | AU58: 0 | AV58: 0 | AW58: 0 | AX58: 0 | AY58: 0 | AZ58: 0 | BA58: 0 | BB58: 0 | BC58: 0 | BD58: 0 | BE58: 0 | BF58: 0 | BG58: 0 | BH58: 0 | BI58: 0 | BJ58: 0 | BK58: 0 | BL58: 0 | BM58: 0 | BN58: 0 | BO58: 0 | BP58: 0 | BQ58: 0 | BR58: 0 | BS58: 0 | BT58: 0 | BU58: 0 | BV58: 0 | BW58: 0 | BX58: 0 | BY58: 0 | BZ58: 0 | CA58: 0 | CB58: 0 | CC58: 0 | CD58: 0 | CE58: 0 | CF58: 0 | CG58: 0 | CH58: 0 | CI58: 0 | CJ58: 0 | CK58: 0 | CL58: 0 | CM58: 0 | CN58: 0 | CO58: 0 | CP58: 0 | CQ58: 0 | CR58: 0 | CS58: 0 | CT58: 0 | CU58: 0 | CV58: 0 | CW58: 0 | CX58: 0 | CY58: 0 | CZ58: 0 | DA58: 0 | DB58: 0 | DC58: 0 | DD58: 0 | DE58: 0 | DF58: 0 | DG58: 0 | DH58: 0 | DI58: 0 | DJ58: 0 | DK58: 0 | DL58: 0 | DM58: 0 | DN58: 0 | DO58: 0 | DP58: 0 | DQ58: 0 | DS58: =SUM(B58:E58) -> 0 | DT58: =SUM(F58:Q58) -> 0 | DU58: =SUM(R58:AC58) -> 13856 | DV58: =SUM(AD58:AO58) -> 0 | DW58: =SUM(AP58:BA58) -> 0 | DX58: =SUM(BB58:BM58) -> 0 | DY58: =SUM(BN58:BY58) -> 0 | DZ58: =SUM(BZ58:CK58) -> 0 | EA58: =SUM(CL58:CW58) -> 0 | EB58: =SUM(CX58:DI58) -> 0 | EC58: =SUM(DJ58:DQ58) -> 0 | EE58: =SUM(DS58:EC58) -> 13856
A59: Clase 1- Fiscales y Parafiscales (Intereses) | B59: 0 | C59: 0 | D59: 0 | E59: 0 | F59: 0 | G59: 0 | H59: 0 | I59: 0 | J59: 0 | L59: 0 | M59: 0 | N59: =SUM('Graduación Acreencias'!C36:AW36) -> 1611.5654 | O59: 0 | P59: 0 | Q59: 0 | R59: 0 | S59: 0 | T59: 0 | U59: 0 | V59: 0 | W59: 0 | X59: ='Graduación Acreencias'!BH36+'Graduación Acreencias'!BH37 -> 0 | Y59: 0 | Z59: =SUM('Graduación Acreencias'!AX36:BI36) -> 376.08095 | AA59: 0 | AB59: 0 | AC59: 0 | AD59: 0 | AE59: 0 | AF59: 0 | AG59: 0 | AH59: 0 | AI59: 0 | AJ59: 0 | AK59: 0 | AL59: 0 | AM59: 0 | AN59: 0 | AO59: 0 | AP59: 0 | AQ59: 0 | AR59: 0 | AS59: 0 | AT59: 0 | AU59: 0 | AV59: 0 | AW59: 0 | AX59: 0 | AY59: 0 | AZ59: 0 | BA59: 0 | BB59: 0 | BC59: 0 | BD59: 0 | BE59: 0 | BF59: 0 | BG59: 0 | BH59: 0 | BI59: 0 | BJ59: 0 | BK59: 0 | BL59: 0 | BM59: 0 | BN59: 0 | BO59: 0 | BP59: 0 | BQ59: 0 | BR59: 0 | BS59: 0 | BT59: 0 | BU59: 0 | BV59: 0 | BW59: 0 | BX59: 0 | BY59: 0 | BZ59: 0 | CA59: 0 | CB59: 0 | CC59: 0 | CD59: 0 | CE59: 0 | CF59: 0 | CG59: 0 | CH59: 0 | CI59: 0 | CJ59: 0 | CK59: 0 | CL59: 0 | CM59: 0 | CN59: 0 | CO59: 0 | CP59: 0 | CQ59: 0 | CR59: 0 | CS59: 0 | CT59: 0 | CU59: 0 | CV59: 0 | CW59: 0 | CX59: 0 | CY59: 0 | CZ59: 0 | DA59: 0 | DB59: 0 | DC59: 0 | DD59: 0 | DE59: 0 | DF59: 0 | DG59: 0 | DH59: 0 | DI59: 0 | DJ59: 0 | DK59: 0 | DL59: 0 | DM59: 0 | DN59: 0 | DO59: 0 | DP59: 0 | DQ59: 0 | DS59: =SUM(B59:E59) -> 0 | DT59: =SUM(F59:Q59) -> 1611.5654 | DU59: =SUM(R59:AC59) -> 376.08095 | DV59: =SUM(AD59:AO59) -> 0 | DW59: =SUM(AP59:BA59) -> 0 | DX59: =SUM(BB59:BM59) -> 0 | DY59: =SUM(BN59:BY59) -> 0 | DZ59: =SUM(BZ59:CK59) -> 0 | EA59: =SUM(CL59:CW59) -> 0 | EB59: =SUM(CX59:DI59) -> 0 | EC59: =SUM(DJ59:DQ59) -> 0 | EE59: =SUM(DS59:EC59) -> 1987.6463
A60: Clase 1- Fiscales y Parafiscales (capital) | B60: 0 | C60: 0 | D60: 0 | E60: 0 | F60: 0 | G60: 0 | H60: 0 | I60: 0 | J60: 0 | K60: 0 | L60: 0 | M60: 0 | N60: 0 | O60: 0 | P60: 0 | Q60: 0 | R60: 0 | S60: 0 | T60: 0 | U60: 0 | V60: 0 | W60: 0 | Y60: 0 | Z60: ='Graduación Acreencias'!BI37 -> 4885 | AA60: 0 | AB60: 0 | AC60: 0 | AD60: 0 | AE60: 0 | AF60: 0 | AG60: 0 | AH60: 0 | AI60: 0 | AJ60: 0 | AK60: 0 | AL60: 0 | AM60: 0 | AN60: 0 | AO60: 0 | AP60: 0 | AQ60: 0 | AR60: 0 | AS60: 0 | AT60: 0 | AU60: 0 | AV60: 0 | AW60: 0 | AX60: 0 | AY60: 0 | AZ60: 0 | BA60: 0 | BB60: 0 | BC60: 0 | BD60: 0 | BE60: 0 | BF60: 0 | BG60: 0 | BH60: 0 | BI60: 0 | BJ60: 0 | BK60: 0 | BL60: 0 | BM60: 0 | BN60: 0 | BO60: 0 | BP60: 0 | BQ60: 0 | BR60: 0 | BS60: 0 | BT60: 0 | BU60: 0 | BV60: 0 | BW60: 0 | BX60: 0 | BY60: 0 | BZ60: 0 | CA60: 0 | CB60: 0 | CC60: 0 | CD60: 0 | CE60: 0 | CF60: 0 | CG60: 0 | CH60: 0 | CI60: 0 | CJ60: 0 | CK60: 0 | CL60: 0 | CM60: 0 | CN60: 0 | CO60: 0 | CP60: 0 | CQ60: 0 | CR60: 0 | CS60: 0 | CT60: 0 | CU60: 0 | CV60: 0 | CW60: 0 | CX60: 0 | CY60: 0 | CZ60: 0 | DA60: 0 | DB60: 0 | DC60: 0 | DD60: 0 | DE60: 0 | DF60: 0 | DG60: 0 | DH60: 0 | DI60: 0 | DJ60: 0 | DK60: 0 | DL60: 0 | DM60: 0 | DN60: 0 | DO60: 0 | DP60: 0 | DQ60: 0 | DS60: =SUM(B60:E60) -> 0 | DT60: =SUM(F60:Q60) -> 0 | DU60: =SUM(R60:AC60) -> 4885 | DV60: =SUM(AD60:AO60) -> 0 | DW60: =SUM(AP60:BA60) -> 0 | DX60: =SUM(BB60:BM60) -> 0 | DY60: =SUM(BN60:BY60) -> 0 | DZ60: =SUM(BZ60:CK60) -> 0 | EA60: =SUM(CL60:CW60) -> 0 | EB60: =SUM(CX60:DI60) -> 0 | EC60: =SUM(DJ60:DQ60) -> 0 | EE60: =SUM(DS60:EC60) -> 4885
A61: Clase 2- Garantizados (intereses) | B61: 0 | C61: 0 | D61: 0 | E61: 0 | F61: 0 | G61: 0 | H61: 0 | I61: 0 | J61: 0 | L61: 0 | M61: 0 | N61: =SUM('Graduación Acreencias'!C42:AW42) -> 501187.39 | O61: 0 | P61: 0 | Q61: 0 | R61: 0 | S61: 0 | T61: 0 | U61: 0 | V61: 0 | W61: 0 | X61: ='Graduación Acreencias'!BH42 -> 0 | Y61: 0 | Z61: =SUM('Graduación Acreencias'!AX42:BI42) -> 127161.76 | AA61: 0 | AB61: 0 | AC61: 0 | AD61: 0 | AE61: 0 | AF61: 0 | AG61: 0 | AH61: 0 | AI61: 0 | AJ61: 0 | AK61: 0 | AL61: =SUM('Graduación Acreencias'!BJ42:BU42) -> 57507.954 | AM61: 0 | AN61: 0 | AO61: 0 | AP61: 0 | AQ61: 0 | AR61: 0 | AS61: 0 | AT61: 0 | AU61: 0 | AV61: 0 | AW61: 0 | AX61: =SUM('Graduación Acreencias'!BV42:CG42) -> 38338.636 | AY61: 0 | AZ61: 0 | BA61: 0 | BB61: 0 | BC61: 0 | BD61: 0 | BE61: 0 | BF61: 0 | BG61: 0 | BH61: 0 | BI61: 0 | BJ61: =SUM('Graduación Acreencias'!CH42:CS42) -> 19169.318 | BK61: 0 | BL61: 0 | BM61: 0 | BN61: 0 | BO61: 0 | BP61: 0 | BQ61: 0 | BR61: 0 | BS61: 0 | BT61: 0 | BU61: 0 | BV61: 0 | BW61: 0 | BX61: 0 | BY61: 0 | BZ61: 0 | CA61: 0 | CB61: 0 | CC61: 0 | CD61: 0 | CE61: 0 | CF61: 0 | CG61: 0 | CH61: 0 | CI61: 0 | CJ61: 0 | CK61: 0 | CL61: 0 | CM61: 0 | CN61: 0 | CO61: 0 | CP61: 0 | CQ61: 0 | CR61: 0 | CS61: 0 | CT61: 0 | CU61: 0 | CV61: 0 | CW61: 0 | CX61: 0 | CY61: 0 | CZ61: 0 | DA61: 0 | DB61: 0 | DC61: 0 | DD61: 0 | DE61: 0 | DF61: 0 | DG61: 0 | DH61: 0 | DI61: 0 | DJ61: 0 | DK61: 0 | DL61: 0 | DM61: 0 | DN61: 0 | DO61: 0 | DP61: 0 | DQ61: 0 | DS61: =SUM(B61:E61) -> 0 | DT61: =SUM(F61:Q61) -> 501187.39 | DU61: =SUM(R61:AC61) -> 127161.76 | DV61: =SUM(AD61:AO61) -> 57507.954 | DW61: =SUM(AP61:BA61) -> 38338.636 | DX61: =SUM(BB61:BM61) -> 19169.318 | DY61: =SUM(BN61:BY61) -> 0 | DZ61: =SUM(BZ61:CK61) -> 0 | EA61: =SUM(CL61:CW61) -> 0 | EB61: =SUM(CX61:DI61) -> 0 | EC61: =SUM(DJ61:DQ61) -> 0 | EE61: =SUM(DS61:EC61) -> 743365.06
A62: Clase 2- Garantizados (capital) | B62: 0 | C62: 0 | D62: 0 | E62: 0 | F62: 0 | G62: 0 | H62: 0 | I62: 0 | J62: 0 | K62: 0 | L62: 0 | M62: 0 | N62: 0 | O62: 0 | P62: 0 | Q62: 0 | R62: 0 | S62: 0 | T62: 0 | U62: 0 | V62: 0 | W62: 0 | X62: ='Graduación Acreencias'!BH43 -> 0 | Y62: 0 | Z62: ='Graduación Acreencias'!BI43 -> 392385.62 | AA62: 0 | AB62: 0 | AC62: 0 | AD62: 0 | AE62: 0 | AF62: 0 | AG62: 0 | AH62: 0 | AI62: 0 | AJ62: 0 | AK62: 0 | AL62: ='Graduación Acreencias'!BU43 -> 392385.62 | AM62: 0 | AN62: 0 | AO62: 0 | AP62: 0 | AQ62: 0 | AR62: 0 | AS62: 0 | AT62: 0 | AU62: 0 | AV62: 0 | AW62: 0 | AX62: ='Graduación Acreencias'!CG43 -> 392385.62 | AY62: 0 | AZ62: 0 | BA62: 0 | BB62: 0 | BC62: 0 | BD62: 0 | BE62: 0 | BF62: 0 | BG62: 0 | BH62: 0 | BI62: 0 | BJ62: ='Graduación Acreencias'!CS43 -> 392385.62 | BK62: 0 | BL62: 0 | BM62: 0 | BN62: 0 | BO62: 0 | BP62: 0 | BQ62: 0 | BR62: 0 | BS62: 0 | BT62: 0 | BU62: 0 | BV62: 0 | BW62: 0 | BX62: 0 | BY62: 0 | BZ62: 0 | CA62: 0 | CB62: 0 | CC62: 0 | CD62: 0 | CE62: 0 | CF62: 0 | CG62: 0 | CH62: 0 | CI62: 0 | CJ62: 0 | CK62: 0 | CL62: 0 | CM62: 0 | CN62: 0 | CO62: 0 | CP62: 0 | CQ62: 0 | CR62: 0 | CS62: 0 | CT62: 0 | CU62: 0 | CV62: 0 | CW62: 0 | CX62: 0 | CY62: 0 | CZ62: 0 | DA62: 0 | DB62: 0 | DC62: 0 | DD62: 0 | DE62: 0 | DF62: 0 | DG62: 0 | DH62: 0 | DI62: 0 | DJ62: 0 | DK62: 0 | DL62: 0 | DM62: 0 | DN62: 0 | DO62: 0 | DP62: 0 | DQ62: 0 | DS62: =SUM(B62:E62) -> 0 | DT62: =SUM(F62:Q62) -> 0 | DU62: =SUM(R62:AC62) -> 392385.62 | DV62: =SUM(AD62:AO62) -> 392385.62 | DW62: =SUM(AP62:BA62) -> 392385.62 | DX62: =SUM(BB62:BM62) -> 392385.62 | DY62: =SUM(BN62:BY62) -> 0 | DZ62: =SUM(BZ62:CK62) -> 0 | EA62: =SUM(CL62:CW62) -> 0 | EB62: =SUM(CX62:DI62) -> 0 | EC62: =SUM(DJ62:DQ62) -> 0 | EE62: =SUM(DS62:EC62) -> 1569542.5
A63: Clase 4 - Proveedores Estratégicos (intereses) | B63: 0 | C63: 0 | D63: 0 | E63: 0 | F63: 0 | G63: 0 | H63: 0 | I63: 0 | J63: 0 | L63: 0 | M63: 0 | N63: =SUM('Graduación Acreencias'!C48:AW48) -> 97845.932 | O63: 0 | P63: 0 | Q63: 0 | R63: 0 | S63: 0 | T63: 0 | U63: 0 | V63: 0 | W63: 0 | X63: ='Graduación Acreencias'!BH48 -> 0 | Y63: 0 | Z63: =SUM('Graduación Acreencias'!AX48:BI48) -> 14490.694 | AA63: 0 | AB63: 0 | AC63: 0 | AD63: 0 | AE63: 0 | AF63: 0 | AG63: 0 | AH63: 0 | AI63: 0 | AJ63: 0 | AK63: 0 | AL63: =SUM('Graduación Acreencias'!BJ48:BU48) -> 14490.694 | AM63: 0 | AN63: 0 | AO63: 0 | AP63: 0 | AQ63: 0 | AR63: 0 | AS63: 0 | AT63: 0 | AU63: 0 | AV63: 0 | AW63: 0 | AX63: =SUM('Graduación Acreencias'!BV48:CG48) -> 14490.694 | AY63: 0 | AZ63: 0 | BA63: 0 | BB63: 0 | BC63: 0 | BD63: 0 | BE63: 0 | BF63: 0 | BG63: 0 | BH63: 0 | BI63: 0 | BJ63: =SUM('Graduación Acreencias'!CH48:CS48) -> 24231.66 | BK63: 0 | BL63: 0 | BM63: 0 | BN63: 0 | BO63: 0 | BP63: 0 | BQ63: 0 | BR63: 0 | BS63: 0 | BT63: 0 | BU63: 0 | BV63: =SUM('Graduación Acreencias'!CT48:DE48) -> 7305.7248 | BW63: 0 | BX63: 0 | BY63: 0 | BZ63: 0 | CA63: 0 | CB63: 0 | CC63: 0 | CD63: 0 | CE63: 0 | CF63: 0 | CG63: 0 | CH63: 0 | CI63: 0 | CJ63: 0 | CK63: 0 | CL63: 0 | CM63: 0 | CN63: 0 | CO63: 0 | CP63: 0 | CQ63: 0 | CR63: 0 | CS63: 0 | CT63: 0 | CU63: 0 | CV63: 0 | CW63: 0 | CX63: 0 | CY63: 0 | CZ63: 0 | DA63: 0 | DB63: 0 | DC63: 0 | DD63: 0 | DE63: 0 | DF63: 0 | DG63: 0 | DH63: 0 | DI63: 0 | DJ63: 0 | DK63: 0 | DL63: 0 | DM63: 0 | DN63: 0 | DO63: 0 | DP63: 0 | DQ63: 0 | DS63: =SUM(B63:E63) -> 0 | DT63: =SUM(F63:Q63) -> 97845.932 | DU63: =SUM(R63:AC63) -> 14490.694 | DV63: =SUM(AD63:AO63) -> 14490.694 | DW63: =SUM(AP63:BA63) -> 14490.694 | DX63: =SUM(BB63:BM63) -> 24231.66 | DY63: =SUM(BN63:BY63) -> 7305.7248 | DZ63: =SUM(BZ63:CK63) -> 0 | EA63: =SUM(CL63:CW63) -> 0 | EB63: =SUM(CX63:DI63) -> 0 | EC63: =SUM(DJ63:DQ63) -> 0 | EE63: =SUM(DS63:EC63) -> 172855.4
A64: Clase 4 - Proveedores Estratégicos (capital) | B64: 0 | C64: 0 | D64: 0 | E64: 0 | F64: 0 | G64: 0 | H64: 0 | I64: 0 | J64: 0 | K64: 0 | L64: 0 | M64: 0 | N64: 0 | O64: 0 | P64: 0 | Q64: 0 | R64: 0 | S64: 0 | T64: 0 | U64: 0 | V64: 0 | W64: 0 | X64: ='Graduación Acreencias'!BH49 -> 0 | Z64: 0 | AA64: 0 | AB64: 0 | AC64: 0 | AD64: 0 | AE64: 0 | AF64: 0 | AG64: 0 | AH64: 0 | AI64: 0 | AJ64: 0 | AK64: 0 | AL64: 0 | AM64: 0 | AN64: 0 | AO64: 0 | AP64: 0 | AQ64: 0 | AR64: 0 | AS64: 0 | AT64: 0 | AU64: 0 | AV64: 0 | AW64: 0 | AX64: 0 | AY64: 0 | AZ64: 0 | BA64: 0 | BB64: 0 | BC64: 0 | BD64: 0 | BE64: 0 | BF64: 0 | BG64: 0 | BH64: 0 | BI64: 0 | BJ64: ='Graduación Acreencias'!CS49 -> 149544.26 | BK64: 0 | BL64: 0 | BM64: 0 | BN64: 0 | BO64: 0 | BP64: 0 | BQ64: 0 | BR64: 0 | BS64: 0 | BT64: 0 | BU64: 0 | BV64: ='Graduación Acreencias'!DE49 -> 149544.26 | BW64: 0 | BX64: 0 | BY64: 0 | BZ64: 0 | CA64: 0 | CB64: 0 | CC64: 0 | CD64: 0 | CE64: 0 | CF64: 0 | CG64: 0 | CH64: 0 | CI64: 0 | CJ64: 0 | CK64: 0 | CL64: 0 | CM64: 0 | CN64: 0 | CO64: 0 | CP64: 0 | CQ64: 0 | CR64: 0 | CS64: 0 | CT64: 0 | CU64: 0 | CV64: 0 | CW64: 0 | CX64: 0 | CY64: 0 | CZ64: 0 | DA64: 0 | DB64: 0 | DC64: 0 | DD64: 0 | DE64: 0 | DF64: 0 | DG64: 0 | DH64: 0 | DI64: 0 | DJ64: 0 | DK64: 0 | DL64: 0 | DM64: 0 | DN64: 0 | DO64: 0 | DP64: 0 | DQ64: 0 | DS64: =SUM(B64:E64) -> 0 | DT64: =SUM(F64:Q64) -> 0 | DU64: =SUM(R64:AC64) -> 0 | DV64: =SUM(AD64:AO64) -> 0 | DW64: =SUM(AP64:BA64) -> 0 | DX64: =SUM(BB64:BM64) -> 149544.26 | DY64: =SUM(BN64:BY64) -> 149544.26 | DZ64: =SUM(BZ64:CK64) -> 0 | EA64: =SUM(CL64:CW64) -> 0 | EB64: =SUM(CX64:DI64) -> 0 | EC64: =SUM(DJ64:DQ64) -> 0 | EE64: =SUM(DS64:EC64) -> 299088.51
A65: Clase 5 - Quirografarios (intereses) | B65: 0 | C65: 0 | D65: 0 | E65: 0 | F65: 0 | G65: 0 | H65: 0 | I65: 0 | J65: 0 | L65: 0 | M65: 0 | N65: =SUM('Graduación Acreencias'!C54:AW54) -> 595349.59 | O65: 0 | P65: 0 | Q65: 0 | R65: 0 | S65: 0 | T65: 0 | U65: 0 | V65: 0 | W65: 0 | X65: ='Graduación Acreencias'!BH54 -> 0 | Y65: 0 | Z65: =SUM('Graduación Acreencias'!AX54:BI54) -> 90330.508 | AA65: 0 | AB65: 0 | AC65: 0 | AD65: 0 | AE65: 0 | AF65: 0 | AG65: 0 | AH65: 0 | AI65: 0 | AJ65: 0 | AK65: 0 | AL65: =SUM('Graduación Acreencias'!BJ54:BU54) -> 90330.508 | AM65: 0 | AN65: 0 | AO65: 0 | AP65: 0 | AQ65: 0 | AR65: 0 | AS65: 0 | AT65: 0 | AU65: 0 | AV65: 0 | AW65: 0 | AX65: =SUM('Graduación Acreencias'!BV54:CG54) -> 90330.508 | AY65: 0 | AZ65: 0 | BA65: 0 | BB65: 0 | BC65: 0 | BD65: 0 | BE65: 0 | BF65: 0 | BG65: 0 | BH65: 0 | BI65: 0 | BJ65: =SUM('Graduación Acreencias'!CH54:CS54) -> 90330.508 | BK65: 0 | BL65: 0 | BM65: 0 | BN65: 0 | BO65: 0 | BP65: 0 | BQ65: 0 | BR65: 0 | BS65: 0 | BT65: 0 | BU65: 0 | BV65: =SUM('Graduación Acreencias'!CT54:DE54) -> 151052.68 | BW65: 0 | BX65: 0 | BY65: 0 | BZ65: 0 | CA65: 0 | CB65: 0 | CC65: 0 | CD65: 0 | CE65: 0 | CF65: 0 | CG65: 0 | CH65: =SUM('Graduación Acreencias'!DF54:DQ54) -> 72866.61 | CI65: 0 | CJ65: 0 | CK65: 0 | CL65: 0 | CM65: 0 | CN65: 0 | CO65: 0 | CP65: 0 | CQ65: 0 | CR65: 0 | CS65: 0 | CT65: =SUM('Graduación Acreencias'!DR54:EC54) -> 54649.957 | CU65: 0 | CV65: 0 | CW65: 0 | CX65: 0 | CY65: 0 | CZ65: 0 | DA65: 0 | DB65: 0 | DC65: 0 | DD65: 0 | DE65: 0 | DF65: =SUM('Graduación Acreencias'!ED54:EO54) -> 36433.305 | DG65: 0 | DH65: 0 | DI65: 0 | DJ65: 0 | DK65: 0 | DL65: 0 | DM65: 0 | DN65: 0 | DO65: 0 | DP65: 0 | DQ65: =SUM('Graduación Acreencias'!EP54:FA54) -> 18216.652 | DS65: =SUM(B65:E65) -> 0 | DT65: =SUM(F65:Q65) -> 595349.59 | DU65: =SUM(R65:AC65) -> 90330.508 | DV65: =SUM(AD65:AO65) -> 90330.508 | DW65: =SUM(AP65:BA65) -> 90330.508 | DX65: =SUM(BB65:BM65) -> 90330.508 | DY65: =SUM(BN65:BY65) -> 151052.68 | DZ65: =SUM(BZ65:CK65) -> 72866.61 | EA65: =SUM(CL65:CW65) -> 54649.957 | EB65: =SUM(CX65:DI65) -> 36433.305 | EC65: =SUM(DJ65:DQ65) -> 18216.652 | EE65: =SUM(DS65:EC65) -> 1289890.8
A66: Clase 5 - Quirografarios (capital) | B66: 0 | C66: 0 | D66: 0 | E66: 0 | F66: 0 | G66: 0 | H66: 0 | I66: 0 | J66: 0 | K66: 0 | L66: 0 | M66: 0 | N66: 0 | O66: 0 | P66: 0 | Q66: 0 | R66: 0 | S66: 0 | T66: 0 | U66: 0 | V66: 0 | W66: 0 | X66: ='Graduación Acreencias'!BH55 -> 0 | Y66: 0 | Z66: 0 | AA66: 0 | AB66: 0 | AC66: 0 | AD66: 0 | AE66: 0 | AF66: 0 | AG66: 0 | AH66: 0 | AI66: 0 | AJ66: 0 | AK66: 0 | AL66: 0 | AM66: 0 | AN66: 0 | AO66: 0 | AP66: 0 | AQ66: 0 | AR66: 0 | AS66: 0 | AT66: 0 | AU66: 0 | AV66: 0 | AW66: 0 | AX66: 0 | AY66: 0 | AZ66: 0 | BA66: 0 | BB66: 0 | BC66: 0 | BD66: 0 | BE66: 0 | BF66: 0 | BG66: 0 | BH66: 0 | BI66: 0 | BJ66: 0 | BK66: 0 | BL66: 0 | BM66: 0 | BN66: 0 | BO66: 0 | BP66: 0 | BQ66: 0 | BR66: 0 | BS66: 0 | BT66: 0 | BU66: 0 | BV66: ='Graduación Acreencias'!DE55 -> 372885.07 | BW66: 0 | BX66: 0 | BY66: 0 | BZ66: 0 | CA66: 0 | CB66: 0 | CC66: 0 | CD66: 0 | CE66: 0 | CF66: 0 | CG66: 0 | CH66: ='Graduación Acreencias'!DQ55 -> 372885.07 | CI66: 0 | CJ66: 0 | CK66: 0 | CL66: 0 | CM66: 0 | CN66: 0 | CO66: 0 | CP66: 0 | CQ66: 0 | CR66: 0 | CS66: 0 | CT66: ='Graduación Acreencias'!EC55 -> 372885.07 | CU66: 0 | CV66: 0 | CW66: 0 | CX66: 0 | CY66: 0 | CZ66: 0 | DA66: 0 | DB66: 0 | DC66: 0 | DD66: 0 | DE66: 0 | DF66: ='Graduación Acreencias'!EO55 -> 372885.07 | DG66: 0 | DH66: 0 | DI66: 0 | DJ66: 0 | DK66: 0 | DL66: 0 | DM66: 0 | DN66: 0 | DO66: 0 | DP66: 0 | DQ66: ='Graduación Acreencias'!FA55 -> 372885.07 | DS66: =SUM(B66:E66) -> 0 | DT66: =SUM(F66:Q66) -> 0 | DU66: =SUM(R66:AC66) -> 0 | DV66: =SUM(AD66:AO66) -> 0 | DW66: =SUM(AP66:BA66) -> 0 | DX66: =SUM(BB66:BM66) -> 0 | DY66: =SUM(BN66:BY66) -> 372885.07 | DZ66: =SUM(BZ66:CK66) -> 372885.07 | EA66: =SUM(CL66:CW66) -> 372885.07 | EB66: =SUM(CX66:DI66) -> 372885.07 | EC66: =SUM(DJ66:DQ66) -> 372885.07 | EE66: =SUM(DS66:EC66) -> 1864425.4
A68: = FLUJO DE CAJA ACUERDO | B68: =B49+B54-B55-B56-B57-B58-B59-B60-B61-B62-B63-B64-B65-B66 -> 37502.298 | C68: =C49+C54-C55-C56-C57-C58-C59-C60-C61-C62-C63-C64-C65-C66 -> 36447.297 | D68: =D49+D54-D55-D56-D57-D58-D59-D60-D61-D62-D63-D64-D65-D66 -> 34928.016 | E68: =E49+E54-E55-E56-E57-E58-E59-E60-E61-E62-E63-E64-E65-E66 -> 23146.101 | F68: =F49+F54-F55-F56-F57-F58-F59-F60-F61-F62-F63-F64-F65-F66 -> 109188.57 | G68: =G49+G54-G55-G56-G57-G58-G59-G60-G61-G62-G63-G64-G65-G66 -> 106146.41 | H68: =H49+H54-H55-H56-H57-H58-H59-H60-H61-H62-H63-H64-H65-H66 -> 142071.5 | I68: =I49+I54-I55-I56-I57-I58-I59-I60-I61-I62-I63-I64-I65-I66 -> 119776.66 | ... DQ68: =DQ49+DQ54-DQ55-DQ56-DQ57-DQ58-DQ59-DQ60-DQ61-DQ62-DQ63-DQ64-DQ65-DQ66 -> -536763.31 | DS68: =DS49+DS54-DS55-DS56-DS57-DS58-DS59-DS60-DS61-DS62-DS63-DS64-DS65-DS66 -> 132023.71 | DT68: =DT49+DT54-DT55-DT56-DT57-DT58-DT59-DT60-DT61-DT62-DT63-DT64-DT65-DT66 -> -45713.108 | DU68: =DU49+DU54-DU55-DU56-DU57-DU58-DU59-DU60-DU61-DU62-DU63-DU64-DU65-DU66 -> -142198.62 | DV68: =DV49+DV54-DV55-DV56-DV57-DV58-DV59-DV60-DV61-DV62-DV63-DV64-DV65-DV66 -> 110364.77 | DW68: =DW49+DW54-DW55-DW56-DW57-DW58-DW59-DW60-DW61-DW62-DW63-DW64-DW65-DW66 -> -40391.444 | DX68: =DX49+DX54-DX55-DX56-DX57-DX58-DX59-DX60-DX61-DX62-DX63-DX64-DX65-DX66 -> -93609.726 | DY68: =DY49+DY54-DY55-DY56-DY57-DY58-DY59-DY60-DY61-DY62-DY63-DY64-DY65-DY66 -> 237942.17 | DZ68: =DZ49+DZ54-DZ55-DZ56-DZ57-DZ58-DZ59-DZ60-DZ61-DZ62-DZ63-DZ64-DZ65-DZ66 -> 521130.8 | ... EC68: =EC49+EC54-EC55-EC56-EC57-EC58-EC59-EC60-EC61-EC62-EC63-EC64-EC65-EC66 -> 279043.05 | EE68: =SUM(DS68:EC68) -> 1256097.3
A70: Saldo Inicial | B70: 222325
A71: FC ACUMULADO | B71: =B68+B70 -> 259827.3 | C71: =B71+C68 -> 296274.59 | D71: =C71+D68 -> 331202.61 | E71: =D71+E68 -> 354348.71 | F71: =E71+F68 -> 463537.28 | G71: =F71+G68 -> 569683.69 | H71: =G71+H68 -> 711755.18 | I71: =H71+I68 -> 831531.84 | J71: =I71+J68 -> 976984.24 | ... DQ71: =DP71+DQ68 -> 1478422.3 | DS71: FC Aculumado | DT71: =DS68+DT68+B70 -> 308635.6 | DU71: =DT71+DU68 -> 166436.99 | DV71: =DU71+DV68 -> 276801.75 | DW71: =DV71+DW68 -> 236410.31 | DX71: =DW71+DX68 -> 142800.58 | DY71: =DX71+DY68 -> 380742.76 | DZ71: =DY71+DZ68 -> 901873.55 | EA71: =DZ71+EA68 -> 1059811.6 | EB71: =EA71+EB68 -> 1199379.2 | EC71: =EB71+EC68 -> 1478422.3

Sheet Graduación Acreencias
F1: 12
B2: Fecha Admisión Benal | C2: 44127
B4: IPC 2023 (Agosto) | C4: 0.1143
C6: 1000
B7: Interes - IPC (Efectiva) | C7: =Supuestos!Y13 -> 0.04954
B8: Interes Nominal Anual | C8: =NOMINAL(C7,12) -> 0.048449517
B9: Interes Nominal Mes Vencido | C9: =C8/12 -> 0.0040374597
B11: PRIMERA CLASE | G11: 1 | H11: 2 | I11: 3 | J11: 4 | K11: 5 | L11: 6 | M11: 7 | N11: 8 | O11: 9 | P11: 10
B12: Laborales | C12: 13856.254 | E12: Tipo Acreencia | F12: 2023 | G12: 2024 | H12: 2025 | I12: 2026 | J12: 2027 | K12: 2028 | L12: 2029 | M12: 2030 | N12: 2031 | O12: 2032 | P12: 2033 | Q12: Total | R12: Vr. Capital ($-000)
B13: Fiscales - Parafiscales | C13: 4885.38 | E13: 1a Clase - Laborales | H13: 1 | Q13: =SUM(F13:P13) -> 1 | R13: =C12 -> 13856.254
E14: 1a. Clase - Fiscales y Parafiscales | H14: 1 | Q14: =SUM(F14:P14) -> 1 | R14: =C13 -> 4885.38
C15: =SUM(C12:C14) -> 18741.634 | E15: 2a. Clase - Garantizados | H15: 0.25 | I15: 0.25 | J15: 0.25 | K15: 0.25 | Q15: =SUM(F15:P15) -> 1 | R15: =C18 -> 1569542.5
E16: 4a. Clase - Proveedores Estrategicos | K16: 0.5 | L16: 0.5 | Q16: =SUM(F16:P16) -> 1 | R16: =C21 -> 299088.51
B17: SEGUNDA CLASE | E17: 5a. Clase - Quirografarios | L17: 0.2 | M17: 0.2 | N17: 0.2 | O17: 0.2 | P17: 0.2 | Q17: =SUM(F17:P17) -> 1 | R17: =C24 -> 1864425.4
B18: Garantizados | C18: 1569542.5 | R18: =SUM(R13:R17) -> 3751798
B20: CUARTA CLASE
B21: Proveedores Estratégicos | C21: 299088.51
B23: QUINTA CLASE
B24: Quirografarios | C24: 1864425.4
BN25: 45901 | BO25: 45658
B26: TOTAL ACREENCIAS | C26: =C15+C18+C21+C24 -> 3751798 | E26: 43952 | BN26: 46022 | BO26: 45900
E27: 44196 | BN27: =BN26-BN25 -> 121 | BO27: =BO26-BO25 -> 242
E28: =E27-E26 -> 244
B29: 1era Clase Laborales | C29: 44105 | D29: 44136 | E29: 44166 | F29: 44197 | G29: 44228 | H29: 44256 | I29: 44287 | J29: 44317 | K29: 44348 | L29: 44378 | M29: 44409 | N29: 44440 | O29: 44470 | P29: 44501 | Q29: 44531 | R29: 44562 | S29: 44593 | T29: 44621 | U29: 44652 | V29: 44682 | W29: 44713 | X29: 44743 | Y29: 44774 | Z29: 44805 | AA29: 44835 | AB29: 44866 | AC29: 44896 | AD29: 44927 | AE29: 44958 | AF29: 44986 | AG29: 45017 | AH29: 45047 | AI29: 45078 | AJ29: 45108 | AK29: 45139 | AL29: 45170 | AM29: 45200 | AN29: 45231 | AO29: 45261 | AP29: 45292 | AQ29: 45323 | AR29: 45352 | AS29: 45383 | AT29: 45413 | AU29: 45444 | AV29: 45474 | AW29: 45505 | AX29: 45536 | AY29: 45566 | AZ29: 45597 | BA29: 45627 | BB29: 45658 | BC29: 45689 | BD29: 45717 | BE29: 45748 | BF29: 45778 | BG29: 45809 | BH29: 45839 | BI29: 45870 | BJ29: 45901 | BK29: 45931 | BL29: 45962 | BM29: 45992 | BN29: 46023 | BO29: 46054 | BP29: 46082 | BQ29: 46113 | BR29: 46143 | BS29: 46174 | BT29: 46204 | BU29: 46235 | BV29: 46266 | BW29: 46296 | BX29: 46327 | BY29: 46357 | BZ29: 46388 | CA29: 46419 | CB29: 46447 | CC29: 46478 | CD29: 46508 | CE29: 46539 | CF29: 46569 | CG29: 46600 | CH29: 46631 | CI29: 46661 | CJ29: 46692 | CK29: 46722 | CL29: 46753 | CM29: 46784 | CN29: 46813 | CO29: 46844 | CP29: 46874 | CQ29: 46905 | CR29: 46935 | CS29: 46966 | CT29: 46997 | CU29: 47027 | CV29: 47058 | CW29: 47088 | CX29: 47119 | CY29: 47150 | CZ29: 47178 | DA29: 47209 | DB29: 47239 | DC29: 47270 | DD29: 47300 | DE29: 47331 | DF29: 47362 | DG29: 47392 | DH29: 47423 | DI29: 47453 | DJ29: 47484 | DK29: 47515 | DL29: 47543 | DM29: 47574 | DN29: 47604 | DO29: 47635 | DP29: 47665 | DQ29: 47696 | DR29: 47727 | DS29: 47757 | DT29: 47788 | DU29: 47818 | DV29: 47849 | DW29: 47880 | DX29: 47908 | DY29: 47939 | DZ29: 47969 | EA29: 48000 | EB29: 48030 | EC29: 48061 | ED29: 48092 | EE29: 48122 | EF29: 48153 | EG29: 48183 | EH29: 48214 | EI29: 48245 | EJ29: 48274 | EK29: 48305 | EL29: 48335 | EM29: 48366 | EN29: 48396 | EO29: 48427 | EP29: 48458 | EQ29: 48488 | ER29: 48519 | ES29: 48549 | ET29: 48580 | EU29: 48611 | EV29: 48639 | EW29: 48670 | EX29: 48700 | EY29: 48731 | EZ29: 48761 | FA29: 48792
B30: INTERESES | C30: 0 | D30: 0 | E30: =((D32*Supuestos!$J$13)/360)*69 -> 42.75809 | F30: 0 | G30: 0 | H30: 0 | I30: 0 | J30: 0 | K30: 0 | L30: 0 | M30: 0 | N30: 0 | O30: 0 | P30: 0 | Q30: 0 | R30: =(Q32*Supuestos!$K$13) -> 778.72147 | S30: 0 | T30: 0 | U30: 0 | V30: 0 | W30: 0 | X30: 0 | Y30: 0 | Z30: 0 | AA30: 0 | AB30: 0 | AC30: 0 | AD30: =(AC32*Supuestos!$L$13) -> 1817.9405 | AE30: 0 | AF30: 0 | AG30: 0 | AH30: 0 | AI30: 0 | AJ30: 0 | AK30: 0 | AL30: =AK32*$C$4 -> 1583.7698 | AM30: 0 | AN30: 0 | AO30: 0 | AP30: =(AO32*($C$8/360))*108 -> 201.39864 | AQ30: 0 | AR30: 0 | AS30: 0 | AT30: 0 | AU30: 0 | AV30: 0 | AW30: 0 | AX30: 0 | AY30: 0 | AZ30: 0 | BA30: 0 | BB30: =(BA32*$C$8) -> 671.32881 | BC30: 0 | BD30: 0 | BE30: 0 | BF30: 0 | BI30: =((BH32*$C$8)/360)*212 -> 395.33808 | BJ30: 0 | BK30: 0 | BL30: 0 | BM30: 0 | BN30: 0 | BO30: 0 | BP30: 0 | BQ30: 0 | BR30: 0 | BS30: 0 | BT30: 0 | BU30: 0 | BV30: 0 | BW30: 0 | BX30: 0 | BY30: 0 | BZ30: 0 | CA30: 0 | CB30: 0 | CC30: 0 | CD30: 0 | CE30: 0 | CF30: 0 | CG30: 0 | CH30: 0 | CI30: 0 | CJ30: 0 | CK30: 0 | CL30: 0 | CM30: 0 | CN30: 0 | CO30: 0 | CP30: 0 | CQ30: 0 | CR30: 0 | CS30: 0 | CT30: 0 | CU30: 0 | CV30: 0 | CW30: 0 | CX30: 0 | CY30: 0 | CZ30: 0 | DA30: 0 | DB30: 0 | DC30: 0 | DD30: 0 | DE30: 0 | DF30: 0 | DG30: 0 | DH30: 0 | DI30: 0 | DJ30: 0 | DK30: 0 | DL30: 0 | DM30: 0 | DN30: 0 | DO30: 0 | DP30: 0 | DQ30: 0 | DR30: 0 | DS30: 0 | DT30: 0 | DU30: 0 | DV30: 0 | DW30: 0 | DX30: 0 | DY30: 0 | DZ30: 0 | EA30: 0 | EB30: 0 | EC30: 0 | ED30: 0 | EE30: 0 | EF30: 0 | EG30: 0 | EH30: 0 | EI30: 0 | EJ30: 0 | EK30: 0 | EL30: 0 | EM30: 0 | EN30: 0 | EO30: 0 | EP30: 0 | EQ30: 0 | ER30: 0 | ES30: 0 | ET30: 0 | EU30: 0 | EV30: 0 | EW30: 0 | EX30: 0 | FB30: =SUM(C30:FA30) -> 5491.2555
B31: CAPITAL | C31: 0 | D31: 0 | E31: 0 | F31: 0 | G31: 0 | H31: 0 | I31: 0 | J31: 0 | K31: 0 | L31: 0 | M31: 0 | N31: 0 | O31: 0 | P31: 0 | Q31: 0 | R31: 0 | S31: 0 | T31: 0 | U31: 0 | V31: 0 | W31: 0 | X31: 0 | Y31: 0 | Z31: 0 | AA31: 0 | AB31: 0 | AC31: 0 | AD31: 0 | AE31: 0 | AF31: 0 | AG31: 0 | AH31: 0 | AI31: 0 | AJ31: 0 | AK31: 0 | AL31: 0 | AM31: 0 | AN31: 0 | AO31: 0 | AP31: 0 | AQ31: 0 | AR31: 0 | AS31: 0 | AT31: 0 | AU31: 0 | AV31: 0 | AW31: 0 | AX31: 0 | AY31: 0 | AZ31: 0 | BA31: 0 | BB31: 0 | BC31: 0 | BD31: 0 | BE31: 0 | BF31: 0 | BG31: 0 | BH31: 0 | BI31: 13856 | BJ31: 0 | BK31: 0 | BL31: 0 | BM31: 0 | BN31: 0 | BO31: 0 | BP31: 0 | BQ31: 0 | BR31: 0 | BS31: 0 | BT31: 0 | BU31: 0 | BV31: 0 | BW31: 0 | BX31: 0 | BY31: 0 | BZ31: 0 | CA31: 0 | CB31: 0 | CC31: 0 | CD31: 0 | CE31: 0 | CF31: 0 | CG31: 0 | CH31: 0 | CI31: 0 | CJ31: 0 | CK31: 0 | CL31: 0 | CM31: 0 | CN31: 0 | CO31: 0 | CP31: 0 | CQ31: 0 | CR31: 0 | CS31: 0 | CT31: 0 | CU31: 0 | CV31: 0 | CW31: 0 | CX31: 0 | CY31: 0 | CZ31: 0 | DA31: 0 | DB31: 0 | DC31: 0 | DD31: 0 | DE31: 0 | DF31: 0 | DG31: 0 | DH31: 0 | DI31: 0 | DJ31: 0 | DK31: 0 | DL31: 0 | DM31: 0 | DN31: 0 | DO31: 0 | DP31: 0 | DQ31: 0 | DR31: 0 | DS31: 0 | DT31: 0 | DU31: 0 | DV31: 0 | DW31: 0 | DX31: 0 | DY31: 0 | DZ31: 0 | EA31: 0 | EB31: 0 | EC31: 0 | ED31: 0 | EE31: 0 | EF31: 0 | EG31: 0 | EH31: 0 | EI31: 0 | EJ31: 0 | EK31: 0 | EL31: 0 | EM31: 0 | EN31: 0 | EO31: 0 | EP31: 0 | EQ31: 0 | ER31: 0 | ES31: 0 | ET31: 0 | EU31: 0 | EV31: 0 | EW31: 0 | EX31: 0 | FB31: =SUM(C31:FA31) -> 13856
B32: SALDO | C32: =C12 -> 13856.254 | D32: =C32-D31 -> 13856.254 | E32: =D32-E31 -> 13856.254 | F32: =E32-F31 -> 13856.254 | G32: =F32-G31 -> 13856.254 | H32: =G32-H31 -> 13856.254 | I32: =H32-I31 -> 13856.254 | J32: =I32-J31 -> 13856.254 | K32: =J32-K31 -> 13856.254 | ... BI32: =BH32-BI31 -> 0.254
B35: 1era Clase Fiscales | C35: 43891 | D35: 44136 | E35: 44166 | F35: 44197 | G35: 44228 | H35: 44256 | I35: 44287 | J35: 44317 | K35: 44348 | L35: 44378 | M35: 44409 | N35: 44440 | O35: 44470 | P35: 44501 | Q35: 44531 | R35: 44562 | S35: 44593 | T35: 44621 | U35: 44652 | V35: 44682 | W35: 44713 | X35: 44743 | Y35: 44774 | Z35: 44805 | AA35: 44835 | AB35: 44866 | AC35: 44896 | AD35: 44927 | AE35: 44958 | AF35: 44986 | AG35: 45017 | AH35: 45047 | AI35: 45078 | AJ35: 45108 | AK35: 45139 | AL35: 45170 | AM35: 45200 | AN35: 45231 | AO35: 45261 | AP35: 45292 | AQ35: 45323 | AR35: 45352 | AS35: 45383 | AT35: 45413 | AU35: 45444 | AV35: 45474 | AW35: 45505 | AX35: 45536 | AY35: 45566 | AZ35: 45597 | BA35: 45627 | BB35: 45658 | BC35: 45689 | BD35: 45717 | BE35: 45748 | BF35: 45778 | BG35: 45809 | BH35: 45839 | BI35: 45870 | BJ35: 45901 | BK35: 45931 | BL35: 45962 | BM35: 45992 | BN35: 46023 | BO35: 46054 | BP35: 46082 | BQ35: 46113 | BR35: 46143 | BS35: 46174 | BT35: 46204 | BU35: 46235 | BV35: 46266 | BW35: 46296 | BX35: 46327 | BY35: 46357 | BZ35: 46388 | CA35: 46419 | CB35: 46447 | CC35: 46478 | CD35: 46508 | CE35: 46539 | CF35: 46569 | CG35: 46600 | CH35: 46631 | CI35: 46661 | CJ35: 46692 | CK35: 46722 | CL35: 46753 | CM35: 46784 | CN35: 46813 | CO35: 46844 | CP35: 46874 | CQ35: 46905 | CR35: 46935 | CS35: 46966 | CT35: 46997 | CU35: 47027 | CV35: 47058 | CW35: 47088 | CX35: 47119 | CY35: 47150 | CZ35: 47178 | DA35: 47209 | DB35: 47239 | DC35: 47270 | DD35: 47300 | DE35: 47331 | DF35: 47362 | DG35: 47392 | DH35: 47423 | DI35: 47453 | DJ35: 47484 | DK35: 47515 | DL35: 47543 | DM35: 47574 | DN35: 47604 | DO35: 47635 | DP35: 47665 | DQ35: 47696 | DR35: 47727 | DS35: 47757 | DT35: 47788 | DU35: 47818 | DV35: 47849 | DW35: 47880 | DX35: 47908 | DY35: 47939 | DZ35: 47969 | EA35: 48000 | EB35: 48030 | EC35: 48061 | ED35: 48092 | EE35: 48122 | EF35: 48153 | EG35: 48183 | EH35: 48214 | EI35: 48245 | EJ35: 48274 | EK35: 48305 | EL35: 48335 | EM35: 48366 | EN35: 48396 | EO35: 48427 | EP35: 48458 | EQ35: 48488 | ER35: 48519 | ES35: 48549 | ET35: 48580 | EU35: 48611 | EV35: 48639 | EW35: 48670 | EX35: 48700 | EY35: 48731 | EZ35: 48761 | FA35: 48792
B36: INTERESES | C36: 0 | D36: 0 | E36: =((D38*Supuestos!$J$13)/360)*305 -> 66.63794 | F36: 0 | G36: 0 | H36: 0 | I36: 0 | J36: 0 | K36: 0 | L36: 0 | M36: 0 | N36: 0 | O36: 0 | P36: 0 | Q36: 0 | R36: =(Q38*Supuestos!$K$13) -> 274.55836 | S36: 0 | T36: 0 | U36: 0 | V36: 0 | W36: 0 | X36: 0 | Y36: 0 | Z36: 0 | AA36: 0 | AB36: 0 | AC36: 0 | AD36: =(AC38*Supuestos!$L$13) -> 640.96186 | AE36: 0 | AF36: 0 | AG36: 0 | AH36: 0 | AI36: 0 | AJ36: 0 | AK36: 0 | AL36: =AK38*$C$4 -> 558.39893 | AM36: 0 | AN36: 0 | AO36: 0 | AP36: =(AO38*($C$8/360))*108 -> 71.00829 | AQ36: 0 | AR36: 0 | AS36: 0 | AT36: 0 | AU36: 0 | AV36: 0 | AW36: 0 | AX36: 0 | AY36: 0 | AZ36: 0 | BA36: 0 | BB36: =(BA38*$C$8) -> 236.6943 | BC36: 0 | BD36: 0 | BE36: 0 | BF36: 0 | BG36: 0 | BH36: 0 | BI36: =((BH38*$C$8)/360)*212 -> 139.38664 | BJ36: 0 | BK36: 0 | BL36: 0 | BM36: 0 | BN36: 0 | BO36: 0 | BP36: 0 | BQ36: 0 | BR36: 0 | BS36: 0 | BT36: 0 | BU36: 0 | BV36: 0 | BW36: 0 | BX36: 0 | BY36: 0 | BZ36: 0 | CA36: 0 | CB36: 0 | CC36: 0 | CD36: 0 | CE36: 0 | CF36: 0 | CG36: 0 | CH36: 0 | CI36: 0 | CJ36: 0 | CK36: 0 | CL36: 0 | CM36: 0 | CN36: 0 | CO36: 0 | CP36: 0 | CQ36: 0 | CR36: 0 | CS36: 0 | CT36: 0 | CU36: 0 | CV36: 0 | CW36: 0 | CX36: 0 | CY36: 0 | CZ36: 0 | DA36: 0 | DB36: 0 | DC36: 0 | DD36: 0 | DE36: 0 | DF36: 0 | DG36: 0 | DH36: 0 | DI36: 0 | DJ36: 0 | DK36: 0 | DL36: 0 | DM36: 0 | DN36: 0 | DO36: 0 | DP36: 0 | DQ36: 0 | DR36: 0 | DS36: 0 | DT36: 0 | DU36: 0 | DV36: 0 | DW36: 0 | DX36: 0 | DY36: 0 | DZ36: 0 | EA36: 0 | EB36: 0 | EC36: 0 | ED36: 0 | EE36: 0 | EF36: 0 | EG36: 0 | EH36: 0 | EI36: 0 | EJ36: 0 | EK36: 0 | EL36: 0 | EM36: 0 | EN36: 0 | EO36: 0 | EP36: 0 | EQ36: 0 | ER36: 0 | ES36: 0 | ET36: 0 | EU36: 0 | EV36: 0 | EW36: 0 | EX36: 0 | FB36: =SUM(C36:FA36) -> 1987.6463
B37: CAPITAL | C37: 0 | D37: 0 | E37: 0 | F37: 0 | G37: 0 | H37: 0 | I37: 0 | J37: 0 | K37: 0 | L37: 0 | M37: 0 | N37: 0 | O37: 0 | P37: 0 | Q37: 0 | R37: 0 | S37: 0 | T37: 0 | U37: 0 | V37: 0 | W37: 0 | X37: 0 | Y37: 0 | Z37: 0 | AA37: 0 | AB37: 0 | AC37: 0 | AD37: 0 | AE37: 0 | AF37: 0 | AG37: 0 | AH37: 0 | AI37: 0 | AJ37: 0 | AK37: 0 | AL37: 0 | AM37: 0 | AN37: 0 | AO37: 0 | AP37: 0 | AQ37: 0 | AR37: 0 | AS37: 0 | AT37: 0 | AU37: 0 | AV37: 0 | AW37: 0 | AX37: 0 | AY37: 0 | AZ37: 0 | BA37: 0 | BB37: 0 | BC37: 0 | BD37: 0 | BE37: 0 | BF37: 0 | BG37: 0 | BH37: 0 | BI37: 4885 | BJ37: 0 | BK37: 0 | BL37: 0 | BM37: 0 | BN37: 0 | BO37: 0 | BP37: 0 | BQ37: 0 | BR37: 0 | BS37: 0 | BT37: 0 | BU37: 0 | BV37: 0 | BW37: 0 | BX37: 0 | BY37: 0 | BZ37: 0 | CA37: 0 | CB37: 0 | CC37: 0 | CD37: 0 | CE37: 0 | CF37: 0 | CG37: 0 | CH37: 0 | CI37: 0 | CJ37: 0 | CK37: 0 | CL37: 0 | CM37: 0 | CN37: 0 | CO37: 0 | CP37: 0 | CQ37: 0 | CR37: 0 | CS37: 0 | CT37: 0 | CU37: 0 | CV37: 0 | CW37: 0 | CX37: 0 | CY37: 0 | CZ37: 0 | DA37: 0 | DB37: 0 | DC37: 0 | DD37: 0 | DE37: 0 | DF37: 0 | DG37: 0 | DH37: 0 | DI37: 0 | DJ37: 0 | DK37: 0 | DL37: 0 | DM37: 0 | DN37: 0 | DO37: 0 | DP37: 0 | DQ37: 0 | DR37: 0 | DS37: 0 | DT37: 0 | DU37: 0 | DV37: 0 | DW37: 0 | DX37: 0 | DY37: 0 | DZ37: 0 | EA37: 0 | EB37: 0 | EC37: 0 | ED37: 0 | EE37: 0 | EF37: 0 | EG37: 0 | EH37: 0 | EI37: 0 | EJ37: 0 | EK37: 0 | EL37: 0 | EM37: 0 | EN37: 0 | EO37: 0 | EP37: 0 | EQ37: 0 | ER37: 0 | ES37: 0 | ET37: 0 | EU37: 0 | EV37: 0 | EW37: 0 | EX37: 0 | FB37: =SUM(C37:FA37) -> 4885
B38: SALDO | C38: =C13 -> 4885.38 | D38: =C38-D37 -> 4885.38 | E38: =D38-E37 -> 4885.38 | F38: =E38-F37 -> 4885.38 | G38: =F38-G37 -> 4885.38 | H38: =G38-H37 -> 4885.38 | I38: =H38-I37 -> 4885.38 | J38: =I38-J37 -> 4885.38 | K38: =J38-K37 -> 4885.38 | ... BI38: =BH38-BI37 -> 0.38
B41: 2da Clase Garantizados | C41: 44105 | D41: 44136 | E41: 44166 | F41: 44197 | G41: 44228 | H41: 44256 | I41: 44287 | J41: 44317 | K41: 44348 | L41: 44378 | M41: 44409 | N41: 44440 | O41: 44470 | P41: 44501 | Q41: 44531 | R41: 44562 | S41: 44593 | T41: 44621 | U41: 44652 | V41: 44682 | W41: 44713 | X41: 44743 | Y41: 44774 | Z41: 44805 | AA41: 44835 | AB41: 44866 | AC41: 44896 | AD41: 44927 | AE41: 44958 | AF41: 44986 | AG41: 45017 | AH41: 45047 | AI41: 45078 | AJ41: 45108 | AK41: 45139 | AL41: 45170 | AM41: 45200 | AN41: 45231 | AO41: 45261 | AP41: 45292 | AQ41: 45323 | AR41: 45352 | AS41: 45383 | AT41: 45413 | AU41: 45444 | AV41: 45474 | AW41: 45505 | AX41: 45536 | AY41: 45566 | AZ41: 45597 | BA41: 45627 | BB41: 45658 | BC41: 45689 | BD41: 45717 | BE41: 45748 | BF41: 45778 | BG41: 45809 | BH41: 45839 | BI41: 45870 | BJ41: 45901 | BK41: 45931 | BL41: 45962 | BM41: 45992 | BN41: 46023 | BO41: 46054 | BP41: 46082 | BQ41: 46113 | BR41: 46143 | BS41: 46174 | BT41: 46204 | BU41: 46235 | BV41: 46266 | BW41: 46296 | BX41: 46327 | BY41: 46357 | BZ41: 46388 | CA41: 46419 | CB41: 46447 | CC41: 46478 | CD41: 46508 | CE41: 46539 | CF41: 46569 | CG41: 46600 | CH41: 46631 | CI41: 46661 | CJ41: 46692 | CK41: 46722 | CL41: 46753 | CM41: 46784 | CN41: 46813 | CO41: 46844 | CP41: 46874 | CQ41: 46905 | CR41: 46935 | CS41: 46966 | CT41: 46997 | CU41: 47027 | CV41: 47058 | CW41: 47088 | CX41: 47119 | CY41: 47150 | CZ41: 47178 | DA41: 47209 | DB41: 47239 | DC41: 47270 | DD41: 47300 | DE41: 47331 | DF41: 47362 | DG41: 47392 | DH41: 47423 | DI41: 47453 | DJ41: 47484 | DK41: 47515 | DL41: 47543 | DM41: 47574 | DN41: 47604 | DO41: 47635 | DP41: 47665 | DQ41: 47696 | DR41: 47727 | DS41: 47757 | DT41: 47788 | DU41: 47818 | DV41: 47849 | DW41: 47880 | DX41: 47908 | DY41: 47939 | DZ41: 47969 | EA41: 48000 | EB41: 48030 | EC41: 48061 | ED41: 48092 | EE41: 48122 | EF41: 48153 | EG41: 48183 | EH41: 48214 | EI41: 48245 | EJ41: 48274 | EK41: 48305 | EL41: 48335 | EM41: 48366 | EN41: 48396 | EO41: 48427 | EP41: 48458 | EQ41: 48488 | ER41: 48519 | ES41: 48549 | ET41: 48580 | EU41: 48611 | EV41: 48639 | EW41: 48670 | EX41: 48700 | EY41: 48731 | EZ41: 48761 | FA41: 48792
B42: INTERESES | C42: 0 | D42: 0 | E42: =((D44*Supuestos!$J$13)/360)*69 -> 4843.3466 | F42: 0 | G42: 0 | H42: 0 | I42: 0 | J42: 0 | K42: 0 | L42: 0 | M42: 0 | N42: 0 | O42: 0 | P42: 0 | Q42: 0 | R42: =(Q44*Supuestos!$K$13) -> 88208.288 | S42: 0 | T42: 0 | U42: 0 | V42: 0 | W42: 0 | X42: 0 | Y42: 0 | Z42: 0 | AA42: 0 | AB42: 0 | AC42: 0 | AD42: =(AC44*Supuestos!$L$13) -> 205923.98 | AE42: 0 | AF42: 0 | AG42: 0 | AH42: 0 | AI42: 0 | AJ42: 0 | AK42: 0 | AL42: =AK44*$C$4 -> 179398.71 | AM42: 0 | AN42: 0 | AO42: 0 | AP42: =(AO44*($C$8/360))*108 -> 22813.073 | AQ42: 0 | AR42: 0 | AS42: 0 | AT42: 0 | AU42: 0 | AV42: 0 | AW42: 0 | AX42: 0 | AY42: 0 | AZ42: 0 | BA42: 0 | BB42: =(BA44*$C$8) -> 76043.576 | BC42: 0 | BD42: 0 | BE42: 0 | BF42: 0 | BG42: 0 | BH42: 0 | BI42: =((BH44*$C$8)/360)*242 -> 51118.182 | BJ42: 0 | BK42: 0 | BL42: 0 | BM42: 0 | BN42: =((BM44*$C$8)/360)*121 -> 19169.318 | BO42: 0 | BP42: 0 | BQ42: 0 | BR42: 0 | BS42: 0 | BT42: 0 | BU42: =((BT44*$C$8)/360)*242 -> 38338.636 | BV42: 0 | BW42: 0 | BX42: 0 | BY42: 0 | BZ42: =((BY44*$C$8)/360)*121 -> 12779.545 | CA42: 0 | CB42: 0 | CC42: 0 | CD42: 0 | CE42: 0 | CF42: 0 | CG42: =((CF44*$C$8)/360)*242 -> 25559.091 | CH42: 0 | CI42: 0 | CJ42: 0 | CK42: 0 | CL42: =((CK44*$C$8)/360)*121 -> 6389.7727 | CM42: 0 | CN42: 0 | CO42: 0 | CP42: 0 | CQ42: 0 | CR42: 0 | CS42: =((CR44*$C$8)/360)*242 -> 12779.545 | CT42: 0 | CU42: 0 | CV42: 0 | CW42: 0 | CX42: 0 | CY42: 0 | CZ42: 0 | DA42: 0 | DB42: 0 | DC42: 0 | DD42: 0 | DE42: 0 | DF42: 0 | DG42: 0 | DH42: 0 | DI42: 0 | DJ42: 0 | DK42: 0 | DL42: 0 | DM42: 0 | DN42: 0 | DO42: 0 | DP42: 0 | DQ42: 0 | DR42: 0 | DS42: 0 | DT42: 0 | DU42: 0 | DV42: 0 | DW42: 0 | DX42: 0 | DY42: 0 | DZ42: 0 | EA42: 0 | EB42: 0 | EC42: 0 | ED42: 0 | EE42: 0 | EF42: 0 | EG42: 0 | EH42: 0 | EI42: 0 | EJ42: 0 | EK42: 0 | EL42: 0 | EM42: 0 | EN42: 0 | EO42: 0 | EP42: 0 | EQ42: 0 | ER42: 0 | ES42: 0 | ET42: 0 | EU42: 0 | EV42: 0 | EW42: 0 | EX42: 0 | FB42: =SUM(C42:FA42) -> 743365.06
B43: CAPITAL | C43: 0 | D43: 0 | E43: 0 | F43: 0 | G43: 0 | H43: 0 | I43: 0 | J43: 0 | K43: 0 | L43: 0 | M43: 0 | N43: 0 | O43: 0 | P43: 0 | Q43: 0 | R43: 0 | S43: 0 | T43: 0 | U43: 0 | V43: 0 | W43: 0 | X43: 0 | Y43: 0 | Z43: 0 | AA43: 0 | AB43: 0 | AC43: 0 | AD43: 0 | AE43: 0 | AF43: 0 | AG43: 0 | AH43: 0 | AI43: 0 | AJ43: 0 | AK43: 0 | AL43: 0 | AM43: 0 | AN43: 0 | AO43: 0 | AP43: 0 | AQ43: 0 | AR43: 0 | AS43: 0 | AT43: 0 | AU43: 0 | AV43: 0 | AW43: 0 | AX43: 0 | AY43: 0 | AZ43: 0 | BA43: 0 | BB43: 0 | BC43: 0 | BD43: 0 | BE43: 0 | BF43: 0 | BG43: 0 | BH43: 0 | BI43: =$C$18*H15 -> 392385.62 | BJ43: 0 | BK43: 0 | BL43: 0 | BM43: 0 | BN43: 0 | BO43: 0 | BP43: 0 | BQ43: 0 | BR43: 0 | BS43: 0 | BT43: 0 | BU43: =$C$18*I15 -> 392385.62 | BV43: 0 | BW43: 0 | BX43: 0 | BY43: 0 | BZ43: 0 | CA43: 0 | CB43: 0 | CC43: 0 | CD43: 0 | CG43: =$C$18*J15 -> 392385.62 | CH43: 0 | CI43: 0 | CJ43: 0 | CK43: 0 | CL43: 0 | CM43: 0 | CN43: 0 | CO43: 0 | CP43: 0 | CQ43: 0 | CR43: 0 | CS43: =$C$18*K15 -> 392385.62 | CT43: 0 | CU43: 0 | CV43: 0 | CW43: 0 | CX43: 0 | CY43: 0 | CZ43: 0 | DA43: 0 | DB43: 0 | DC43: 0 | DD43: 0 | DE43: 0 | DF43: 0 | DG43: 0 | DH43: 0 | DI43: 0 | DJ43: 0 | DK43: 0 | DL43: 0 | DM43: 0 | DN43: 0 | DO43: 0 | DP43: 0 | DQ43: 0 | DR43: 0 | DS43: 0 | DT43: 0 | DU43: 0 | DV43: 0 | DW43: 0 | DX43: 0 | DY43: 0 | DZ43: 0 | EA43: 0 | EB43: 0 | EC43: 0 | ED43: 0 | EE43: 0 | EF43: 0 | EG43: 0 | EH43: 0 | EI43: 0 | EJ43: 0 | EK43: 0 | EL43: 0 | EM43: 0 | EN43: 0 | EO43: 0 | EP43: 0 | EQ43: 0 | ER43: 0 | ES43: 0 | ET43: 0 | EU43: 0 | EV43: 0 | EW43: 0 | EX43: 0 | FB43: =SUM(C43:FA43) -> 1569542.5
B44: SALDO | C44: =C18 -> 1569542.5 | D44: =C44-D43 -> 1569542.5 | E44: =D44-E43 -> 1569542.5 | F44: =E44-F43 -> 1569542.5 | G44: =F44-G43 -> 1569542.5 | H44: =G44-H43 -> 1569542.5 | I44: =H44-I43 -> 1569542.5 | J44: =I44-J43 -> 1569542.5 | K44: =J44-K43 -> 1569542.5 | ... EX44: =EW44-EX43 -> 0
B47: 4ta Clase Proveedores Estrátegicos | C47: 43952 | D47: 44136 | E47: 44166 | F47: 44197 | G47: 44228 | H47: 44256 | I47: 44287 | J47: 44317 | K47: 44348 | L47: 44378 | M47: 44409 | N47: 44440 | O47: 44470 | P47: 44501 | Q47: 44531 | R47: 44562 | S47: 44593 | T47: 44621 | U47: 44652 | V47: 44682 | W47: 44713 | X47: 44743 | Y47: 44774 | Z47: 44805 | AA47: 44835 | AB47: 44866 | AC47: 44896 | AD47: 44927 | AE47: 44958 | AF47: 44986 | AG47: 45017 | AH47: 45047 | AI47: 45078 | AJ47: 45108 | AK47: 45139 | AL47: 45170 | AM47: 45200 | AN47: 45231 | AO47: 45261 | AP47: 45292 | AQ47: 45323 | AR47: 45352 | AS47: 45383 | AT47: 45413 | AU47: 45444 | AV47: 45474 | AW47: 45505 | AX47: 45536 | AY47: 45566 | AZ47: 45597 | BA47: 45627 | BB47: 45658 | BC47: 45689 | BD47: 45717 | BE47: 45748 | BF47: 45778 | BG47: 45809 | BH47: 45839 | BI47: 45870 | BJ47: 45901 | BK47: 45931 | BL47: 45962 | BM47: 45992 | BN47: 46023 | BO47: 46054 | BP47: 46082 | BQ47: 46113 | BR47: 46143 | BS47: 46174 | BT47: 46204 | BU47: 46235 | BV47: 46266 | BW47: 46296 | BX47: 46327 | BY47: 46357 | BZ47: 46388 | CA47: 46419 | CB47: 46447 | CC47: 46478 | CD47: 46508 | CE47: 46539 | CF47: 46569 | CG47: 46600 | CH47: 46631 | CI47: 46661 | CJ47: 46692 | CK47: 46722 | CL47: 46753 | CM47: 46784 | CN47: 46813 | CO47: 46844 | CP47: 46874 | CQ47: 46905 | CR47: 46935 | CS47: 46966 | CT47: 46997 | CU47: 47027 | CV47: 47058 | CW47: 47088 | CX47: 47119 | CY47: 47150 | CZ47: 47178 | DA47: 47209 | DB47: 47239 | DC47: 47270 | DD47: 47300 | DE47: 47331 | DF47: 47362 | DG47: 47392 | DH47: 47423 | DI47: 47453 | DJ47: 47484 | DK47: 47515 | DL47: 47543 | DM47: 47574 | DN47: 47604 | DO47: 47635 | DP47: 47665 | DQ47: 47696 | DR47: 47727 | DS47: 47757 | DT47: 47788 | DU47: 47818 | DV47: 47849 | DW47: 47880 | DX47: 47908 | DY47: 47939 | DZ47: 47969 | EA47: 48000 | EB47: 48030 | EC47: 48061 | ED47: 48092 | EE47: 48122 | EF47: 48153 | EG47: 48183 | EH47: 48214 | EI47: 48245 | EJ47: 48274 | EK47: 48305 | EL47: 48335 | EM47: 48366 | EN47: 48396 | EO47: 48427 | EP47: 48458 | EQ47: 48488 | ER47: 48519 | ES47: 48549 | ET47: 48580 | EU47: 48611 | EV47: 48639 | EW47: 48670 | EX47: 48700 | EY47: 48731 | EZ47: 48761 | FA47: 48792
B48: INTERESES | C48: 0 | D48: 0 | E48: =((D50*Supuestos!$J$13)/360)*244 -> 3263.7203 | F48: 0 | G48: 0 | H48: 0 | I48: 0 | J48: 0 | K48: 0 | L48: 0 | M48: 0 | N48: 0 | O48: 0 | P48: 0 | Q48: 0 | R48: =(Q50*Supuestos!$K$13) -> 16808.774 | S48: 0 | T48: 0 | U48: 0 | V48: 0 | W48: 0 | X48: 0 | Y48: 0 | Z48: 0 | AA48: 0 | AB48: 0 | AC48: 0 | AD48: =(AC50*Supuestos!$L$13) -> 39240.413 | AE48: 0 | AF48: 0 | AG48: 0 | AH48: 0 | AI48: 0 | AJ48: 0 | AK48: 0 | AL48: =AK50*$C$4 -> 34185.817 | AM48: 0 | AN48: 0 | AO48: 0 | AP48: =(AO50*($C$8/360))*108 -> 4347.2082 | AQ48: 0 | AR48: 0 | AS48: 0 | AT48: 0 | AU48: 0 | AV48: 0 | AW48: 0 | AX48: 0 | AY48: 0 | AZ48: 0 | BA48: 0 | BB48: =(BA50*$C$8) -> 14490.694 | BC48: 0 | BD48: 0 | BE48: 0 | BF48: 0 | BG48: 0 | BH48: 0 | BI48: 0 | BJ48: 0 | BK48: 0 | BL48: 0 | BM48: 0 | BN48: =(BM50*$C$8) -> 14490.694 | BO48: 0 | BP48: 0 | BQ48: 0 | BR48: 0 | BS48: 0 | BT48: 0 | BU48: 0 | BV48: 0 | BW48: 0 | BX48: 0 | BY48: 0 | BZ48: =(BY50*$C$8) -> 14490.694 | CA48: 0 | CB48: 0 | CC48: 0 | CD48: 0 | CE48: 0 | CF48: 0 | CG48: 0 | CH48: 0 | CI48: 0 | CJ48: 0 | CK48: 0 | CL48: =(CK50*$C$8) -> 14490.694 | CM48: 0 | CN48: 0 | CO48: 0 | CP48: 0 | CQ48: 0 | CR48: 0 | CS48: =((CR50*$C$8)/360)*242 -> 9740.9664 | CT48: 0 | CU48: 0 | CV48: 0 | CW48: 0 | CX48: =((CW50*$C$8)/360)*121 -> 2435.2416 | CY48: 0 | CZ48: 0 | DA48: 0 | DB48: 0 | DC48: 0 | DD48: 0 | DE48: =((DD50*$C$8)/360)*242 -> 4870.4832 | DF48: 0 | DG48: 0 | DH48: 0 | DI48: 0 | DJ48: 0 | DK48: 0 | DL48: 0 | DM48: 0 | DN48: 0 | DO48: 0 | DP48: 0 | DQ48: 0 | DR48: 0 | DS48: 0 | DT48: 0 | DU48: 0 | DV48: 0 | DW48: 0 | DX48: 0 | DY48: 0 | DZ48: 0 | EA48: 0 | EB48: 0 | EC48: 0 | ED48: 0 | EE48: 0 | EF48: 0 | EG48: 0 | EH48: 0 | EI48: 0 | EJ48: 0 | EK48: 0 | EL48: 0 | EM48: 0 | EN48: 0 | EO48: 0 | EP48: 0 | EQ48: 0 | ER48: 0 | ES48: 0 | ET48: 0 | EU48: 0 | EV48: 0 | EW48: 0 | EX48: 0 | FB48: =SUM(C48:FA48) -> 172855.4
B49: CAPITAL | C49: 0 | D49: 0 | E49: 0 | F49: 0 | G49: 0 | H49: 0 | I49: 0 | J49: 0 | K49: 0 | L49: 0 | M49: 0 | N49: 0 | O49: 0 | P49: 0 | Q49: 0 | R49: 0 | S49: 0 | T49: 0 | U49: 0 | V49: 0 | W49: 0 | X49: 0 | Y49: 0 | Z49: 0 | AA49: 0 | AB49: 0 | AC49: 0 | AD49: 0 | AE49: 0 | AF49: 0 | AG49: 0 | AH49: 0 | AI49: 0 | AJ49: 0 | AK49: 0 | AL49: 0 | AM49: 0 | AN49: 0 | AO49: 0 | AP49: 0 | AQ49: 0 | AR49: 0 | AS49: 0 | AT49: 0 | AU49: 0 | AV49: 0 | AW49: 0 | AX49: 0 | AY49: 0 | AZ49: 0 | BA49: 0 | BB49: 0 | BC49: 0 | BD49: 0 | BE49: 0 | BF49: 0 | BG49: 0 | BH49: 0 | BI49: 0 | BJ49: 0 | BK49: 0 | BL49: 0 | BM49: 0 | BN49: 0 | BO49: 0 | BP49: 0 | BQ49: 0 | BR49: 0 | BS49: 0 | BT49: 0 | BU49: 0 | BV49: 0 | BW49: 0 | BX49: 0 | BY49: 0 | BZ49: 0 | CA49: 0 | CB49: 0 | CC49: 0 | CD49: 0 | CE49: 0 | CF49: 0 | CG49: 0 | CH49: 0 | CI49: 0 | CJ49: 0 | CK49: 0 | CL49: 0 | CM49: 0 | CN49: 0 | CO49: 0 | CP49: 0 | CQ49: 0 | CR49: 0 | CS49: =$C$21*K16 -> 149544.26 | CT49: 0 | CU49: 0 | CV49: 0 | CW49: 0 | CX49: 0 | CY49: 0 | CZ49: 0 | DA49: 0 | DB49: 0 | DC49: 0 | DD49: =$C$21*M16 -> 0 | DE49: =$C$21*L16 -> 149544.26 | DF49: 0 | DG49: 0 | DH49: 0 | DI49: 0 | DJ49: 0 | DK49: 0 | DL49: 0 | DM49: 0 | DN49: 0 | DO49: 0 | DP49: 0 | DQ49: 0 | DR49: 0 | DS49: 0 | DT49: 0 | DU49: 0 | DV49: 0 | DW49: 0 | DX49: 0 | DY49: 0 | DZ49: 0 | EA49: 0 | EB49: 0 | EC49: 0 | ED49: 0 | EE49: 0 | EF49: 0 | EG49: 0 | EH49: 0 | EI49: 0 | EJ49: 0 | EK49: 0 | EL49: 0 | EM49: 0 | EN49: 0 | EO49: 0 | EP49: 0 | EQ49: 0 | ER49: 0 | ES49: 0 | ET49: 0 | EU49: 0 | EV49: 0 | EW49: 0 | EX49: 0 | FB49: =SUM(C49:FA49) -> 299088.51
B50: SALDO | C50: =C21 -> 299088.51 | D50: =C50-D49 -> 299088.51 | E50: =D50-E49 -> 299088.51 | F50: =E50-F49 -> 299088.51 | G50: =F50-G49 -> 299088.51 | H50: =G50-H49 -> 299088.51 | I50: =H50-I49 -> 299088.51 | J50: =I50-J49 -> 299088.51 | K50: =J50-K49 -> 299088.51 | ... EX50: =EW50-EX49 -> 0
B53: 5ta Clase Quirografarios | C53: 44105 | D53: 44136 | E53: 44166 | F53: 44197 | G53: 44228 | H53: 44256 | I53: 44287 | J53: 44317 | K53: 44348 | L53: 44378 | M53: 44409 | N53: 44440 | O53: 44470 | P53: 44501 | Q53: 44531 | R53: 44562 | S53: 44593 | T53: 44621 | U53: 44652 | V53: 44682 | W53: 44713 | X53: 44743 | Y53: 44774 | Z53: 44805 | AA53: 44835 | AB53: 44866 | AC53: 44896 | AD53: 44927 | AE53: 44958 | AF53: 44986 | AG53: 45017 | AH53: 45047 | AI53: 45078 | AJ53: 45108 | AK53: 45139 | AL53: 45170 | AM53: 45200 | AN53: 45231 | AO53: 45261 | AP53: 45292 | AQ53: 45323 | AR53: 45352 | AS53: 45383 | AT53: 45413 | AU53: 45444 | AV53: 45474 | AW53: 45505 | AX53: 45536 | AY53: 45566 | AZ53: 45597 | BA53: 45627 | BB53: 45658 | BC53: 45689 | BD53: 45717 | BE53: 45748 | BF53: 45778 | BG53: 45809 | BH53: 45839 | BI53: 45870 | BJ53: 45901 | BK53: 45931 | BL53: 45962 | BM53: 45992 | BN53: 46023 | BO53: 46054 | BP53: 46082 | BQ53: 46113 | BR53: 46143 | BS53: 46174 | BT53: 46204 | BU53: 46235 | BV53: 46266 | BW53: 46296 | BX53: 46327 | BY53: 46357 | BZ53: 46388 | CA53: 46419 | CB53: 46447 | CC53: 46478 | CD53: 46508 | CE53: 46539 | CF53: 46569 | CG53: 46600 | CH53: 46631 | CI53: 46661 | CJ53: 46692 | CK53: 46722 | CL53: 46753 | CM53: 46784 | CN53: 46813 | CO53: 46844 | CP53: 46874 | CQ53: 46905 | CR53: 46935 | CS53: 46966 | CT53: 46997 | CU53: 47027 | CV53: 47058 | CW53: 47088 | CX53: 47119 | CY53: 47150 | CZ53: 47178 | DA53: 47209 | DB53: 47239 | DC53: 47270 | DD53: 47300 | DE53: 47331 | DF53: 47362 | DG53: 47392 | DH53: 47423 | DI53: 47453 | DJ53: 47484 | DK53: 47515 | DL53: 47543 | DM53: 47574 | DN53: 47604 | DO53: 47635 | DP53: 47665 | DQ53: 47696 | DR53: 47727 | DS53: 47757 | DT53: 47788 | DU53: 47818 | DV53: 47849 | DW53: 47880 | DX53: 47908 | DY53: 47939 | DZ53: 47969 | EA53: 48000 | EB53: 48030 | EC53: 48061 | ED53: 48092 | EE53: 48122 | EF53: 48153 | EG53: 48183 | EH53: 48214 | EI53: 48245 | EJ53: 48274 | EK53: 48305 | EL53: 48335 | EM53: 48366 | EN53: 48396 | EO53: 48427 | EP53: 48458 | EQ53: 48488 | ER53: 48519 | ES53: 48549 | ET53: 48580 | EU53: 48611 | EV53: 48639 | EW53: 48670 | EX53: 48700 | EY53: 48731 | EZ53: 48761 | FA53: 48792
B54: INTERESES | C54: 0 | D54: 0 | E54: =((D56*Supuestos!$J$13)/360)*69 -> 5753.3059 | F54: 0 | G54: 0 | H54: 0 | I54: 0 | J54: 0 | K54: 0 | L54: 0 | M54: 0 | N54: 0 | O54: 0 | P54: 0 | Q54: 0 | R54: =(Q56*Supuestos!$K$13) -> 104780.7 | S54: 0 | T54: 0 | U54: 0 | V54: 0 | W54: 0 | X54: 0 | Y54: 0 | Z54: 0 | AA54: 0 | AB54: 0 | AC54: 0 | AD54: =(AC56*Supuestos!$L$13) -> 244612.61 | AE54: 0 | AF54: 0 | AG54: 0 | AH54: 0 | AI54: 0 | AJ54: 0 | AK54: 0 | AL54: =AK56*$C$4 -> 213103.82 | AM54: 0 | AN54: 0 | AO54: 0 | AP54: =(AO56*($C$8/360))*108 -> 27099.152 | AQ54: 0 | AR54: 0 | AS54: 0 | AT54: 0 | AU54: 0 | AV54: 0 | AW54: 0 | AX54: 0 | AY54: 0 | AZ54: 0 | BA54: 0 | BB54: =(BA56*$C$8) -> 90330.508 | BC54: 0 | BD54: 0 | BE54: 0 | BF54: 0 | BG54: 0 | BH54: 0 | BI54: 0 | BJ54: 0 | BK54: 0 | BL54: 0 | BM54: 0 | BN54: =(BM56*$C$8) -> 90330.508 | BO54: 0 | BP54: 0 | BQ54: 0 | BR54: 0 | BS54: 0 | BT54: 0 | BU54: 0 | BV54: 0 | BW54: 0 | BX54: 0 | BY54: 0 | BZ54: =(BY56*$C$8) -> 90330.508 | CA54: 0 | CB54: 0 | CC54: 0 | CD54: 0 | CE54: 0 | CF54: 0 | CG54: 0 | CH54: 0 | CI54: 0 | CJ54: 0 | CK54: 0 | CL54: =(CK56*$C$8) -> 90330.508 | CM54: 0 | CN54: 0 | CO54: 0 | CP54: 0 | CQ54: 0 | CR54: 0 | CS54: 0 | CT54: 0 | CU54: 0 | CV54: 0 | CW54: 0 | CX54: =(CW56*$C$8) -> 90330.508 | CY54: 0 | CZ54: 0 | DA54: 0 | DB54: 0 | DC54: 0 | DD54: 0 | DE54: =((DD56*$C$8)/360)*242 -> 60722.175 | DF54: 0 | DG54: 0 | DH54: 0 | DI54: 0 | DJ54: =((DI56*$C$8)/360)*121 -> 24288.87 | DK54: 0 | DL54: 0 | DM54: 0 | DN54: 0 | DO54: 0 | DP54: 0 | DQ54: =((DP56*$C$8)/360)*242 -> 48577.74 | DR54: 0 | DS54: 0 | DT54: 0 | DU54: 0 | DV54: =((DU56*$C$8)/360)*121 -> 18216.652 | DW54: 0 | DX54: 0 | DY54: 0 | DZ54: 0 | EA54: 0 | EB54: 0 | EC54: =((EB56*$C$8)/360)*242 -> 36433.305 | ED54: 0 | EE54: 0 | EF54: 0 | EG54: 0 | EH54: =((EG56*$C$8)/360)*121 -> 12144.435 | EI54: 0 | EJ54: 0 | EK54: 0 | EL54: 0 | EM54: 0 | EN54: 0 | EO54: =((EN56*$C$8)/360)*242 -> 24288.87 | EP54: 0 | EQ54: 0 | ER54: 0 | ES54: 0 | ET54: =((ES56*$C$8)/360)*121 -> 6072.2175 | EU54: 0 | EV54: 0 | EW54: 0 | EX54: 0 | FA54: =((EZ56*$C$8)/360)*242 -> 12144.435 | FB54: =SUM(C54:FA54) -> 1289890.8
B55: CAPITAL | C55: 0 | D55: 0 | E55: 0 | F55: 0 | G55: 0 | H55: 0 | I55: 0 | J55: 0 | K55: 0 | L55: 0 | M55: 0 | N55: 0 | O55: 0 | P55: 0 | Q55: 0 | R55: 0 | S55: 0 | T55: 0 | U55: 0 | V55: 0 | W55: 0 | X55: 0 | Y55: 0 | Z55: 0 | AA55: 0 | AB55: 0 | AC55: 0 | AD55: 0 | AE55: 0 | AF55: 0 | AG55: 0 | AH55: 0 | AI55: 0 | AJ55: 0 | AK55: 0 | AL55: 0 | AM55: 0 | AN55: 0 | AO55: 0 | AP55: 0 | AQ55: 0 | AR55: 0 | AS55: 0 | AT55: 0 | AU55: 0 | AV55: 0 | AW55: 0 | AX55: 0 | AY55: 0 | AZ55: 0 | BA55: 0 | BB55: 0 | BC55: 0 | BD55: 0 | BE55: 0 | BF55: 0 | BG55: 0 | BH55: 0 | BI55: 0 | BJ55: 0 | BK55: 0 | BL55: 0 | BM55: 0 | BN55: 0 | BO55: 0 | BP55: 0 | BQ55: 0 | BR55: 0 | BS55: 0 | BT55: 0 | BU55: 0 | BV55: 0 | BW55: 0 | BX55: 0 | BY55: 0 | BZ55: 0 | CA55: 0 | CB55: 0 | CC55: 0 | CD55: 0 | CE55: 0 | CF55: 0 | CG55: 0 | CH55: 0 | CI55: 0 | CJ55: 0 | CK55: 0 | CL55: 0 | CM55: 0 | CN55: 0 | CO55: 0 | CP55: 0 | CR55: 0 | CS55: 0 | CT55: 0 | CU55: 0 | CV55: 0 | CW55: 0 | CX55: 0 | CY55: 0 | CZ55: 0 | DA55: 0 | DB55: 0 | DE55: =$C$24*L17 -> 372885.07 | DF55: 0 | DG55: 0 | DH55: 0 | DI55: 0 | DJ55: 0 | DK55: 0 | DL55: 0 | DM55: 0 | DN55: 0 | DO55: 0 | DP55: 0 | DQ55: =$C$24*M17 -> 372885.07 | DR55: 0 | DS55: 0 | DT55: 0 | DU55: 0 | DV55: 0 | DW55: 0 | DX55: 0 | DY55: 0 | DZ55: 0 | EA55: 0 | EB55: 0 | EC55: =$C$24*N17 -> 372885.07 | ED55: 0 | EE55: 0 | EF55: 0 | EG55: 0 | EH55: 0 | EI55: 0 | EJ55: 0 | EK55: 0 | EL55: 0 | EM55: 0 | EN55: 0 | EO55: =$C$24*O17 -> 372885.07 | EP55: 0 | EQ55: 0 | ER55: 0 | ES55: 0 | ET55: 0 | EU55: 0 | EV55: 0 | EW55: 0 | EX55: 0 | EY55: 0 | EZ55: 0 | FA55: =($C$24*P17) -> 372885.07 | FB55: =SUM(C55:FA55) -> 1864425.4
B56: SALDO | C56: =C24 -> 1864425.4 | D56: =C56-D55 -> 1864425.4 | E56: =D56-E55 -> 1864425.4 | F56: =E56-F55 -> 1864425.4 | G56: =F56-G55 -> 1864425.4 | H56: =G56-H55 -> 1864425.4 | I56: =H56-I55 -> 1864425.4 | J56: =I56-J55 -> 1864425.4 | K56: =J56-K55 -> 1864425.4 | ... FA56: =EZ56-FA55 -> 0
FB57: =FB31+FB37+FB43+FB49+FB55 -> 3751797.4

Sheet PyG Resumen Histórico
A1: PyG 2017-2022 ($000)
B3: 2017 | C3: 2018 | D3: 2019 | E3: 2020 | F3: 2021 | G3: 2022 | H3: Crecimiento 2018-17 | I3: Crecimiento 2019-18 | J3: Crecimiento 2020-19 | K3: Crecimiento 2021-20 | L3: Crecimiento 2022-21
A4: Ventas | B4: 5853732 | C4: 14380641 | D4: 15702124 | E4: 8206149 | F4: 17860268 | G4: 25404257 | H4: =(C4-B4)/B4 -> 1.456662 | I4: =(D4-C4)/C4 -> 0.091893192 | J4: =(E4-D4)/D4 -> -0.47738605 | K4: =(F4-E4)/E4 -> 1.1764494 | L4: =(G4-F4)/F4 -> 0.42238946
A5: Costo de Ventas | B5: 3361578 | C5: 7560681 | D5: 10078362 | E5: 6203379 | F5: 12589493 | G5: 17207395 | H5: =(C5-B5)/B5 -> 1.2491464 | I5: =(D5-C5)/C5 -> 0.33299659 | J5: =(E5-D5)/D5 -> -0.3844854 | K5: =(F5-E5)/E5 -> 1.0294573 | L5: =(G5-F5)/F5 -> 0.36680603
A7: = UTILIDAD BRUTA | B7: =B4-B5 -> 2492154 | C7: =C4-C5 -> 6819960 | D7: =D4-D5 -> 5623762 | E7: =E4-E5 -> 2002770 | F7: =F4-F5 -> 5270775 | G7: =G4-G5 -> 8196862 | H7: =(C7-B7)/B7 -> 1.7365725 | I7: =(D7-C7)/C7 -> -0.17539663 | J7: =(E7-D7)/D7 -> -0.64387362 | K7: =(F7-E7)/E7 -> 1.6317425 | L7: =(G7-F7)/F7 -> 0.55515308
A8: Margen Bruto | B8: =B7/B4 -> 0.42573763 | C8: =C7/C4 -> 0.4742459 | D8: =D7/D4 -> 0.35815295 | E8: =E7/E4 -> 0.24405723 | F8: =F7/F4 -> 0.29511175 | G8: =G7/G4 -> 0.32265703
A12: - GASTOS OPERACIONALES
A14: Gastos de Personal | B14: 231938 | C14: 2874043 | D14: =1721327+623060 -> 2344387 | E14: =1278325+206139 -> 1484464 | F14: =1926044+603139 -> 2529183 | G14: =2556712+2402432 -> 4959144 | H14: =(C14-B14)/B14 -> 11.391428 | I14: =(D14-C14)/C14 -> -0.18428952 | J14: =(E14-D14)/D14 -> -0.36680079 | K14: =(F14-E14)/E14 -> 0.7037685 | L14: =(G14-F14)/F14 -> 0.96076915
A15: Honorarios | B15: 77146 | C15: 173399 | D15: =178302+19065 -> 197367 | E15: =153833+27514 -> 181347 | F15: =179429+23310 -> 202739 | G15: =249178+19083 -> 268261 | H15: =(C15-B15)/B15 -> 1.2476732 | I15: =(D15-C15)/C15 -> 0.13822456 | J15: =(E15-D15)/D15 -> -0.081168584 | K15: =(F15-E15)/E15 -> 0.1179617 | L15: =(G15-F15)/F15 -> 0.323184
A16: Otros | B16: 1712758 | C16: 2466784 | D16: 1784703 | E16: 694833 | F16: 983294 | G16: 1404541 | H16: =(C16-B16)/B16 -> 0.44024083 | I16: =(D16-C16)/C16 -> -0.27650617 | J16: =(E16-D16)/D16 -> -0.61067304 | K16: =(F16-E16)/E16 -> 0.41515155 | L16: =(G16-F16)/F16 -> 0.42840392
A19: TOTAL GASTOS OPERACIONALES | B19: =SUM(B14:B18) -> 2021842 | C19: =SUM(C14:C18) -> 5514226 | D19: =SUM(D14:D18) -> 4326457 | E19: =SUM(E14:E18) -> 2360644 | F19: =SUM(F14:F18) -> 3715216 | G19: =SUM(G14:G18) -> 6631946 | H19: =(C19-B19)/B19 -> 1.7273279 | I19: =(D19-C19)/C19 -> -0.21540086 | J19: =(E19-D19)/D19 -> -0.45437017 | K19: =(F19-E19)/E19 -> 0.5738146 | L19: =(G19-F19)/F19 -> 0.78507683
A21: = EBITDA | B21: =B7-B19 -> 470312 | C21: =C7-C19 -> 1305734 | D21: =D7-D19 -> 1297305 | E21: =E7-E19 -> -357874 | F21: =F7-F19 -> 1555559 | G21: =G7-G19 -> 1564916
A22: Margen EBITDA | B22: =B21/B4 -> 0.080343958 | C22: =C21/C4 -> 0.090798039 | D22: =D21/D4 -> 0.082619714 | E22: =E21/E4 -> -0.043610468 | F22: =F21/F4 -> 0.087096061 | G22: =G21/G4 -> 0.061600542 | H22: =AVERAGE(B22:G22) -> 0.059807974
A24: - Depreciación y Amort | B24: 100779 | C24: =258404+23276 -> 281680 | D24: =537027+51823 -> 588850 | E24: =409424+82379 -> 491803 | F24: 357717 | G24: 390478
A26: = UTILIDAD OPERACIONAL | B26: =B21-B24 -> 369533 | C26: =C21-C24 -> 1024054 | D26: =D21-D24 -> 708455 | E26: =E21-E24 -> -849677 | F26: =F21-F24 -> 1197842 | G26: =G21-G24 -> 1174438 | H26: =(C26-B26)/B26 -> 1.7712112 | I26: =(D26-C26)/C26 -> -0.3081859 | J26: =(E26-D26)/D26 -> -2.199338 | K26: =(F26-E26)/-E26 -> 2.4097616 | L26: =(G26-F26)/F26 -> -0.01953847
A27: Margen Operacional | B27: =B26/B4 -> 0.063127762 | C27: =C26/C4 -> 0.071210595 | D27: =D26/D4 -> 0.045118418 | E27: =E26/E4 -> -0.1035415 | F27: =F26/F4 -> 0.067067415 | G27: =G26/G4 -> 0.046229968 | H27: =AVERAGE(B27:G27) -> 0.031535443
A29: = UTILIDAD NETA | B29: 173704 | C29: 308969 | D29: 68619 | E29: -912831 | F29: 367012 | G29: 58595 | H29: =(C29-B29)/B29 -> 0.77870976 | I29: =(D29-C29)/C29 -> -0.77790976 | J29: =(E29-D29)/D29 -> -14.30289 | K29: =(F29-E29)/-E29 -> 1.4020591 | L29: =(G29-F29)/F29 -> -0.84034582
A30: Margen Neto | B30: =B29/B4 -> 0.029674061 | C30: =C29/C4 -> 0.021485065 | D30: =D29/D4 -> 0.0043700457 | E30: =E29/E4 -> -0.11123744 | F30: =F29/F4 -> 0.020549076 | G30: =G29/G4 -> 0.0023065032 | H30: =AVERAGE(B30:G30) -> -0.0054754482

Sheet Leasing
K2: 45017 | L2: 45047 | M2: 45078 | N2: 45108 | O2: 45139 | P2: 45170 | Q2: 45200 | R2: 45231 | S2: 45261 | T2: 45292 | U2: 45323 | V2: 45352 | W2: 45383 | X2: 45413 | Y2: 45444 | Z2: 45474 | AA2: 45505 | AB2: 45536 | AC2: 45566 | AD2: 45597 | AE2: 45627
C3: LEASING | D3: MONTO | E3: SPREAD | F3: TASA MV | G3: PLAZO | H3: CUOTA | J3: BBVA 1 | K3: 1 | L3: 2 | M3: 3 | N3: 4 | O3: 5 | P3: 6 | Q3: 7 | R3: 8 | S3: 9 | T3: 10 | U3: 11 | V3: 12 | W3: 13 | X3: 14 | Y3: 15 | Z3: 16 | AA3: 17 | AB3: 18 | AC3: 19 | AD3: 20 | AE3: 21
B4: 1 | C4: BBVA | D4: =-20184.836 -> -20184.836 | E4: 0.037 | F4: =(Supuestos!$M$16+Leasing!E4)/12 -> 0.013083333 | G4: 18 | H4: =PMT(F4,G4,D4) -> 1265.8864 | J4: INTERESES | K4: =IPMT($F$4,K3,$G$4,$D$4) -> 264.08494 | L4: =IPMT($F$4,L3,$G$4,$D$4) -> 250.97804 | M4: =IPMT($F$4,M3,$G$4,$D$4) -> 237.69965 | N4: =IPMT($F$4,N3,$G$4,$D$4) -> 224.24754 | O4: =IPMT($F$4,O3,$G$4,$D$4) -> 210.61943 | P4: =IPMT($F$4,P3,$G$4,$D$4) -> 196.81302 | Q4: =IPMT($F$4,Q3,$G$4,$D$4) -> 182.82598 | R4: =IPMT($F$4,R3,$G$4,$D$4) -> 168.65594 | ... AB4: =IPMT($F$4,AB3,$G$4,$D$4) -> 16.348126
B5: 2 | C5: BBVA | D5: -12110.906 | E5: 0.037 | F5: =(Supuestos!$M$16+Leasing!E5)/12 -> 0.013083333 | G5: 18 | H5: =PMT(F5,G5,D5) -> 759.53212 | J5: CAPITAL | K5: =$H$4-K4 -> 1001.8015 | L5: =$H$4-L4 -> 1014.9084 | M5: =$H$4-M4 -> 1028.1868 | N5: =$H$4-N4 -> 1041.6389 | O5: =$H$4-O4 -> 1055.267 | P5: =$H$4-P4 -> 1069.0734 | Q5: =$H$4-Q4 -> 1083.0604 | R5: =$H$4-R4 -> 1097.2305 | ... AB5: =$H$4-AB4 -> 1249.5383
B6: 3 | C6: BBVA | D6: -20184.836 | E6: 0.037 | F6: =(Supuestos!$M$16+Leasing!E6)/12 -> 0.013083333 | G6: 18 | H6: =PMT(F6,G6,D6) -> 1265.8864 | J6: SALDO | K6: =D4+K5 -> -19183.035 | L6: =K6+L5 -> -18168.126 | M6: =L6+M5 -> -17139.939 | N6: =M6+N5 -> -16098.301 | O6: =N6+O5 -> -15043.034 | P6: =O6+P5 -> -13973.96 | Q6: =P6+Q5 -> -12890.9 | R6: =Q6+R5 -> -11793.669 | S6: =R6+S5 -> -10682.083 | ... AB6: =AA6+AB5 -> 0
B7: 4 | C7: BBVA | D7: -5101.932 | E7: 0.037 | F7: =(Supuestos!$M$16+Leasing!E7)/12 -> 0.013083333 | G7: 2 | H7: =PMT(F7,G7,D7) -> 2601.1372 | J7: BBVA 2
B8: 5 | C8: BBVA | D8: -2980.566 | E8: 0.037 | F8: =(Supuestos!$M$16+Leasing!E8)/12 -> 0.013083333 | G8: 19 | H8: =PMT(F8,G8,D8) -> 178.1955 | J8: INTERESES | K8: =IPMT($F$5,K3,$G$5,$D$5) -> 158.45102 | L8: =IPMT($F$5,L3,$G$5,$D$5) -> 150.58688 | M8: =IPMT($F$5,M3,$G$5,$D$5) -> 142.61984 | N8: =IPMT($F$5,N3,$G$5,$D$5) -> 134.54857 | O8: =IPMT($F$5,O3,$G$5,$D$5) -> 126.3717 | P8: =IPMT($F$5,P3,$G$5,$D$5) -> 118.08786 | Q8: =IPMT($F$5,Q3,$G$5,$D$5) -> 109.69563 | R8: =IPMT($F$5,R3,$G$5,$D$5) -> 101.1936 | ... AB8: =IPMT($F$5,AB3,$G$5,$D$5) -> 9.8088791
B9: 6 | C9: BBVA | D9: -20223.5 | E9: 0.037 | F9: =(Supuestos!$M$16+Leasing!E9)/12 -> 0.013083333 | G9: 19 | H9: =PMT(F9,G9,D9) -> 1209.078 | J9: CAPITAL | K9: =$H$5-K8 -> 601.0811 | L9: =$H$5-L8 -> 608.94525 | M9: =$H$5-M8 -> 616.91228 | N9: =$H$5-N8 -> 624.98355 | O9: =$H$5-O8 -> 633.16042 | P9: =$H$5-P8 -> 641.44427 | Q9: =$H$5-Q8 -> 649.8365 | R9: =$H$5-R8 -> 658.33852 | ... AB9: =$H$5-AB8 -> 749.72324
B10: 7 | C10: BBVA | D10: -9462.042 | E10: 0.037 | F10: =(Supuestos!$M$16+Leasing!E10)/12 -> 0.013083333 | G10: 3 | H10: =PMT(F10,G10,D10) -> 3236.9016 | J10: SALDO | K10: =D5+K9 -> -11509.825 | L10: =K10+L9 -> -10900.88 | M10: =L10+M9 -> -10283.967 | N10: =M10+N9 -> -9658.9838 | O10: =N10+O9 -> -9025.8234 | P10: =O10+P9 -> -8384.3791 | Q10: =P10+Q9 -> -7734.5426 | R10: =Q10+R9 -> -7076.2041 | S10: =R10+S9 -> -6409.2523 | ... AB10: =AA10+AB9 -> 2.3874236e-12
B11: 8 | C11: BBVA | D11: -1511.805 | E11: 0.037 | F11: =(Supuestos!$M$16+Leasing!E11)/12 -> 0.013083333 | G11: 9 | H11: =PMT(F11,G11,D11) -> 179.15732 | J11: BBVA 3
B12: 9 | C12: BBVA | D12: -13689.774 | E12: 0.037 | F12: =(Supuestos!$M$16+Leasing!E12)/12 -> 0.013083333 | G12: 20 | H12: =PMT(F12,G12,D12) -> 782.38649 | J12: INTERESES | K12: =IPMT($F$6,K3,$G$6,$D$6) -> 264.08494 | L12: =IPMT($F$6,L3,$G$6,$D$6) -> 250.97804 | M12: =IPMT($F$6,M3,$G$6,$D$6) -> 237.69965 | N12: =IPMT($F$6,N3,$G$6,$D$6) -> 224.24754 | O12: =IPMT($F$6,O3,$G$6,$D$6) -> 210.61943 | P12: =IPMT($F$6,P3,$G$6,$D$6) -> 196.81302 | Q12: =IPMT($F$6,Q3,$G$6,$D$6) -> 182.82598 | R12: =IPMT($F$6,R3,$G$6,$D$6) -> 168.65594 | ... AB12: =IPMT($F$6,AB3,$G$6,$D$6) -> 16.348126
B13: 10 | C13: BBVA | D13: -24698.483 | E13: 0.037 | F13: =(Supuestos!$M$16+Leasing!E13)/12 -> 0.013083333 | G13: 21 | H13: =PMT(F13,G13,D13) -> 1352.706 | J13: CAPITAL | K13: =$H$6-K12 -> 1001.8015 | L13: =$H$6-L12 -> 1014.9084 | M13: =$H$6-M12 -> 1028.1868 | N13: =$H$6-N12 -> 1041.6389 | O13: =$H$6-O12 -> 1055.267 | P13: =$H$6-P12 -> 1069.0734 | Q13: =$H$6-Q12 -> 1083.0604 | R13: =$H$6-R12 -> 1097.2305 | ... AB13: =$H$6-AB12 -> 1249.5383
B14: 11 | C14: BBVA | D14: -2697.349 | E14: 0.037 | F14: =(Supuestos!$M$16+Leasing!E14)/12 -> 0.013083333 | G14: 9 | H14: =PMT(F14,G14,D14) -> 319.65089 | J14: SALDO | K14: =D6+K13 -> -19183.035 | L14: =K14+L13 -> -18168.126 | M14: =L14+M13 -> -17139.939 | N14: =M14+N13 -> -16098.301 | O14: =N14+O13 -> -15043.034 | P14: =O14+P13 -> -13973.96 | Q14: =P14+Q13 -> -12890.9 | R14: =Q14+R13 -> -11793.669 | S14: =R14+S13 -> -10682.083 | ... AB14: =AA14+AB13 -> 0
B15: 12 | C15: BBVA | D15: -15631.504 | E15: 0.037 | F15: =(Supuestos!$M$16+Leasing!E15)/12 -> 0.013083333 | G15: 9 | H15: =PMT(F15,G15,D15) -> 1852.4203 | J15: BBVA 5
J16: INTERESES | K16: =IPMT($F$8,K3,$G$8,$D$8) -> 38.995739 | L16: =IPMT($F$8,L3,$G$8,$D$8) -> 37.174542 | M16: =IPMT($F$8,M3,$G$8,$D$8) -> 35.329517 | N16: =IPMT($F$8,N3,$G$8,$D$8) -> 33.460354 | O16: =IPMT($F$8,O3,$G$8,$D$8) -> 31.566736 | P16: =IPMT($F$8,P3,$G$8,$D$8) -> 29.648343 | Q16: =IPMT($F$8,Q3,$G$8,$D$8) -> 27.704851 | R16: =IPMT($F$8,R3,$G$8,$D$8) -> 25.735932 | ... AC16: =IPMT($F$8,AC3,$G$8,$D$8) -> 2.3012827
J17: CAPITAL | K17: =$H$8-K16 -> 139.19976 | L17: =$H$8-L16 -> 141.02096 | M17: =$H$8-M16 -> 142.86598 | N17: =$H$8-N16 -> 144.73514 | O17: =$H$8-O16 -> 146.62876 | P17: =$H$8-P16 -> 148.54716 | Q17: =$H$8-Q16 -> 150.49065 | R17: =$H$8-R16 -> 152.45957 | ... AC17: =$H$8-AC16 -> 175.89422
J18: SALDO | K18: =D8+K17 -> -2841.3662 | L18: =K18+L17 -> -2700.3453 | M18: =L18+M17 -> -2557.4793 | N18: =M18+N17 -> -2412.7442 | O18: =N18+O17 -> -2266.1154 | P18: =O18+P17 -> -2117.5682 | Q18: =P18+Q17 -> -1967.0776 | R18: =Q18+R17 -> -1814.618 | S18: =R18+S17 -> -1660.1638 | ... AC18: =AB18+AC17 -> 2.8421709e-13
J19: BBVA 6
J20: INTERESES | K20: =IPMT($F$9,K3,$G$9,$D$9) -> 264.59079 | L20: =IPMT($F$9,L3,$G$9,$D$9) -> 252.23375 | M20: =IPMT($F$9,M3,$G$9,$D$9) -> 239.71504 | N20: =IPMT($F$9,N3,$G$9,$D$9) -> 227.03254 | O20: =IPMT($F$9,O3,$G$9,$D$9) -> 214.18411 | P20: =IPMT($F$9,P3,$G$9,$D$9) -> 201.16759 | Q20: =IPMT($F$9,Q3,$G$9,$D$9) -> 187.98076 | R20: =IPMT($F$9,R3,$G$9,$D$9) -> 174.6214 | ... AC20: =IPMT($F$9,AC3,$G$9,$D$9) -> 15.614481
J21: CAPITAL | K21: =$H$9-K20 -> 944.48717 | L21: =$H$9-L20 -> 956.84421 | M21: =$H$9-M20 -> 969.36292 | N21: =$H$9-N20 -> 982.04542 | O21: =$H$9-O20 -> 994.89385 | P21: =$H$9-P20 -> 1007.9104 | Q21: =$H$9-Q20 -> 1021.0972 | R21: =$H$9-R20 -> 1034.4566 | ... AC21: =$H$9-AC20 -> 1193.4635
J22: SALDO | K22: =D9+K21 -> -19279.013 | L22: =K22+L21 -> -18322.169 | M22: =L22+M21 -> -17352.806 | N22: =M22+N21 -> -16370.76 | O22: =N22+O21 -> -15375.866 | P22: =O22+P21 -> -14367.956 | Q22: =P22+Q21 -> -13346.859 | R22: =Q22+R21 -> -12312.402 | S22: =R22+S21 -> -11264.412 | ... AC22: =AB22+AC21 -> 0
J23: BBVA 7
J24: INTERESES | K24: =IPMT($F$10,K3,$G$10,$D$10) -> 123.79505 | L24: =IPMT($F$10,L3,$G$10,$D$10) -> 83.065239 | M24: =IPMT($F$10,M3,$G$10,$D$10) -> 41.802546
J25: CAPITAL | K25: =$H$10-K24 -> 3113.1066 | L25: =$H$10-L24 -> 3153.8364 | M25: =$H$10-M24 -> 3195.0991
J26: SALDO | K26: =D10+K25 -> -6348.9354 | L26: =K26+L25 -> -3195.0991 | M26: =L26+M25 -> 0
J27: BBVA 8
J28: INTERESES | K28: =IPMT($F$11,K3,$G$11,$D$11) -> 19.779449 | L28: =IPMT($F$11,L3,$G$11,$D$11) -> 17.694255 | M28: =IPMT($F$11,M3,$G$11,$D$11) -> 15.58178 | N28: =IPMT($F$11,N3,$G$11,$D$11) -> 13.441667 | O28: =IPMT($F$11,O3,$G$11,$D$11) -> 11.273553 | P28: =IPMT($F$11,P3,$G$11,$D$11) -> 9.0770742 | Q28: =IPMT($F$11,Q3,$G$11,$D$11) -> 6.8518577 | R28: =IPMT($F$11,R3,$G$11,$D$11) -> 4.5975279 | S28: =IPMT($F$11,S3,$G$11,$D$11) -> 2.313704
J29: CAPITAL | K29: =$H$11-K28 -> 159.37787 | L29: =$H$11-L28 -> 161.46306 | M29: =$H$11-M28 -> 163.57554 | N29: =$H$11-N28 -> 165.71565 | O29: =$H$11-O28 -> 167.88377 | P29: =$H$11-P28 -> 170.08024 | Q29: =$H$11-Q28 -> 172.30546 | R29: =$H$11-R28 -> 174.55979 | S29: =$H$11-S28 -> 176.84361
J30: SALDO | K30: =D11+K29 -> -1352.4271 | L30: =K30+L29 -> -1190.9641 | M30: =L30+M29 -> -1027.3885 | N30: =M30+N29 -> -861.67288 | O30: =N30+O29 -> -693.78911 | P30: =O30+P29 -> -523.70887 | Q30: =P30+Q29 -> -351.40341 | R30: =Q30+R29 -> -176.84361 | S30: =R30+S29 -> 0
J31: BBVA 9
J32: INTERESES | K32: =IPMT($F$12,K3,$G$12,$D$12) -> 179.10788 | L32: =IPMT($F$12,L3,$G$12,$D$12) -> 171.21498 | M32: =IPMT($F$12,M3,$G$12,$D$12) -> 163.21882 | N32: =IPMT($F$12,N3,$G$12,$D$12) -> 155.11804 | O32: =IPMT($F$12,O3,$G$12,$D$12) -> 146.91128 | P32: =IPMT($F$12,P3,$G$12,$D$12) -> 138.59715 | Q32: =IPMT($F$12,Q3,$G$12,$D$12) -> 130.17424 | R32: =IPMT($F$12,R3,$G$12,$D$12) -> 121.64113 | ... AD32: =IPMT($F$12,AD3,$G$12,$D$12) -> 10.104029
J33: CAPITAL | K33: =$H$12-K32 -> 603.27861 | L33: =$H$12-L32 -> 611.17151 | M33: =$H$12-M32 -> 619.16767 | N33: =$H$12-N32 -> 627.26845 | O33: =$H$12-O32 -> 635.47521 | P33: =$H$12-P32 -> 643.78934 | Q33: =$H$12-Q32 -> 652.21225 | R33: =$H$12-R32 -> 660.74536 | ... AD33: =$H$12-AD32 -> 772.28246
J34: SALDO | K34: =D12+K33 -> -13086.495 | L34: =K34+L33 -> -12475.324 | M34: =L34+M33 -> -11856.156 | N34: =M34+N33 -> -11228.888 | O34: =N34+O33 -> -10593.413 | P34: =O34+P33 -> -9949.6232 | Q34: =P34+Q33 -> -9297.411 | R34: =Q34+R33 -> -8636.6656 | S34: =R34+S33 -> -7967.2755 | ... AD34: =AC34+AD33 -> 2.6147973e-12
J35: BBVA 10
J36: INTERESES | K36: =IPMT($F$13,K3,$G$13,$D$13) -> 323.13849 | L36: =IPMT($F$13,L3,$G$13,$D$13) -> 309.66831 | M36: =IPMT($F$13,M3,$G$13,$D$13) -> 296.0219 | N36: =IPMT($F$13,N3,$G$13,$D$13) -> 282.19695 | O36: =IPMT($F$13,O3,$G$13,$D$13) -> 268.19112 | P36: =IPMT($F$13,P3,$G$13,$D$13) -> 254.00205 | Q36: =IPMT($F$13,Q3,$G$13,$D$13) -> 239.62734 | R36: =IPMT($F$13,R3,$G$13,$D$13) -> 225.06456 | ... AE36: =IPMT($F$13,AE3,$G$13,$D$13) -> 17.469346
J37: CAPITAL | K37: =$H$13-K36 -> 1029.5675 | L37: =$H$13-L36 -> 1043.0377 | M37: =$H$13-M36 -> 1056.6841 | N37: =$H$13-N36 -> 1070.5091 | O37: =$H$13-O36 -> 1084.5149 | P37: =$H$13-P36 -> 1098.704 | Q37: =$H$13-Q36 -> 1113.0787 | R37: =$H$13-R36 -> 1127.6415 | ... AE37: =$H$13-AE36 -> 1335.2367
J38: SALDO | K38: =D13+K37 -> -23668.915 | L38: =K38+L37 -> -22625.878 | M38: =L38+M37 -> -21569.194 | N38: =M38+N37 -> -20498.685 | O38: =N38+O37 -> -19414.17 | P38: =O38+P37 -> -18315.466 | Q38: =P38+Q37 -> -17202.387 | R38: =Q38+R37 -> -16074.746 | S38: =R38+S37 -> -14932.351 | ... AE38: =AD38+AE37 -> 6.5938366e-12
J39: BBVA 11
J40: INTERESES | K40: =IPMT($F$14,K3,$G$14,$D$14) -> 35.290316 | L40: =IPMT($F$14,L3,$G$14,$D$14) -> 31.569932 | M40: =IPMT($F$14,M3,$G$14,$D$14) -> 27.800873 | N40: =IPMT($F$14,N3,$G$14,$D$14) -> 23.982502 | O40: =IPMT($F$14,O3,$G$14,$D$14) -> 20.114174 | P40: =IPMT($F$14,P3,$G$14,$D$14) -> 16.195235 | Q40: =IPMT($F$14,Q3,$G$14,$D$14) -> 12.225023 | R40: =IPMT($F$14,R3,$G$14,$D$14) -> 8.2028683 | S40: =IPMT($F$14,S3,$G$14,$D$14) -> 4.12809
J41: CAPITAL | K41: =$H$14-K40 -> 284.36057 | L41: =$H$14-L40 -> 288.08096 | M41: =$H$14-M40 -> 291.85002 | N41: =$H$14-N40 -> 295.66839 | O41: =$H$14-O40 -> 299.53672 | P41: =$H$14-P40 -> 303.45566 | Q41: =$H$14-Q40 -> 307.42587 | R41: =$H$14-R40 -> 311.44802 | S41: =$H$14-S40 -> 315.5228
J42: SALDO | K42: =D14+K41 -> -2412.9884 | L42: =K42+L41 -> -2124.9075 | M42: =L42+M41 -> -1833.0574 | N42: =M42+N41 -> -1537.3891 | O42: =N42+O41 -> -1237.8523 | P42: =O42+P41 -> -934.39669 | Q42: =P42+Q41 -> -626.97082 | R42: =Q42+R41 -> -315.5228 | S42: =R42+S41 -> 0
J43: BBVA 11
J44: INTERESES | K44: =IPMT($F$15,K3,$G$15,$D$15) -> 204.51218 | L44: =IPMT($F$15,L3,$G$15,$D$15) -> 182.95205 | M44: =IPMT($F$15,M3,$G$15,$D$15) -> 161.10984 | N44: =IPMT($F$15,N3,$G$15,$D$15) -> 138.98186 | O44: =IPMT($F$15,O3,$G$15,$D$15) -> 116.56437 | P44: =IPMT($F$15,P3,$G$15,$D$15) -> 93.853587 | Q44: =IPMT($F$15,Q3,$G$15,$D$15) -> 70.845672 | R44: =IPMT($F$15,R3,$G$15,$D$15) -> 47.536736 | S44: =IPMT($F$15,S3,$G$15,$D$15) -> 23.922842
J45: CAPITAL | K45: =$H$15-K44 -> 1647.9082 | L45: =$H$15-L44 -> 1669.4683 | M45: =$H$15-M44 -> 1691.3105 | N45: =$H$15-N44 -> 1713.4385 | O45: =$H$15-O44 -> 1735.856 | P45: =$H$15-P44 -> 1758.5668 | Q45: =$H$15-Q44 -> 1781.5747 | R45: =$H$15-R44 -> 1804.8836 | S45: =$H$15-S44 -> 1828.4975
J46: SALDO | K46: =D15+K45 -> -13983.596 | L46: =K46+L45 -> -12314.128 | M46: =L46+M45 -> -10622.817 | N46: =M46+N45 -> -8909.3785 | O46: =N46+O45 -> -7173.5225 | P46: =O46+P45 -> -5414.9558 | Q46: =P46+Q45 -> -3633.3811 | R46: =Q46+R45 -> -1828.4975 | S46: =R46+S45 -> 2.7284841e-12
J48: TOTAL INTERESES | M48: =M4+M8+M12+M16+M20+M24+M28+M32+M36+M40+M44 -> 1598.5995 | N48: =N4+N8+N12+N16+N20+N24+N28+N32+N36+N40+N44 -> 1457.2576 | O48: =O4+O8+O12+O16+O20+O24+O28+O32+O36+O40+O44 -> 1356.4159 | P48: =P4+P8+P12+P16+P20+P24+P28+P32+P36+P40+P44 -> 1254.2549 | Q48: =Q4+Q8+Q12+Q16+Q20+Q24+Q28+Q32+Q36+Q40+Q44 -> 1150.7573 | R48: =R4+R8+R12+R16+R20+R24+R28+R32+R36+R40+R44 -> 1045.9056 | S48: =S4+S8+S12+S16+S20+S24+S28+S32+S36+S40+S44 -> 939.68213 | T48: =T4+T8+T12+T16+T20+T24+T28+T32+T36+T40+T44 -> 832.06887 | ... AE48: =AE4+AE8+AE12+AE16+AE20+AE24+AE28+AE32+AE36+AE40+AE44 -> 17.469346
J49: TOTAL CAPITAL | M49: =M5+M9+M13+M17+M21+M25+M33+M37+M41+M45 -> 10639.626 | N49: =N5+N9+N13+N17+N21+N25+N33+N37+N41+N45 -> 7541.9263 | O49: =O5+O9+O13+O17+O21+O25+O33+O37+O41+O45 -> 7640.5998 | P49: =P5+P9+P13+P17+P21+P25+P33+P37+P41+P45 -> 7740.5643 | Q49: =Q5+Q9+Q13+Q17+Q21+Q25+Q33+Q37+Q41+Q45 -> 7841.8367 | R49: =R5+R9+R13+R17+R21+R25+R33+R37+R41+R45 -> 7944.434 | S49: =S5+S9+S13+S17+S21+S25+S33+S37+S41+S45 -> 8048.3737 | T49: =T5+T9+T13+T17+T21+T25+T33+T37+T41+T45 -> 5981.602 | ... AE49: =AE5+AE9+AE13+AE17+AE21+AE25+AE33+AE37+AE41+AE45 -> 1335.2367
